Workbook
Name dato: #REF!
Name dato_1: #REF!
Name Decision: [1]lista!$A$6:$A$7
Name dep: '[2]Centros Zonales'!$C$245:$C$248
Name gestor: #REF!
Name gestor_1: #REF!
Name hcb: #REF!
Name hcb_1: #REF!
Name hcbf: #REF!
Name hcbf_1: #REF!
Name hg: #REF!
Name hg_1: #REF!
Name macro: '[2]Centros Zonales'!#REF!
Name mod: '[2]Centros Zonales'!#REF!
Name mod_1: [3]Regionales!#REF!
Name moda: '[2]Centros Zonales'!#REF!
Name moda_1: [3]Regionales!#REF!
Name modal: '[2]Centros Zonales'!#REF!
Name modal_1: [3]Regionales!#REF!
Name modalidades: '[2]Centros Zonales'!#REF!
Name modalidades_1: [3]Regionales!#REF!
Name PARTICIPACION: [1]lista!$A$15:$A$17
Name pb: #REF!
Name pb_1: #REF!
Name Procedencia: [1]lista!$A$2:$A$3
Name programa: '[2]Centros Zonales'!#REF!
Name programa_1: [3]Regionales!#REF!
Name region: #REF!
Name region_1: #REF!
Name regional: '[2]Centros Zonales'!#REF!
Name serie: '[2]Centros Zonales'!#REF!
Name serie_1: [3]Regionales!#REF!
Name tipo: [1]lista!$A$11:$A$13
Name vincu: #REF!
Name vincu_1: #REF!

Sheet SDC Vigilancia
C4: EMPRESA: | D4: CONTACTO: | H4: FECHA:
C5: CARGO: | D5: E-MAIL:
C7: NOTA (1) :por favor diligenciar solo las celdas en AMARILLO. se deben llenar todas las casillas.
C8: NOTA (2): Revisar todos los requerimientos que se exponen en el documento "Ficha Tecnica" anexo.
C9: NOTA (3): El valor de la cotización deber ser expresado en PESOS COLOMBIANOS.
C10: NOTA (4): Asignar precio MENSUAL sin incluir el IVA para cada ítem de los medios tecnológicos para cada una de las regionales
C11: NOTA (5): Los valores unitarios deberán aproximarse por exceso o por defecto al entero más cercano. si la cifra no está aproximada y aparece con 50 centavos, el ICBF aproximará al entero inferior
C12: NOTA (6): no modificar , agregar o quitar ningún ítem o subitem
D13: 2013 | E13: 2014 (*)
C14: TIEMPO DE EJECUCIÓN (meses) | D14: 1 | E14: 7
C15: SMLMV (*) | D15: 589500 | E15: =+D15*(1+3%) -> 607185
D17: AMAZONAS | G17: ANTIOQUIA | J17: ARAUCA | M17: ATLANTICO | P17: BOLIVAR | S17: BOYACA | V17: CALDAS | Y17: CAQUETA | AB17: CASANARE | AE17: CAUCA | AH17: CESAR | AK17: CHOCO | AN17: CORDOBA | AQ17: GUAINIA | AT17: GUAJIRA | AW17: GUAVIARE | AZ17: HUILA | BC17: MAGDALENA | BF17: META | BI17: NORTE DE SANTANDER | BL17: NARIÑO | BO17: PUTUMAYO | BR17: QUINDIO | BU17: RISARALDA | BX17: SAN ANDRES | CA17: SANTANDER | CD17: SUCRE | CG17: TOLIMA | CJ17: VALLE | CM17: VAUPES | CP17: VICHADA
C18: TURNOS (VALOR MENSUAL 2013) | D18: Cantidad | E18: Valor Unitario Mensual Antes de IVA | F18: Valor Total Mensual Antes de IVA | G18: Cantidad | H18: Valor Unitario Mensual Antes de IVA | I18: Valor Total Mensual Antes de IVA | J18: Cantidad | K18: Valor Unitario Mensual Antes de IVA | L18: Valor Total Mensual Antes de IVA | M18: Cantidad | N18: Valor Unitario Mensual Antes de IVA | O18: Valor Total Mensual Antes de IVA | P18: Cantidad | Q18: Valor Unitario Mensual Antes de IVA | R18: Valor Total Mensual Antes de IVA | S18: Cantidad | T18: Valor Unitario Mensual Antes de IVA | U18: Valor Total Mensual Antes de IVA | V18: Cantidad | W18: Valor Unitario Mensual Antes de IVA | X18: Valor Total Mensual Antes de IVA | Y18: Cantidad | Z18: Valor Unitario Mensual Antes de IVA | AA18: Valor Total Mensual Antes de IVA | AB18: Cantidad | AC18: Valor Unitario Mensual Antes de IVA | AD18: Valor Total Mensual Antes de IVA | AE18: Cantidad | AF18: Valor Unitario Mensual Antes de IVA | AG18: Valor Total Mensual Antes de IVA | AH18: Cantidad | AI18: Valor Unitario Mensual Antes de IVA | AJ18: Valor Total Mensual Antes de IVA | AK18: Cantidad | AL18: Valor Unitario Mensual Antes de IVA | AM18: Valor Total Mensual Antes de IVA | AN18: Cantidad | AO18: Valor Unitario Mensual Antes de IVA | AP18: Valor Total Mensual Antes de IVA | AQ18: Cantidad | AR18: Valor Unitario Mensual Antes de IVA | AS18: Valor Total Mensual Antes de IVA | AT18: Cantidad | AU18: Valor Unitario Mensual Antes de IVA | AV18: Valor Total Mensual Antes de IVA | AW18: Cantidad | AX18: Valor Unitario Mensual Antes de IVA | AY18: Valor Total Mensual Antes de IVA | AZ18: Cantidad | BA18: Valor Unitario Mensual Antes de IVA | BB18: Valor Total Mensual Antes de IVA | BC18: Cantidad | BD18: Valor Unitario Mensual Antes de IVA | BE18: Valor Total Mensual Antes de IVA | BF18: Cantidad | BG18: Valor Unitario Mensual Antes de IVA | BH18: Valor Total Mensual Antes de IVA | BI18: Cantidad | BJ18: Valor Unitario Mensual Antes de IVA | BK18: Valor Total Mensual Antes de IVA | BL18: Cantidad | BM18: Valor Unitario Mensual Antes de IVA | BN18: Valor Total Mensual Antes de IVA | BO18: Cantidad | BP18: Valor Unitario Mensual Antes de IVA | BQ18: Valor Total Mensual Antes de IVA | BR18: Cantidad | BS18: Valor Unitario Mensual Antes de IVA | BT18: Valor Total Mensual Antes de IVA | BU18: Cantidad | BV18: Valor Unitario Mensual Antes de IVA | BW18: Valor Total Mensual Antes de IVA | BX18: Cantidad | BY18: Valor Unitario Mensual Antes de IVA | BZ18: Valor Total Mensual Antes de IVA | CA18: Cantidad | CB18: Valor Unitario Mensual Antes de IVA | CC18: Valor Total Mensual Antes de IVA | CD18: Cantidad | CE18: Valor Unitario Mensual Antes de IVA | CF18: Valor Total Mensual Antes de IVA | CG18: Cantidad | CH18: Valor Unitario Mensual Antes de IVA | CI18: Valor Total Mensual Antes de IVA | CJ18: Cantidad | CK18: Valor Unitario Mensual Antes de IVA | CL18: Valor Total Mensual Antes de IVA | CM18: Cantidad | CN18: Valor Unitario Mensual Antes de IVA | CO18: Valor Total Mensual Antes de IVA | CP18: Cantidad | CQ18: Valor Unitario Mensual Antes de IVA | CR18: Valor Total Mensual Antes de IVA
A19: 24 | B19: 1 | C19: 24 HORAS - CON ARMA - L A D - FUNCIONAMIENTO | D19: =+HLOOKUP($C19,'Vigilancia 091213'!$G$4:$AF$38,(VLOOKUP(D$17,'Vigilancia 091213'!$B$7:$C$38,2,0)),0) -> 0 | E19: =+IF(D19=0,0,(VLOOKUP($C19,'Guia Circular 015'!$B$19:$H$44,7,0))) -> 0 | F19: =+E19*D19 -> 0 | G19: =+HLOOKUP($C19,'Vigilancia 091213'!$G$4:$AF$38,(VLOOKUP(G$17,'Vigilancia 091213'!$B$7:$C$38,2,0)),0) -> 1 | H19: =+IF(G19=0,0,(VLOOKUP($C19,'Guia Circular 015'!$B$19:$H$44,7,0))) -> 5706360 | I19: =+H19*G19 -> 5706360 | J19: =+HLOOKUP($C19,'Vigilancia 091213'!$G$4:$AF$38,(VLOOKUP(J$17,'Vigilancia 091213'!$B$7:$C$38,2,0)),0) -> 0 | K19: =+IF(J19=0,0,(VLOOKUP($C19,'Guia Circular 015'!$B$19:$H$44,7,0))) -> 0 | L19: =+K19*J19 -> 0 | M19: =+HLOOKUP($C19,'Vigilancia 091213'!$G$4:$AF$38,(VLOOKUP(M$17,'Vigilancia 091213'!$B$7:$C$38,2,0)),0) -> 1 | N19: =+IF(M19=0,0,(VLOOKUP($C19,'Guia Circular 015'!$B$19:$H$44,7,0))) -> 5706360 | O19: =+N19*M19 -> 5706360 | P19: =+HLOOKUP($C19,'Vigilancia 091213'!$G$4:$AF$38,(VLOOKUP(P$17,'Vigilancia 091213'!$B$7:$C$38,2,0)),0) -> 1 | Q19: =+IF(P19=0,0,(VLOOKUP($C19,'Guia Circular 015'!$B$19:$H$44,7,0))) -> 5706360 | R19: =+Q19*P19 -> 5706360 | S19: =+HLOOKUP($C19,'Vigilancia 091213'!$G$4:$AF$38,(VLOOKUP(S$17,'Vigilancia 091213'!$B$7:$C$38,2,0)),0) -> 1 | T19: =+IF(S19=0,0,(VLOOKUP($C19,'Guia Circular 015'!$B$19:$H$44,7,0))) -> 5706360 | U19: =+T19*S19 -> 5706360 | V19: =+HLOOKUP($C19,'Vigilancia 091213'!$G$4:$AF$38,(VLOOKUP(V$17,'Vigilancia 091213'!$B$7:$C$38,2,0)),0) -> 1 | W19: =+IF(V19=0,0,(VLOOKUP($C19,'Guia Circular 015'!$B$19:$H$44,7,0))) -> 5706360 | X19: =+W19*V19 -> 5706360 | Y19: =+HLOOKUP($C19,'Vigilancia 091213'!$G$4:$AF$38,(VLOOKUP(Y$17,'Vigilancia 091213'!$B$7:$C$38,2,0)),0) -> 1 | Z19: =+IF(Y19=0,0,(VLOOKUP($C19,'Guia Circular 015'!$B$19:$H$44,7,0))) -> 5706360 | AA19: =+Z19*Y19 -> 5706360 | AB19: =+HLOOKUP($C19,'Vigilancia 091213'!$G$4:$AF$38,(VLOOKUP(AB$17,'Vigilancia 091213'!$B$7:$C$38,2,0)),0) -> 1 | AC19: =+IF(AB19=0,0,(VLOOKUP($C19,'Guia Circular 015'!$B$19:$H$44,7,0))) -> 5706360 | AD19: =+AC19*AB19 -> 5706360 | AE19: =+HLOOKUP($C19,'Vigilancia 091213'!$G$4:$AF$38,(VLOOKUP(AE$17,'Vigilancia 091213'!$B$7:$C$38,2,0)),0) -> 1 | AF19: =+IF(AE19=0,0,(VLOOKUP($C19,'Guia Circular 015'!$B$19:$H$44,7,0))) -> 5706360 | AG19: =+AF19*AE19 -> 5706360 | AH19: =+HLOOKUP($C19,'Vigilancia 091213'!$G$4:$AF$38,(VLOOKUP(AH$17,'Vigilancia 091213'!$B$7:$C$38,2,0)),0) -> 0 | AI19: =+IF(AH19=0,0,(VLOOKUP($C19,'Guia Circular 015'!$B$19:$H$44,7,0))) -> 0 | AJ19: =+AI19*AH19 -> 0 | AK19: =+HLOOKUP($C19,'Vigilancia 091213'!$G$4:$AF$38,(VLOOKUP(AK$17,'Vigilancia 091213'!$B$7:$C$38,2,0)),0) -> 1 | AL19: =+IF(AK19=0,0,(VLOOKUP($C19,'Guia Circular 015'!$B$19:$H$44,7,0))) -> 5706360 | AM19: =+AL19*AK19 -> 5706360 | AN19: =+HLOOKUP($C19,'Vigilancia 091213'!$G$4:$AF$38,(VLOOKUP(AN$17,'Vigilancia 091213'!$B$7:$C$38,2,0)),0) -> 1 | AO19: =+IF(AN19=0,0,(VLOOKUP($C19,'Guia Circular 015'!$B$19:$H$44,7,0))) -> 5706360 | AP19: =+AO19*AN19 -> 5706360 | AQ19: =+HLOOKUP($C19,'Vigilancia 091213'!$G$4:$AF$38,(VLOOKUP(AQ$17,'Vigilancia 091213'!$B$7:$C$38,2,0)),0) -> 0 | AR19: =+IF(AQ19=0,0,(VLOOKUP($C19,'Guia Circular 015'!$B$19:$H$44,7,0))) -> 0 | AS19: =+AR19*AQ19 -> 0 | AT19: =+HLOOKUP($C19,'Vigilancia 091213'!$G$4:$AF$38,(VLOOKUP(AT$17,'Vigilancia 091213'!$B$7:$C$38,2,0)),0) -> 1 | AU19: =+IF(AT19=0,0,(VLOOKUP($C19,'Guia Circular 015'!$B$19:$H$44,7,0))) -> 5706360 | AV19: =+AU19*AT19 -> 5706360 | AW19: =+HLOOKUP($C19,'Vigilancia 091213'!$G$4:$AF$38,(VLOOKUP(AW$17,'Vigilancia 091213'!$B$7:$C$38,2,0)),0) -> 0 | AX19: =+IF(AW19=0,0,(VLOOKUP($C19,'Guia Circular 015'!$B$19:$H$44,7,0))) -> 0 | AY19: =+AX19*AW19 -> 0 | AZ19: =+HLOOKUP($C19,'Vigilancia 091213'!$G$4:$AF$38,(VLOOKUP(AZ$17,'Vigilancia 091213'!$B$7:$C$38,2,0)),0) -> 1 | BA19: =+IF(AZ19=0,0,(VLOOKUP($C19,'Guia Circular 015'!$B$19:$H$44,7,0))) -> 5706360 | BB19: =+BA19*AZ19 -> 5706360 | BC19: =+HLOOKUP($C19,'Vigilancia 091213'!$G$4:$AF$38,(VLOOKUP(BC$17,'Vigilancia 091213'!$B$7:$C$38,2,0)),0) -> 1 | BD19: =+IF(BC19=0,0,(VLOOKUP($C19,'Guia Circular 015'!$B$19:$H$44,7,0))) -> 5706360 | BE19: =+BD19*BC19 -> 5706360 | BF19: =+HLOOKUP($C19,'Vigilancia 091213'!$G$4:$AF$38,(VLOOKUP(BF$17,'Vigilancia 091213'!$B$7:$C$38,2,0)),0) -> 1 | BG19: =+IF(BF19=0,0,(VLOOKUP($C19,'Guia Circular 015'!$B$19:$H$44,7,0))) -> 5706360 | BH19: =+BG19*BF19 -> 5706360 | BI19: =+HLOOKUP($C19,'Vigilancia 091213'!$G$4:$AF$38,(VLOOKUP(BI$17,'Vigilancia 091213'!$B$7:$C$38,2,0)),0) -> 1 | BJ19: =+IF(BI19=0,0,(VLOOKUP($C19,'Guia Circular 015'!$B$19:$H$44,7,0))) -> 5706360 | BK19: =+BJ19*BI19 -> 5706360 | BL19: =+HLOOKUP($C19,'Vigilancia 091213'!$G$4:$AF$38,(VLOOKUP(BL$17,'Vigilancia 091213'!$B$7:$C$38,2,0)),0) -> 1 | BM19: =+IF(BL19=0,0,(VLOOKUP($C19,'Guia Circular 015'!$B$19:$H$44,7,0))) -> 5706360 | BN19: =+BM19*BL19 -> 5706360 | BO19: =+HLOOKUP($C19,'Vigilancia 091213'!$G$4:$AF$38,(VLOOKUP(BO$17,'Vigilancia 091213'!$B$7:$C$38,2,0)),0) -> 0 | BP19: =+IF(BO19=0,0,(VLOOKUP($C19,'Guia Circular 015'!$B$19:$H$44,7,0))) -> 0 | BQ19: =+BP19*BO19 -> 0 | BR19: =+HLOOKUP($C19,'Vigilancia 091213'!$G$4:$AF$38,(VLOOKUP(BR$17,'Vigilancia 091213'!$B$7:$C$38,2,0)),0) -> 1 | BS19: =+IF(BR19=0,0,(VLOOKUP($C19,'Guia Circular 015'!$B$19:$H$44,7,0))) -> 5706360 | BT19: =+BS19*BR19 -> 5706360 | BU19: =+HLOOKUP($C19,'Vigilancia 091213'!$G$4:$AF$38,(VLOOKUP(BU$17,'Vigilancia 091213'!$B$7:$C$38,2,0)),0) -> 1 | BV19: =+IF(BU19=0,0,(VLOOKUP($C19,'Guia Circular 015'!$B$19:$H$44,7,0))) -> 5706360 | BW19: =+BV19*BU19 -> 5706360 | BX19: =+HLOOKUP($C19,'Vigilancia 091213'!$G$4:$AF$38,(VLOOKUP(BX$17,'Vigilancia 091213'!$B$7:$C$38,2,0)),0) -> 0 | BY19: =+IF(BX19=0,0,(VLOOKUP($C19,'Guia Circular 015'!$B$19:$H$44,7,0))) -> 0 | BZ19: =+BY19*BX19 -> 0 | CA19: =+HLOOKUP($C19,'Vigilancia 091213'!$G$4:$AF$38,(VLOOKUP(CA$17,'Vigilancia 091213'!$B$7:$C$38,2,0)),0) -> 1 | CB19: =+IF(CA19=0,0,(VLOOKUP($C19,'Guia Circular 015'!$B$19:$H$44,7,0))) -> 5706360 | CC19: =+CB19*CA19 -> 5706360 | CD19: =+HLOOKUP($C19,'Vigilancia 091213'!$G$4:$AF$38,(VLOOKUP(CD$17,'Vigilancia 091213'!$B$7:$C$38,2,0)),0) -> 1 | CE19: =+IF(CD19=0,0,(VLOOKUP($C19,'Guia Circular 015'!$B$19:$H$44,7,0))) -> 5706360 | CF19: =+CE19*CD19 -> 5706360 | CG19: =+HLOOKUP($C19,'Vigilancia 091213'!$G$4:$AF$38,(VLOOKUP(CG$17,'Vigilancia 091213'!$B$7:$C$38,2,0)),0) -> 1 | CH19: =+IF(CG19=0,0,(VLOOKUP($C19,'Guia Circular 015'!$B$19:$H$44,7,0))) -> 5706360 | CI19: =+CH19*CG19 -> 5706360 | CJ19: =+HLOOKUP($C19,'Vigilancia 091213'!$G$4:$AF$38,(VLOOKUP(CJ$17,'Vigilancia 091213'!$B$7:$C$38,2,0)),0) -> 1 | CK19: =+IF(CJ19=0,0,(VLOOKUP($C19,'Guia Circular 015'!$B$19:$H$44,7,0))) -> 5706360 | CL19: =+CK19*CJ19 -> 5706360 | CM19: =+HLOOKUP($C19,'Vigilancia 091213'!$G$4:$AF$38,(VLOOKUP(CM$17,'Vigilancia 091213'!$B$7:$C$38,2,0)),0) -> 0 | CN19: =+IF(CM19=0,0,(VLOOKUP($C19,'Guia Circular 015'!$B$19:$H$44,7,0))) -> 0 | CO19: =+CN19*CM19 -> 0 | CP19: =+HLOOKUP($C19,'Vigilancia 091213'!$G$4:$AF$38,(VLOOKUP(CP$17,'Vigilancia 091213'!$B$7:$C$38,2,0)),0) -> 1 | CQ19: =+IF(CP19=0,0,(VLOOKUP($C19,'Guia Circular 015'!$B$19:$H$44,7,0))) -> 5706360 | CR19: =+CQ19*CP19 -> 5706360
A20: 24 | B20: 2 | C20: 24 HORAS - CON ARMA - L A D - INVERSION | D20: =+HLOOKUP($C20,'Vigilancia 091213'!$G$4:$AF$38,(VLOOKUP(D$17,'Vigilancia 091213'!$B$7:$C$38,2,0)),0) -> 0 | E20: =+IF(D20=0,0,(VLOOKUP($C20,'Guia Circular 015'!$B$19:$H$44,7,0))) -> 0 | F20: =+E20*D20 -> 0 | G20: =+HLOOKUP($C20,'Vigilancia 091213'!$G$4:$AF$38,(VLOOKUP(G$17,'Vigilancia 091213'!$B$7:$C$38,2,0)),0) -> 18 | H20: =+IF(G20=0,0,(VLOOKUP($C20,'Guia Circular 015'!$B$19:$H$44,7,0))) -> 5706360 | I20: =+H20*G20 -> 102714480 | J20: =+HLOOKUP($C20,'Vigilancia 091213'!$G$4:$AF$38,(VLOOKUP(J$17,'Vigilancia 091213'!$B$7:$C$38,2,0)),0) -> 3 | K20: =+IF(J20=0,0,(VLOOKUP($C20,'Guia Circular 015'!$B$19:$H$44,7,0))) -> 5706360 | L20: =+K20*J20 -> 17119080 | M20: =+HLOOKUP($C20,'Vigilancia 091213'!$G$4:$AF$38,(VLOOKUP(M$17,'Vigilancia 091213'!$B$7:$C$38,2,0)),0) -> 13 | N20: =+IF(M20=0,0,(VLOOKUP($C20,'Guia Circular 015'!$B$19:$H$44,7,0))) -> 5706360 | O20: =+N20*M20 -> 74182680 | P20: =+HLOOKUP($C20,'Vigilancia 091213'!$G$4:$AF$38,(VLOOKUP(P$17,'Vigilancia 091213'!$B$7:$C$38,2,0)),0) -> 11 | Q20: =+IF(P20=0,0,(VLOOKUP($C20,'Guia Circular 015'!$B$19:$H$44,7,0))) -> 5706360 | R20: =+Q20*P20 -> 62769960 | S20: =+HLOOKUP($C20,'Vigilancia 091213'!$G$4:$AF$38,(VLOOKUP(S$17,'Vigilancia 091213'!$B$7:$C$38,2,0)),0) -> 14 | T20: =+IF(S20=0,0,(VLOOKUP($C20,'Guia Circular 015'!$B$19:$H$44,7,0))) -> 5706360 | U20: =+T20*S20 -> 79889040 | V20: =+HLOOKUP($C20,'Vigilancia 091213'!$G$4:$AF$38,(VLOOKUP(V$17,'Vigilancia 091213'!$B$7:$C$38,2,0)),0) -> 4 | W20: =+IF(V20=0,0,(VLOOKUP($C20,'Guia Circular 015'!$B$19:$H$44,7,0))) -> 5706360 | X20: =+W20*V20 -> 22825440 | Y20: =+HLOOKUP($C20,'Vigilancia 091213'!$G$4:$AF$38,(VLOOKUP(Y$17,'Vigilancia 091213'!$B$7:$C$38,2,0)),0) -> 5 | Z20: =+IF(Y20=0,0,(VLOOKUP($C20,'Guia Circular 015'!$B$19:$H$44,7,0))) -> 5706360 | AA20: =+Z20*Y20 -> 28531800 | AB20: =+HLOOKUP($C20,'Vigilancia 091213'!$G$4:$AF$38,(VLOOKUP(AB$17,'Vigilancia 091213'!$B$7:$C$38,2,0)),0) -> 4 | AC20: =+IF(AB20=0,0,(VLOOKUP($C20,'Guia Circular 015'!$B$19:$H$44,7,0))) -> 5706360 | AD20: =+AC20*AB20 -> 22825440 | AE20: =+HLOOKUP($C20,'Vigilancia 091213'!$G$4:$AF$38,(VLOOKUP(AE$17,'Vigilancia 091213'!$B$7:$C$38,2,0)),0) -> 7 | AF20: =+IF(AE20=0,0,(VLOOKUP($C20,'Guia Circular 015'!$B$19:$H$44,7,0))) -> 5706360 | AG20: =+AF20*AE20 -> 39944520 | AH20: =+HLOOKUP($C20,'Vigilancia 091213'!$G$4:$AF$38,(VLOOKUP(AH$17,'Vigilancia 091213'!$B$7:$C$38,2,0)),0) -> 9 | AI20: =+IF(AH20=0,0,(VLOOKUP($C20,'Guia Circular 015'!$B$19:$H$44,7,0))) -> 5706360 | AJ20: =+AI20*AH20 -> 51357240 | AK20: =+HLOOKUP($C20,'Vigilancia 091213'!$G$4:$AF$38,(VLOOKUP(AK$17,'Vigilancia 091213'!$B$7:$C$38,2,0)),0) -> 8 | AL20: =+IF(AK20=0,0,(VLOOKUP($C20,'Guia Circular 015'!$B$19:$H$44,7,0))) -> 5706360 | AM20: =+AL20*AK20 -> 45650880 | AN20: =+HLOOKUP($C20,'Vigilancia 091213'!$G$4:$AF$38,(VLOOKUP(AN$17,'Vigilancia 091213'!$B$7:$C$38,2,0)),0) -> 9 | AO20: =+IF(AN20=0,0,(VLOOKUP($C20,'Guia Circular 015'!$B$19:$H$44,7,0))) -> 5706360 | AP20: =+AO20*AN20 -> 51357240 | AQ20: =+HLOOKUP($C20,'Vigilancia 091213'!$G$4:$AF$38,(VLOOKUP(AQ$17,'Vigilancia 091213'!$B$7:$C$38,2,0)),0) -> 1 | AR20: =+IF(AQ20=0,0,(VLOOKUP($C20,'Guia Circular 015'!$B$19:$H$44,7,0))) -> 5706360 | AS20: =+AR20*AQ20 -> 5706360 | AT20: =+HLOOKUP($C20,'Vigilancia 091213'!$G$4:$AF$38,(VLOOKUP(AT$17,'Vigilancia 091213'!$B$7:$C$38,2,0)),0) -> 5 | AU20: =+IF(AT20=0,0,(VLOOKUP($C20,'Guia Circular 015'!$B$19:$H$44,7,0))) -> 5706360 | AV20: =+AU20*AT20 -> 28531800 | AW20: =+HLOOKUP($C20,'Vigilancia 091213'!$G$4:$AF$38,(VLOOKUP(AW$17,'Vigilancia 091213'!$B$7:$C$38,2,0)),0) -> 1 | AX20: =+IF(AW20=0,0,(VLOOKUP($C20,'Guia Circular 015'!$B$19:$H$44,7,0))) -> 5706360 | AY20: =+AX20*AW20 -> 5706360 | AZ20: =+HLOOKUP($C20,'Vigilancia 091213'!$G$4:$AF$38,(VLOOKUP(AZ$17,'Vigilancia 091213'!$B$7:$C$38,2,0)),0) -> 7 | BA20: =+IF(AZ20=0,0,(VLOOKUP($C20,'Guia Circular 015'!$B$19:$H$44,7,0))) -> 5706360 | BB20: =+BA20*AZ20 -> 39944520 | BC20: =+HLOOKUP($C20,'Vigilancia 091213'!$G$4:$AF$38,(VLOOKUP(BC$17,'Vigilancia 091213'!$B$7:$C$38,2,0)),0) -> 8 | BD20: =+IF(BC20=0,0,(VLOOKUP($C20,'Guia Circular 015'!$B$19:$H$44,7,0))) -> 5706360 | BE20: =+BD20*BC20 -> 45650880 | BF20: =+HLOOKUP($C20,'Vigilancia 091213'!$G$4:$AF$38,(VLOOKUP(BF$17,'Vigilancia 091213'!$B$7:$C$38,2,0)),0) -> 8 | BG20: =+IF(BF20=0,0,(VLOOKUP($C20,'Guia Circular 015'!$B$19:$H$44,7,0))) -> 5706360 | BH20: =+BG20*BF20 -> 45650880 | BI20: =+HLOOKUP($C20,'Vigilancia 091213'!$G$4:$AF$38,(VLOOKUP(BI$17,'Vigilancia 091213'!$B$7:$C$38,2,0)),0) -> 10 | BJ20: =+IF(BI20=0,0,(VLOOKUP($C20,'Guia Circular 015'!$B$19:$H$44,7,0))) -> 5706360 | BK20: =+BJ20*BI20 -> 57063600 | BL20: =+HLOOKUP($C20,'Vigilancia 091213'!$G$4:$AF$38,(VLOOKUP(BL$17,'Vigilancia 091213'!$B$7:$C$38,2,0)),0) -> 12 | BM20: =+IF(BL20=0,0,(VLOOKUP($C20,'Guia Circular 015'!$B$19:$H$44,7,0))) -> 5706360 | BN20: =+BM20*BL20 -> 68476320 | BO20: =+HLOOKUP($C20,'Vigilancia 091213'!$G$4:$AF$38,(VLOOKUP(BO$17,'Vigilancia 091213'!$B$7:$C$38,2,0)),0) -> 1 | BP20: =+IF(BO20=0,0,(VLOOKUP($C20,'Guia Circular 015'!$B$19:$H$44,7,0))) -> 5706360 | BQ20: =+BP20*BO20 -> 5706360 | BR20: =+HLOOKUP($C20,'Vigilancia 091213'!$G$4:$AF$38,(VLOOKUP(BR$17,'Vigilancia 091213'!$B$7:$C$38,2,0)),0) -> 4 | BS20: =+IF(BR20=0,0,(VLOOKUP($C20,'Guia Circular 015'!$B$19:$H$44,7,0))) -> 5706360 | BT20: =+BS20*BR20 -> 22825440 | BU20: =+HLOOKUP($C20,'Vigilancia 091213'!$G$4:$AF$38,(VLOOKUP(BU$17,'Vigilancia 091213'!$B$7:$C$38,2,0)),0) -> 5 | BV20: =+IF(BU20=0,0,(VLOOKUP($C20,'Guia Circular 015'!$B$19:$H$44,7,0))) -> 5706360 | BW20: =+BV20*BU20 -> 28531800 | BX20: =+HLOOKUP($C20,'Vigilancia 091213'!$G$4:$AF$38,(VLOOKUP(BX$17,'Vigilancia 091213'!$B$7:$C$38,2,0)),0) -> 0 | BY20: =+IF(BX20=0,0,(VLOOKUP($C20,'Guia Circular 015'!$B$19:$H$44,7,0))) -> 0 | BZ20: =+BY20*BX20 -> 0 | CA20: =+HLOOKUP($C20,'Vigilancia 091213'!$G$4:$AF$38,(VLOOKUP(CA$17,'Vigilancia 091213'!$B$7:$C$38,2,0)),0) -> 10 | CB20: =+IF(CA20=0,0,(VLOOKUP($C20,'Guia Circular 015'!$B$19:$H$44,7,0))) -> 5706360 | CC20: =+CB20*CA20 -> 57063600 | CD20: =+HLOOKUP($C20,'Vigilancia 091213'!$G$4:$AF$38,(VLOOKUP(CD$17,'Vigilancia 091213'!$B$7:$C$38,2,0)),0) -> 4 | CE20: =+IF(CD20=0,0,(VLOOKUP($C20,'Guia Circular 015'!$B$19:$H$44,7,0))) -> 5706360 | CF20: =+CE20*CD20 -> 22825440 | CG20: =+HLOOKUP($C20,'Vigilancia 091213'!$G$4:$AF$38,(VLOOKUP(CG$17,'Vigilancia 091213'!$B$7:$C$38,2,0)),0) -> 13 | CH20: =+IF(CG20=0,0,(VLOOKUP($C20,'Guia Circular 015'!$B$19:$H$44,7,0))) -> 5706360 | CI20: =+CH20*CG20 -> 74182680 | CJ20: =+HLOOKUP($C20,'Vigilancia 091213'!$G$4:$AF$38,(VLOOKUP(CJ$17,'Vigilancia 091213'!$B$7:$C$38,2,0)),0) -> 18 | CK20: =+IF(CJ20=0,0,(VLOOKUP($C20,'Guia Circular 015'!$B$19:$H$44,7,0))) -> 5706360 | CL20: =+CK20*CJ20 -> 102714480 | CM20: =+HLOOKUP($C20,'Vigilancia 091213'!$G$4:$AF$38,(VLOOKUP(CM$17,'Vigilancia 091213'!$B$7:$C$38,2,0)),0) -> 0 | CN20: =+IF(CM20=0,0,(VLOOKUP($C20,'Guia Circular 015'!$B$19:$H$44,7,0))) -> 0 | CO20: =+CN20*CM20 -> 0 | CP20: =+HLOOKUP($C20,'Vigilancia 091213'!$G$4:$AF$38,(VLOOKUP(CP$17,'Vigilancia 091213'!$B$7:$C$38,2,0)),0) -> 0 | CQ20: =+IF(CP20=0,0,(VLOOKUP($C20,'Guia Circular 015'!$B$19:$H$44,7,0))) -> 0 | CR20: =+CQ20*CP20 -> 0
A21: 24 | B21: 3 | C21: 24 HORAS - CON ARMA - L A D - SIN IVA | D21: =+HLOOKUP($C21,'Vigilancia 091213'!$G$4:$AF$38,(VLOOKUP(D$17,'Vigilancia 091213'!$B$7:$C$38,2,0)),0) -> 7 | E21: =+IF(D21=0,0,(VLOOKUP($C21,'Guia Circular 015'!$B$19:$H$44,7,0))) -> 5706360 | F21: =+E21*D21 -> 39944520 | G21: =+HLOOKUP($C21,'Vigilancia 091213'!$G$4:$AF$38,(VLOOKUP(G$17,'Vigilancia 091213'!$B$7:$C$38,2,0)),0) -> 0 | H21: =+IF(G21=0,0,(VLOOKUP($C21,'Guia Circular 015'!$B$19:$H$44,7,0))) -> 0 | I21: =+H21*G21 -> 0 | J21: =+HLOOKUP($C21,'Vigilancia 091213'!$G$4:$AF$38,(VLOOKUP(J$17,'Vigilancia 091213'!$B$7:$C$38,2,0)),0) -> 0 | K21: =+IF(J21=0,0,(VLOOKUP($C21,'Guia Circular 015'!$B$19:$H$44,7,0))) -> 0 | L21: =+K21*J21 -> 0 | M21: =+HLOOKUP($C21,'Vigilancia 091213'!$G$4:$AF$38,(VLOOKUP(M$17,'Vigilancia 091213'!$B$7:$C$38,2,0)),0) -> 0 | N21: =+IF(M21=0,0,(VLOOKUP($C21,'Guia Circular 015'!$B$19:$H$44,7,0))) -> 0 | O21: =+N21*M21 -> 0 | P21: =+HLOOKUP($C21,'Vigilancia 091213'!$G$4:$AF$38,(VLOOKUP(P$17,'Vigilancia 091213'!$B$7:$C$38,2,0)),0) -> 0 | Q21: =+IF(P21=0,0,(VLOOKUP($C21,'Guia Circular 015'!$B$19:$H$44,7,0))) -> 0 | R21: =+Q21*P21 -> 0 | S21: =+HLOOKUP($C21,'Vigilancia 091213'!$G$4:$AF$38,(VLOOKUP(S$17,'Vigilancia 091213'!$B$7:$C$38,2,0)),0) -> 0 | T21: =+IF(S21=0,0,(VLOOKUP($C21,'Guia Circular 015'!$B$19:$H$44,7,0))) -> 0 | U21: =+T21*S21 -> 0 | V21: =+HLOOKUP($C21,'Vigilancia 091213'!$G$4:$AF$38,(VLOOKUP(V$17,'Vigilancia 091213'!$B$7:$C$38,2,0)),0) -> 0 | W21: =+IF(V21=0,0,(VLOOKUP($C21,'Guia Circular 015'!$B$19:$H$44,7,0))) -> 0 | X21: =+W21*V21 -> 0 | Y21: =+HLOOKUP($C21,'Vigilancia 091213'!$G$4:$AF$38,(VLOOKUP(Y$17,'Vigilancia 091213'!$B$7:$C$38,2,0)),0) -> 0 | Z21: =+IF(Y21=0,0,(VLOOKUP($C21,'Guia Circular 015'!$B$19:$H$44,7,0))) -> 0 | AA21: =+Z21*Y21 -> 0 | AB21: =+HLOOKUP($C21,'Vigilancia 091213'!$G$4:$AF$38,(VLOOKUP(AB$17,'Vigilancia 091213'!$B$7:$C$38,2,0)),0) -> 0 | AC21: =+IF(AB21=0,0,(VLOOKUP($C21,'Guia Circular 015'!$B$19:$H$44,7,0))) -> 0 | AD21: =+AC21*AB21 -> 0 | AE21: =+HLOOKUP($C21,'Vigilancia 091213'!$G$4:$AF$38,(VLOOKUP(AE$17,'Vigilancia 091213'!$B$7:$C$38,2,0)),0) -> 0 | AF21: =+IF(AE21=0,0,(VLOOKUP($C21,'Guia Circular 015'!$B$19:$H$44,7,0))) -> 0 | AG21: =+AF21*AE21 -> 0 | AH21: =+HLOOKUP($C21,'Vigilancia 091213'!$G$4:$AF$38,(VLOOKUP(AH$17,'Vigilancia 091213'!$B$7:$C$38,2,0)),0) -> 0 | AI21: =+IF(AH21=0,0,(VLOOKUP($C21,'Guia Circular 015'!$B$19:$H$44,7,0))) -> 0 | AJ21: =+AI21*AH21 -> 0 | AK21: =+HLOOKUP($C21,'Vigilancia 091213'!$G$4:$AF$38,(VLOOKUP(AK$17,'Vigilancia 091213'!$B$7:$C$38,2,0)),0) -> 0 | AL21: =+IF(AK21=0,0,(VLOOKUP($C21,'Guia Circular 015'!$B$19:$H$44,7,0))) -> 0 | AM21: =+AL21*AK21 -> 0 | AN21: =+HLOOKUP($C21,'Vigilancia 091213'!$G$4:$AF$38,(VLOOKUP(AN$17,'Vigilancia 091213'!$B$7:$C$38,2,0)),0) -> 0 | AO21: =+IF(AN21=0,0,(VLOOKUP($C21,'Guia Circular 015'!$B$19:$H$44,7,0))) -> 0 | AP21: =+AO21*AN21 -> 0 | AQ21: =+HLOOKUP($C21,'Vigilancia 091213'!$G$4:$AF$38,(VLOOKUP(AQ$17,'Vigilancia 091213'!$B$7:$C$38,2,0)),0) -> 0 | AR21: =+IF(AQ21=0,0,(VLOOKUP($C21,'Guia Circular 015'!$B$19:$H$44,7,0))) -> 0 | AS21: =+AR21*AQ21 -> 0 | AT21: =+HLOOKUP($C21,'Vigilancia 091213'!$G$4:$AF$38,(VLOOKUP(AT$17,'Vigilancia 091213'!$B$7:$C$38,2,0)),0) -> 0 | AU21: =+IF(AT21=0,0,(VLOOKUP($C21,'Guia Circular 015'!$B$19:$H$44,7,0))) -> 0 | AV21: =+AU21*AT21 -> 0 | AW21: =+HLOOKUP($C21,'Vigilancia 091213'!$G$4:$AF$38,(VLOOKUP(AW$17,'Vigilancia 091213'!$B$7:$C$38,2,0)),0) -> 0 | AX21: =+IF(AW21=0,0,(VLOOKUP($C21,'Guia Circular 015'!$B$19:$H$44,7,0))) -> 0 | AY21: =+AX21*AW21 -> 0 | AZ21: =+HLOOKUP($C21,'Vigilancia 091213'!$G$4:$AF$38,(VLOOKUP(AZ$17,'Vigilancia 091213'!$B$7:$C$38,2,0)),0) -> 0 | BA21: =+IF(AZ21=0,0,(VLOOKUP($C21,'Guia Circular 015'!$B$19:$H$44,7,0))) -> 0 | BB21: =+BA21*AZ21 -> 0 | BC21: =+HLOOKUP($C21,'Vigilancia 091213'!$G$4:$AF$38,(VLOOKUP(BC$17,'Vigilancia 091213'!$B$7:$C$38,2,0)),0) -> 0 | BD21: =+IF(BC21=0,0,(VLOOKUP($C21,'Guia Circular 015'!$B$19:$H$44,7,0))) -> 0 | BE21: =+BD21*BC21 -> 0 | BF21: =+HLOOKUP($C21,'Vigilancia 091213'!$G$4:$AF$38,(VLOOKUP(BF$17,'Vigilancia 091213'!$B$7:$C$38,2,0)),0) -> 0 | BG21: =+IF(BF21=0,0,(VLOOKUP($C21,'Guia Circular 015'!$B$19:$H$44,7,0))) -> 0 | BH21: =+BG21*BF21 -> 0 | BI21: =+HLOOKUP($C21,'Vigilancia 091213'!$G$4:$AF$38,(VLOOKUP(BI$17,'Vigilancia 091213'!$B$7:$C$38,2,0)),0) -> 0 | BJ21: =+IF(BI21=0,0,(VLOOKUP($C21,'Guia Circular 015'!$B$19:$H$44,7,0))) -> 0 | BK21: =+BJ21*BI21 -> 0 | BL21: =+HLOOKUP($C21,'Vigilancia 091213'!$G$4:$AF$38,(VLOOKUP(BL$17,'Vigilancia 091213'!$B$7:$C$38,2,0)),0) -> 0 | BM21: =+IF(BL21=0,0,(VLOOKUP($C21,'Guia Circular 015'!$B$19:$H$44,7,0))) -> 0 | BN21: =+BM21*BL21 -> 0 | BO21: =+HLOOKUP($C21,'Vigilancia 091213'!$G$4:$AF$38,(VLOOKUP(BO$17,'Vigilancia 091213'!$B$7:$C$38,2,0)),0) -> 0 | BP21: =+IF(BO21=0,0,(VLOOKUP($C21,'Guia Circular 015'!$B$19:$H$44,7,0))) -> 0 | BQ21: =+BP21*BO21 -> 0 | BR21: =+HLOOKUP($C21,'Vigilancia 091213'!$G$4:$AF$38,(VLOOKUP(BR$17,'Vigilancia 091213'!$B$7:$C$38,2,0)),0) -> 0 | BS21: =+IF(BR21=0,0,(VLOOKUP($C21,'Guia Circular 015'!$B$19:$H$44,7,0))) -> 0 | BT21: =+BS21*BR21 -> 0 | BU21: =+HLOOKUP($C21,'Vigilancia 091213'!$G$4:$AF$38,(VLOOKUP(BU$17,'Vigilancia 091213'!$B$7:$C$38,2,0)),0) -> 0 | BV21: =+IF(BU21=0,0,(VLOOKUP($C21,'Guia Circular 015'!$B$19:$H$44,7,0))) -> 0 | BW21: =+BV21*BU21 -> 0 | BX21: =+HLOOKUP($C21,'Vigilancia 091213'!$G$4:$AF$38,(VLOOKUP(BX$17,'Vigilancia 091213'!$B$7:$C$38,2,0)),0) -> 4 | BY21: =+IF(BX21=0,0,(VLOOKUP($C21,'Guia Circular 015'!$B$19:$H$44,7,0))) -> 5706360 | BZ21: =+BY21*BX21 -> 22825440 | CA21: =+HLOOKUP($C21,'Vigilancia 091213'!$G$4:$AF$38,(VLOOKUP(CA$17,'Vigilancia 091213'!$B$7:$C$38,2,0)),0) -> 0 | CB21: =+IF(CA21=0,0,(VLOOKUP($C21,'Guia Circular 015'!$B$19:$H$44,7,0))) -> 0 | CC21: =+CB21*CA21 -> 0 | CD21: =+HLOOKUP($C21,'Vigilancia 091213'!$G$4:$AF$38,(VLOOKUP(CD$17,'Vigilancia 091213'!$B$7:$C$38,2,0)),0) -> 0 | CE21: =+IF(CD21=0,0,(VLOOKUP($C21,'Guia Circular 015'!$B$19:$H$44,7,0))) -> 0 | CF21: =+CE21*CD21 -> 0 | CG21: =+HLOOKUP($C21,'Vigilancia 091213'!$G$4:$AF$38,(VLOOKUP(CG$17,'Vigilancia 091213'!$B$7:$C$38,2,0)),0) -> 0 | CH21: =+IF(CG21=0,0,(VLOOKUP($C21,'Guia Circular 015'!$B$19:$H$44,7,0))) -> 0 | CI21: =+CH21*CG21 -> 0 | CJ21: =+HLOOKUP($C21,'Vigilancia 091213'!$G$4:$AF$38,(VLOOKUP(CJ$17,'Vigilancia 091213'!$B$7:$C$38,2,0)),0) -> 0 | CK21: =+IF(CJ21=0,0,(VLOOKUP($C21,'Guia Circular 015'!$B$19:$H$44,7,0))) -> 0 | CL21: =+CK21*CJ21 -> 0 | CM21: =+HLOOKUP($C21,'Vigilancia 091213'!$G$4:$AF$38,(VLOOKUP(CM$17,'Vigilancia 091213'!$B$7:$C$38,2,0)),0) -> 0 | CN21: =+IF(CM21=0,0,(VLOOKUP($C21,'Guia Circular 015'!$B$19:$H$44,7,0))) -> 0 | CO21: =+CN21*CM21 -> 0 | CP21: =+HLOOKUP($C21,'Vigilancia 091213'!$G$4:$AF$38,(VLOOKUP(CP$17,'Vigilancia 091213'!$B$7:$C$38,2,0)),0) -> 0 | CQ21: =+IF(CP21=0,0,(VLOOKUP($C21,'Guia Circular 015'!$B$19:$H$44,7,0))) -> 0 | CR21: =+CQ21*CP21 -> 0
A22: 24 | B22: 4 | C22: 24 HORAS - SIN ARMA - L A D | D22: =+HLOOKUP($C22,'Vigilancia 091213'!$G$4:$AF$38,(VLOOKUP(D$17,'Vigilancia 091213'!$B$7:$C$38,2,0)),0) -> 0 | E22: =+IF(D22=0,0,(VLOOKUP($C22,'Guia Circular 015'!$B$19:$H$44,7,0))) -> 0 | F22: =+E22*D22 -> 0 | G22: =+HLOOKUP($C22,'Vigilancia 091213'!$G$4:$AF$38,(VLOOKUP(G$17,'Vigilancia 091213'!$B$7:$C$38,2,0)),0) -> 1 | H22: =+IF(G22=0,0,(VLOOKUP($C22,'Guia Circular 015'!$B$19:$H$44,7,0))) -> 5602608 | I22: =+H22*G22 -> 5602608 | J22: =+HLOOKUP($C22,'Vigilancia 091213'!$G$4:$AF$38,(VLOOKUP(J$17,'Vigilancia 091213'!$B$7:$C$38,2,0)),0) -> 0 | K22: =+IF(J22=0,0,(VLOOKUP($C22,'Guia Circular 015'!$B$19:$H$44,7,0))) -> 0 | L22: =+K22*J22 -> 0 | M22: =+HLOOKUP($C22,'Vigilancia 091213'!$G$4:$AF$38,(VLOOKUP(M$17,'Vigilancia 091213'!$B$7:$C$38,2,0)),0) -> 0 | N22: =+IF(M22=0,0,(VLOOKUP($C22,'Guia Circular 015'!$B$19:$H$44,7,0))) -> 0 | O22: =+N22*M22 -> 0 | P22: =+HLOOKUP($C22,'Vigilancia 091213'!$G$4:$AF$38,(VLOOKUP(P$17,'Vigilancia 091213'!$B$7:$C$38,2,0)),0) -> 0 | Q22: =+IF(P22=0,0,(VLOOKUP($C22,'Guia Circular 015'!$B$19:$H$44,7,0))) -> 0 | R22: =+Q22*P22 -> 0 | S22: =+HLOOKUP($C22,'Vigilancia 091213'!$G$4:$AF$38,(VLOOKUP(S$17,'Vigilancia 091213'!$B$7:$C$38,2,0)),0) -> 0 | T22: =+IF(S22=0,0,(VLOOKUP($C22,'Guia Circular 015'!$B$19:$H$44,7,0))) -> 0 | U22: =+T22*S22 -> 0 | V22: =+HLOOKUP($C22,'Vigilancia 091213'!$G$4:$AF$38,(VLOOKUP(V$17,'Vigilancia 091213'!$B$7:$C$38,2,0)),0) -> 0 | W22: =+IF(V22=0,0,(VLOOKUP($C22,'Guia Circular 015'!$B$19:$H$44,7,0))) -> 0 | X22: =+W22*V22 -> 0 | Y22: =+HLOOKUP($C22,'Vigilancia 091213'!$G$4:$AF$38,(VLOOKUP(Y$17,'Vigilancia 091213'!$B$7:$C$38,2,0)),0) -> 0 | Z22: =+IF(Y22=0,0,(VLOOKUP($C22,'Guia Circular 015'!$B$19:$H$44,7,0))) -> 0 | AA22: =+Z22*Y22 -> 0 | AB22: =+HLOOKUP($C22,'Vigilancia 091213'!$G$4:$AF$38,(VLOOKUP(AB$17,'Vigilancia 091213'!$B$7:$C$38,2,0)),0) -> 0 | AC22: =+IF(AB22=0,0,(VLOOKUP($C22,'Guia Circular 015'!$B$19:$H$44,7,0))) -> 0 | AD22: =+AC22*AB22 -> 0 | AE22: =+HLOOKUP($C22,'Vigilancia 091213'!$G$4:$AF$38,(VLOOKUP(AE$17,'Vigilancia 091213'!$B$7:$C$38,2,0)),0) -> 0 | AF22: =+IF(AE22=0,0,(VLOOKUP($C22,'Guia Circular 015'!$B$19:$H$44,7,0))) -> 0 | AG22: =+AF22*AE22 -> 0 | AH22: =+HLOOKUP($C22,'Vigilancia 091213'!$G$4:$AF$38,(VLOOKUP(AH$17,'Vigilancia 091213'!$B$7:$C$38,2,0)),0) -> 0 | AI22: =+IF(AH22=0,0,(VLOOKUP($C22,'Guia Circular 015'!$B$19:$H$44,7,0))) -> 0 | AJ22: =+AI22*AH22 -> 0 | AK22: =+HLOOKUP($C22,'Vigilancia 091213'!$G$4:$AF$38,(VLOOKUP(AK$17,'Vigilancia 091213'!$B$7:$C$38,2,0)),0) -> 0 | AL22: =+IF(AK22=0,0,(VLOOKUP($C22,'Guia Circular 015'!$B$19:$H$44,7,0))) -> 0 | AM22: =+AL22*AK22 -> 0 | AN22: =+HLOOKUP($C22,'Vigilancia 091213'!$G$4:$AF$38,(VLOOKUP(AN$17,'Vigilancia 091213'!$B$7:$C$38,2,0)),0) -> 0 | AO22: =+IF(AN22=0,0,(VLOOKUP($C22,'Guia Circular 015'!$B$19:$H$44,7,0))) -> 0 | AP22: =+AO22*AN22 -> 0 | AQ22: =+HLOOKUP($C22,'Vigilancia 091213'!$G$4:$AF$38,(VLOOKUP(AQ$17,'Vigilancia 091213'!$B$7:$C$38,2,0)),0) -> 1 | AR22: =+IF(AQ22=0,0,(VLOOKUP($C22,'Guia Circular 015'!$B$19:$H$44,7,0))) -> 5602608 | AS22: =+AR22*AQ22 -> 5602608 | AT22: =+HLOOKUP($C22,'Vigilancia 091213'!$G$4:$AF$38,(VLOOKUP(AT$17,'Vigilancia 091213'!$B$7:$C$38,2,0)),0) -> 0 | AU22: =+IF(AT22=0,0,(VLOOKUP($C22,'Guia Circular 015'!$B$19:$H$44,7,0))) -> 0 | AV22: =+AU22*AT22 -> 0 | AW22: =+HLOOKUP($C22,'Vigilancia 091213'!$G$4:$AF$38,(VLOOKUP(AW$17,'Vigilancia 091213'!$B$7:$C$38,2,0)),0) -> 0 | AX22: =+IF(AW22=0,0,(VLOOKUP($C22,'Guia Circular 015'!$B$19:$H$44,7,0))) -> 0 | AY22: =+AX22*AW22 -> 0 | AZ22: =+HLOOKUP($C22,'Vigilancia 091213'!$G$4:$AF$38,(VLOOKUP(AZ$17,'Vigilancia 091213'!$B$7:$C$38,2,0)),0) -> 0 | BA22: =+IF(AZ22=0,0,(VLOOKUP($C22,'Guia Circular 015'!$B$19:$H$44,7,0))) -> 0 | BB22: =+BA22*AZ22 -> 0 | BC22: =+HLOOKUP($C22,'Vigilancia 091213'!$G$4:$AF$38,(VLOOKUP(BC$17,'Vigilancia 091213'!$B$7:$C$38,2,0)),0) -> 0 | BD22: =+IF(BC22=0,0,(VLOOKUP($C22,'Guia Circular 015'!$B$19:$H$44,7,0))) -> 0 | BE22: =+BD22*BC22 -> 0 | BF22: =+HLOOKUP($C22,'Vigilancia 091213'!$G$4:$AF$38,(VLOOKUP(BF$17,'Vigilancia 091213'!$B$7:$C$38,2,0)),0) -> 0 | BG22: =+IF(BF22=0,0,(VLOOKUP($C22,'Guia Circular 015'!$B$19:$H$44,7,0))) -> 0 | BH22: =+BG22*BF22 -> 0 | BI22: =+HLOOKUP($C22,'Vigilancia 091213'!$G$4:$AF$38,(VLOOKUP(BI$17,'Vigilancia 091213'!$B$7:$C$38,2,0)),0) -> 0 | BJ22: =+IF(BI22=0,0,(VLOOKUP($C22,'Guia Circular 015'!$B$19:$H$44,7,0))) -> 0 | BK22: =+BJ22*BI22 -> 0 | BL22: =+HLOOKUP($C22,'Vigilancia 091213'!$G$4:$AF$38,(VLOOKUP(BL$17,'Vigilancia 091213'!$B$7:$C$38,2,0)),0) -> 0 | BM22: =+IF(BL22=0,0,(VLOOKUP($C22,'Guia Circular 015'!$B$19:$H$44,7,0))) -> 0 | BN22: =+BM22*BL22 -> 0 | BO22: =+HLOOKUP($C22,'Vigilancia 091213'!$G$4:$AF$38,(VLOOKUP(BO$17,'Vigilancia 091213'!$B$7:$C$38,2,0)),0) -> 8 | BP22: =+IF(BO22=0,0,(VLOOKUP($C22,'Guia Circular 015'!$B$19:$H$44,7,0))) -> 5602608 | BQ22: =+BP22*BO22 -> 44820864 | BR22: =+HLOOKUP($C22,'Vigilancia 091213'!$G$4:$AF$38,(VLOOKUP(BR$17,'Vigilancia 091213'!$B$7:$C$38,2,0)),0) -> 0 | BS22: =+IF(BR22=0,0,(VLOOKUP($C22,'Guia Circular 015'!$B$19:$H$44,7,0))) -> 0 | BT22: =+BS22*BR22 -> 0 | BU22: =+HLOOKUP($C22,'Vigilancia 091213'!$G$4:$AF$38,(VLOOKUP(BU$17,'Vigilancia 091213'!$B$7:$C$38,2,0)),0) -> 0 | BV22: =+IF(BU22=0,0,(VLOOKUP($C22,'Guia Circular 015'!$B$19:$H$44,7,0))) -> 0 | BW22: =+BV22*BU22 -> 0 | BX22: =+HLOOKUP($C22,'Vigilancia 091213'!$G$4:$AF$38,(VLOOKUP(BX$17,'Vigilancia 091213'!$B$7:$C$38,2,0)),0) -> 0 | BY22: =+IF(BX22=0,0,(VLOOKUP($C22,'Guia Circular 015'!$B$19:$H$44,7,0))) -> 0 | BZ22: =+BY22*BX22 -> 0 | CA22: =+HLOOKUP($C22,'Vigilancia 091213'!$G$4:$AF$38,(VLOOKUP(CA$17,'Vigilancia 091213'!$B$7:$C$38,2,0)),0) -> 0 | CB22: =+IF(CA22=0,0,(VLOOKUP($C22,'Guia Circular 015'!$B$19:$H$44,7,0))) -> 0 | CC22: =+CB22*CA22 -> 0 | CD22: =+HLOOKUP($C22,'Vigilancia 091213'!$G$4:$AF$38,(VLOOKUP(CD$17,'Vigilancia 091213'!$B$7:$C$38,2,0)),0) -> 0 | CE22: =+IF(CD22=0,0,(VLOOKUP($C22,'Guia Circular 015'!$B$19:$H$44,7,0))) -> 0 | CF22: =+CE22*CD22 -> 0 | CG22: =+HLOOKUP($C22,'Vigilancia 091213'!$G$4:$AF$38,(VLOOKUP(CG$17,'Vigilancia 091213'!$B$7:$C$38,2,0)),0) -> 0 | CH22: =+IF(CG22=0,0,(VLOOKUP($C22,'Guia Circular 015'!$B$19:$H$44,7,0))) -> 0 | CI22: =+CH22*CG22 -> 0 | CJ22: =+HLOOKUP($C22,'Vigilancia 091213'!$G$4:$AF$38,(VLOOKUP(CJ$17,'Vigilancia 091213'!$B$7:$C$38,2,0)),0) -> 0 | CK22: =+IF(CJ22=0,0,(VLOOKUP($C22,'Guia Circular 015'!$B$19:$H$44,7,0))) -> 0 | CL22: =+CK22*CJ22 -> 0 | CM22: =+HLOOKUP($C22,'Vigilancia 091213'!$G$4:$AF$38,(VLOOKUP(CM$17,'Vigilancia 091213'!$B$7:$C$38,2,0)),0) -> 0 | CN22: =+IF(CM22=0,0,(VLOOKUP($C22,'Guia Circular 015'!$B$19:$H$44,7,0))) -> 0 | CO22: =+CN22*CM22 -> 0 | CP22: =+HLOOKUP($C22,'Vigilancia 091213'!$G$4:$AF$38,(VLOOKUP(CP$17,'Vigilancia 091213'!$B$7:$C$38,2,0)),0) -> 3 | CQ22: =+IF(CP22=0,0,(VLOOKUP($C22,'Guia Circular 015'!$B$19:$H$44,7,0))) -> 5602608 | CR22: =+CQ22*CP22 -> 16807824
B23: 5 | C23: 12 HORAS - DIURNAS - CON ARMA - L A D | D23: =+HLOOKUP($C23,'Vigilancia 091213'!$G$4:$AF$38,(VLOOKUP(D$17,'Vigilancia 091213'!$B$7:$C$38,2,0)),0) -> 0 | E23: =+IF(D23=0,0,(VLOOKUP($C23,'Guia Circular 015'!$B$19:$H$44,7,0))) -> 0 | F23: =+E23*D23 -> 0 | G23: =+HLOOKUP($C23,'Vigilancia 091213'!$G$4:$AF$38,(VLOOKUP(G$17,'Vigilancia 091213'!$B$7:$C$38,2,0)),0) -> 0 | H23: =+IF(G23=0,0,(VLOOKUP($C23,'Guia Circular 015'!$B$19:$H$44,7,0))) -> 0 | I23: =+H23*G23 -> 0 | J23: =+HLOOKUP($C23,'Vigilancia 091213'!$G$4:$AF$38,(VLOOKUP(J$17,'Vigilancia 091213'!$B$7:$C$38,2,0)),0) -> 0 | K23: =+IF(J23=0,0,(VLOOKUP($C23,'Guia Circular 015'!$B$19:$H$44,7,0))) -> 0 | L23: =+K23*J23 -> 0 | M23: =+HLOOKUP($C23,'Vigilancia 091213'!$G$4:$AF$38,(VLOOKUP(M$17,'Vigilancia 091213'!$B$7:$C$38,2,0)),0) -> 0 | N23: =+IF(M23=0,0,(VLOOKUP($C23,'Guia Circular 015'!$B$19:$H$44,7,0))) -> 0 | O23: =+N23*M23 -> 0 | P23: =+HLOOKUP($C23,'Vigilancia 091213'!$G$4:$AF$38,(VLOOKUP(P$17,'Vigilancia 091213'!$B$7:$C$38,2,0)),0) -> 0 | Q23: =+IF(P23=0,0,(VLOOKUP($C23,'Guia Circular 015'!$B$19:$H$44,7,0))) -> 0 | R23: =+Q23*P23 -> 0 | S23: =+HLOOKUP($C23,'Vigilancia 091213'!$G$4:$AF$38,(VLOOKUP(S$17,'Vigilancia 091213'!$B$7:$C$38,2,0)),0) -> 2 | T23: =+IF(S23=0,0,(VLOOKUP($C23,'Guia Circular 015'!$B$19:$H$44,7,0))) -> 2555023 | U23: =+T23*S23 -> 5110046 | V23: =+HLOOKUP($C23,'Vigilancia 091213'!$G$4:$AF$38,(VLOOKUP(V$17,'Vigilancia 091213'!$B$7:$C$38,2,0)),0) -> 0 | W23: =+IF(V23=0,0,(VLOOKUP($C23,'Guia Circular 015'!$B$19:$H$44,7,0))) -> 0 | X23: =+W23*V23 -> 0 | Y23: =+HLOOKUP($C23,'Vigilancia 091213'!$G$4:$AF$38,(VLOOKUP(Y$17,'Vigilancia 091213'!$B$7:$C$38,2,0)),0) -> 0 | Z23: =+IF(Y23=0,0,(VLOOKUP($C23,'Guia Circular 015'!$B$19:$H$44,7,0))) -> 0 | AA23: =+Z23*Y23 -> 0 | AB23: =+HLOOKUP($C23,'Vigilancia 091213'!$G$4:$AF$38,(VLOOKUP(AB$17,'Vigilancia 091213'!$B$7:$C$38,2,0)),0) -> 0 | AC23: =+IF(AB23=0,0,(VLOOKUP($C23,'Guia Circular 015'!$B$19:$H$44,7,0))) -> 0 | AD23: =+AC23*AB23 -> 0 | AE23: =+HLOOKUP($C23,'Vigilancia 091213'!$G$4:$AF$38,(VLOOKUP(AE$17,'Vigilancia 091213'!$B$7:$C$38,2,0)),0) -> 0 | AF23: =+IF(AE23=0,0,(VLOOKUP($C23,'Guia Circular 015'!$B$19:$H$44,7,0))) -> 0 | AG23: =+AF23*AE23 -> 0 | AH23: =+HLOOKUP($C23,'Vigilancia 091213'!$G$4:$AF$38,(VLOOKUP(AH$17,'Vigilancia 091213'!$B$7:$C$38,2,0)),0) -> 0 | AI23: =+IF(AH23=0,0,(VLOOKUP($C23,'Guia Circular 015'!$B$19:$H$44,7,0))) -> 0 | AJ23: =+AI23*AH23 -> 0 | AK23: =+HLOOKUP($C23,'Vigilancia 091213'!$G$4:$AF$38,(VLOOKUP(AK$17,'Vigilancia 091213'!$B$7:$C$38,2,0)),0) -> 1 | AL23: =+IF(AK23=0,0,(VLOOKUP($C23,'Guia Circular 015'!$B$19:$H$44,7,0))) -> 2555023 | AM23: =+AL23*AK23 -> 2555023 | AN23: =+HLOOKUP($C23,'Vigilancia 091213'!$G$4:$AF$38,(VLOOKUP(AN$17,'Vigilancia 091213'!$B$7:$C$38,2,0)),0) -> 0 | AO23: =+IF(AN23=0,0,(VLOOKUP($C23,'Guia Circular 015'!$B$19:$H$44,7,0))) -> 0 | AP23: =+AO23*AN23 -> 0 | AQ23: =+HLOOKUP($C23,'Vigilancia 091213'!$G$4:$AF$38,(VLOOKUP(AQ$17,'Vigilancia 091213'!$B$7:$C$38,2,0)),0) -> 0 | AR23: =+IF(AQ23=0,0,(VLOOKUP($C23,'Guia Circular 015'!$B$19:$H$44,7,0))) -> 0 | AS23: =+AR23*AQ23 -> 0 | AT23: =+HLOOKUP($C23,'Vigilancia 091213'!$G$4:$AF$38,(VLOOKUP(AT$17,'Vigilancia 091213'!$B$7:$C$38,2,0)),0) -> 0 | AU23: =+IF(AT23=0,0,(VLOOKUP($C23,'Guia Circular 015'!$B$19:$H$44,7,0))) -> 0 | AV23: =+AU23*AT23 -> 0 | AW23: =+HLOOKUP($C23,'Vigilancia 091213'!$G$4:$AF$38,(VLOOKUP(AW$17,'Vigilancia 091213'!$B$7:$C$38,2,0)),0) -> 0 | AX23: =+IF(AW23=0,0,(VLOOKUP($C23,'Guia Circular 015'!$B$19:$H$44,7,0))) -> 0 | AY23: =+AX23*AW23 -> 0 | AZ23: =+HLOOKUP($C23,'Vigilancia 091213'!$G$4:$AF$38,(VLOOKUP(AZ$17,'Vigilancia 091213'!$B$7:$C$38,2,0)),0) -> 0 | BA23: =+IF(AZ23=0,0,(VLOOKUP($C23,'Guia Circular 015'!$B$19:$H$44,7,0))) -> 0 | BB23: =+BA23*AZ23 -> 0 | BC23: =+HLOOKUP($C23,'Vigilancia 091213'!$G$4:$AF$38,(VLOOKUP(BC$17,'Vigilancia 091213'!$B$7:$C$38,2,0)),0) -> 0 | BD23: =+IF(BC23=0,0,(VLOOKUP($C23,'Guia Circular 015'!$B$19:$H$44,7,0))) -> 0 | BE23: =+BD23*BC23 -> 0 | BF23: =+HLOOKUP($C23,'Vigilancia 091213'!$G$4:$AF$38,(VLOOKUP(BF$17,'Vigilancia 091213'!$B$7:$C$38,2,0)),0) -> 0 | BG23: =+IF(BF23=0,0,(VLOOKUP($C23,'Guia Circular 015'!$B$19:$H$44,7,0))) -> 0 | BH23: =+BG23*BF23 -> 0 | BI23: =+HLOOKUP($C23,'Vigilancia 091213'!$G$4:$AF$38,(VLOOKUP(BI$17,'Vigilancia 091213'!$B$7:$C$38,2,0)),0) -> 0 | BJ23: =+IF(BI23=0,0,(VLOOKUP($C23,'Guia Circular 015'!$B$19:$H$44,7,0))) -> 0 | BK23: =+BJ23*BI23 -> 0 | BL23: =+HLOOKUP($C23,'Vigilancia 091213'!$G$4:$AF$38,(VLOOKUP(BL$17,'Vigilancia 091213'!$B$7:$C$38,2,0)),0) -> 0 | BM23: =+IF(BL23=0,0,(VLOOKUP($C23,'Guia Circular 015'!$B$19:$H$44,7,0))) -> 0 | BN23: =+BM23*BL23 -> 0 | BO23: =+HLOOKUP($C23,'Vigilancia 091213'!$G$4:$AF$38,(VLOOKUP(BO$17,'Vigilancia 091213'!$B$7:$C$38,2,0)),0) -> 0 | BP23: =+IF(BO23=0,0,(VLOOKUP($C23,'Guia Circular 015'!$B$19:$H$44,7,0))) -> 0 | BQ23: =+BP23*BO23 -> 0 | BR23: =+HLOOKUP($C23,'Vigilancia 091213'!$G$4:$AF$38,(VLOOKUP(BR$17,'Vigilancia 091213'!$B$7:$C$38,2,0)),0) -> 1 | BS23: =+IF(BR23=0,0,(VLOOKUP($C23,'Guia Circular 015'!$B$19:$H$44,7,0))) -> 2555023 | BT23: =+BS23*BR23 -> 2555023 | BU23: =+HLOOKUP($C23,'Vigilancia 091213'!$G$4:$AF$38,(VLOOKUP(BU$17,'Vigilancia 091213'!$B$7:$C$38,2,0)),0) -> 0 | BV23: =+IF(BU23=0,0,(VLOOKUP($C23,'Guia Circular 015'!$B$19:$H$44,7,0))) -> 0 | BW23: =+BV23*BU23 -> 0 | BX23: =+HLOOKUP($C23,'Vigilancia 091213'!$G$4:$AF$38,(VLOOKUP(BX$17,'Vigilancia 091213'!$B$7:$C$38,2,0)),0) -> 0 | BY23: =+IF(BX23=0,0,(VLOOKUP($C23,'Guia Circular 015'!$B$19:$H$44,7,0))) -> 0 | BZ23: =+BY23*BX23 -> 0 | CA23: =+HLOOKUP($C23,'Vigilancia 091213'!$G$4:$AF$38,(VLOOKUP(CA$17,'Vigilancia 091213'!$B$7:$C$38,2,0)),0) -> 2 | CB23: =+IF(CA23=0,0,(VLOOKUP($C23,'Guia Circular 015'!$B$19:$H$44,7,0))) -> 2555023 | CC23: =+CB23*CA23 -> 5110046 | CD23: =+HLOOKUP($C23,'Vigilancia 091213'!$G$4:$AF$38,(VLOOKUP(CD$17,'Vigilancia 091213'!$B$7:$C$38,2,0)),0) -> 0 | CE23: =+IF(CD23=0,0,(VLOOKUP($C23,'Guia Circular 015'!$B$19:$H$44,7,0))) -> 0 | CF23: =+CE23*CD23 -> 0 | CG23: =+HLOOKUP($C23,'Vigilancia 091213'!$G$4:$AF$38,(VLOOKUP(CG$17,'Vigilancia 091213'!$B$7:$C$38,2,0)),0) -> 1 | CH23: =+IF(CG23=0,0,(VLOOKUP($C23,'Guia Circular 015'!$B$19:$H$44,7,0))) -> 2555023 | CI23: =+CH23*CG23 -> 2555023 | CJ23: =+HLOOKUP($C23,'Vigilancia 091213'!$G$4:$AF$38,(VLOOKUP(CJ$17,'Vigilancia 091213'!$B$7:$C$38,2,0)),0) -> 0 | CK23: =+IF(CJ23=0,0,(VLOOKUP($C23,'Guia Circular 015'!$B$19:$H$44,7,0))) -> 0 | CL23: =+CK23*CJ23 -> 0 | CM23: =+HLOOKUP($C23,'Vigilancia 091213'!$G$4:$AF$38,(VLOOKUP(CM$17,'Vigilancia 091213'!$B$7:$C$38,2,0)),0) -> 3 | CN23: =+IF(CM23=0,0,(VLOOKUP($C23,'Guia Circular 015'!$B$19:$H$44,7,0))) -> 2555023 | CO23: =+CN23*CM23 -> 7665069 | CP23: =+HLOOKUP($C23,'Vigilancia 091213'!$G$4:$AF$38,(VLOOKUP(CP$17,'Vigilancia 091213'!$B$7:$C$38,2,0)),0) -> 0 | CQ23: =+IF(CP23=0,0,(VLOOKUP($C23,'Guia Circular 015'!$B$19:$H$44,7,0))) -> 0 | CR23: =+CQ23*CP23 -> 0
B24: 6 | C24: 12 HORAS - DIURNAS - CON ARMA - L A V - CON FESTIVOS | D24: =+HLOOKUP($C24,'Vigilancia 091213'!$G$4:$AF$38,(VLOOKUP(D$17,'Vigilancia 091213'!$B$7:$C$38,2,0)),0) -> 0 | E24: =+IF(D24=0,0,(VLOOKUP($C24,'Guia Circular 015'!$B$19:$H$44,7,0))) -> 0 | F24: =+E24*D24 -> 0 | G24: =+HLOOKUP($C24,'Vigilancia 091213'!$G$4:$AF$38,(VLOOKUP(G$17,'Vigilancia 091213'!$B$7:$C$38,2,0)),0) -> 1 | H24: =+IF(G24=0,0,(VLOOKUP($C24,'Guia Circular 015'!$B$19:$H$44,7,0))) -> 1873683 | I24: =+H24*G24 -> 1873683 | J24: =+HLOOKUP($C24,'Vigilancia 091213'!$G$4:$AF$38,(VLOOKUP(J$17,'Vigilancia 091213'!$B$7:$C$38,2,0)),0) -> 1 | K24: =+IF(J24=0,0,(VLOOKUP($C24,'Guia Circular 015'!$B$19:$H$44,7,0))) -> 1873683 | L24: =+K24*J24 -> 1873683 | M24: =+HLOOKUP($C24,'Vigilancia 091213'!$G$4:$AF$38,(VLOOKUP(M$17,'Vigilancia 091213'!$B$7:$C$38,2,0)),0) -> 2 | N24: =+IF(M24=0,0,(VLOOKUP($C24,'Guia Circular 015'!$B$19:$H$44,7,0))) -> 1873683 | O24: =+N24*M24 -> 3747366 | P24: =+HLOOKUP($C24,'Vigilancia 091213'!$G$4:$AF$38,(VLOOKUP(P$17,'Vigilancia 091213'!$B$7:$C$38,2,0)),0) -> 0 | Q24: =+IF(P24=0,0,(VLOOKUP($C24,'Guia Circular 015'!$B$19:$H$44,7,0))) -> 0 | R24: =+Q24*P24 -> 0 | S24: =+HLOOKUP($C24,'Vigilancia 091213'!$G$4:$AF$38,(VLOOKUP(S$17,'Vigilancia 091213'!$B$7:$C$38,2,0)),0) -> 0 | T24: =+IF(S24=0,0,(VLOOKUP($C24,'Guia Circular 015'!$B$19:$H$44,7,0))) -> 0 | U24: =+T24*S24 -> 0 | V24: =+HLOOKUP($C24,'Vigilancia 091213'!$G$4:$AF$38,(VLOOKUP(V$17,'Vigilancia 091213'!$B$7:$C$38,2,0)),0) -> 5 | W24: =+IF(V24=0,0,(VLOOKUP($C24,'Guia Circular 015'!$B$19:$H$44,7,0))) -> 1873683 | X24: =+W24*V24 -> 9368415 | Y24: =+HLOOKUP($C24,'Vigilancia 091213'!$G$4:$AF$38,(VLOOKUP(Y$17,'Vigilancia 091213'!$B$7:$C$38,2,0)),0) -> 0 | Z24: =+IF(Y24=0,0,(VLOOKUP($C24,'Guia Circular 015'!$B$19:$H$44,7,0))) -> 0 | AA24: =+Z24*Y24 -> 0 | AB24: =+HLOOKUP($C24,'Vigilancia 091213'!$G$4:$AF$38,(VLOOKUP(AB$17,'Vigilancia 091213'!$B$7:$C$38,2,0)),0) -> 0 | AC24: =+IF(AB24=0,0,(VLOOKUP($C24,'Guia Circular 015'!$B$19:$H$44,7,0))) -> 0 | AD24: =+AC24*AB24 -> 0 | AE24: =+HLOOKUP($C24,'Vigilancia 091213'!$G$4:$AF$38,(VLOOKUP(AE$17,'Vigilancia 091213'!$B$7:$C$38,2,0)),0) -> 0 | AF24: =+IF(AE24=0,0,(VLOOKUP($C24,'Guia Circular 015'!$B$19:$H$44,7,0))) -> 0 | AG24: =+AF24*AE24 -> 0 | AH24: =+HLOOKUP($C24,'Vigilancia 091213'!$G$4:$AF$38,(VLOOKUP(AH$17,'Vigilancia 091213'!$B$7:$C$38,2,0)),0) -> 0 | AI24: =+IF(AH24=0,0,(VLOOKUP($C24,'Guia Circular 015'!$B$19:$H$44,7,0))) -> 0 | AJ24: =+AI24*AH24 -> 0 | AK24: =+HLOOKUP($C24,'Vigilancia 091213'!$G$4:$AF$38,(VLOOKUP(AK$17,'Vigilancia 091213'!$B$7:$C$38,2,0)),0) -> 0 | AL24: =+IF(AK24=0,0,(VLOOKUP($C24,'Guia Circular 015'!$B$19:$H$44,7,0))) -> 0 | AM24: =+AL24*AK24 -> 0 | AN24: =+HLOOKUP($C24,'Vigilancia 091213'!$G$4:$AF$38,(VLOOKUP(AN$17,'Vigilancia 091213'!$B$7:$C$38,2,0)),0) -> 0 | AO24: =+IF(AN24=0,0,(VLOOKUP($C24,'Guia Circular 015'!$B$19:$H$44,7,0))) -> 0 | AP24: =+AO24*AN24 -> 0 | AQ24: =+HLOOKUP($C24,'Vigilancia 091213'!$G$4:$AF$38,(VLOOKUP(AQ$17,'Vigilancia 091213'!$B$7:$C$38,2,0)),0) -> 0 | AR24: =+IF(AQ24=0,0,(VLOOKUP($C24,'Guia Circular 015'!$B$19:$H$44,7,0))) -> 0 | AS24: =+AR24*AQ24 -> 0 | AT24: =+HLOOKUP($C24,'Vigilancia 091213'!$G$4:$AF$38,(VLOOKUP(AT$17,'Vigilancia 091213'!$B$7:$C$38,2,0)),0) -> 1 | AU24: =+IF(AT24=0,0,(VLOOKUP($C24,'Guia Circular 015'!$B$19:$H$44,7,0))) -> 1873683 | AV24: =+AU24*AT24 -> 1873683 | AW24: =+HLOOKUP($C24,'Vigilancia 091213'!$G$4:$AF$38,(VLOOKUP(AW$17,'Vigilancia 091213'!$B$7:$C$38,2,0)),0) -> 0 | AX24: =+IF(AW24=0,0,(VLOOKUP($C24,'Guia Circular 015'!$B$19:$H$44,7,0))) -> 0 | AY24: =+AX24*AW24 -> 0 | AZ24: =+HLOOKUP($C24,'Vigilancia 091213'!$G$4:$AF$38,(VLOOKUP(AZ$17,'Vigilancia 091213'!$B$7:$C$38,2,0)),0) -> 0 | BA24: =+IF(AZ24=0,0,(VLOOKUP($C24,'Guia Circular 015'!$B$19:$H$44,7,0))) -> 0 | BB24: =+BA24*AZ24 -> 0 | BC24: =+HLOOKUP($C24,'Vigilancia 091213'!$G$4:$AF$38,(VLOOKUP(BC$17,'Vigilancia 091213'!$B$7:$C$38,2,0)),0) -> 0 | BD24: =+IF(BC24=0,0,(VLOOKUP($C24,'Guia Circular 015'!$B$19:$H$44,7,0))) -> 0 | BE24: =+BD24*BC24 -> 0 | BF24: =+HLOOKUP($C24,'Vigilancia 091213'!$G$4:$AF$38,(VLOOKUP(BF$17,'Vigilancia 091213'!$B$7:$C$38,2,0)),0) -> 3 | BG24: =+IF(BF24=0,0,(VLOOKUP($C24,'Guia Circular 015'!$B$19:$H$44,7,0))) -> 1873683 | BH24: =+BG24*BF24 -> 5621049 | BI24: =+HLOOKUP($C24,'Vigilancia 091213'!$G$4:$AF$38,(VLOOKUP(BI$17,'Vigilancia 091213'!$B$7:$C$38,2,0)),0) -> 0 | BJ24: =+IF(BI24=0,0,(VLOOKUP($C24,'Guia Circular 015'!$B$19:$H$44,7,0))) -> 0 | BK24: =+BJ24*BI24 -> 0 | BL24: =+HLOOKUP($C24,'Vigilancia 091213'!$G$4:$AF$38,(VLOOKUP(BL$17,'Vigilancia 091213'!$B$7:$C$38,2,0)),0) -> 0 | BM24: =+IF(BL24=0,0,(VLOOKUP($C24,'Guia Circular 015'!$B$19:$H$44,7,0))) -> 0 | BN24: =+BM24*BL24 -> 0 | BO24: =+HLOOKUP($C24,'Vigilancia 091213'!$G$4:$AF$38,(VLOOKUP(BO$17,'Vigilancia 091213'!$B$7:$C$38,2,0)),0) -> 0 | BP24: =+IF(BO24=0,0,(VLOOKUP($C24,'Guia Circular 015'!$B$19:$H$44,7,0))) -> 0 | BQ24: =+BP24*BO24 -> 0 | BR24: =+HLOOKUP($C24,'Vigilancia 091213'!$G$4:$AF$38,(VLOOKUP(BR$17,'Vigilancia 091213'!$B$7:$C$38,2,0)),0) -> 0 | BS24: =+IF(BR24=0,0,(VLOOKUP($C24,'Guia Circular 015'!$B$19:$H$44,7,0))) -> 0 | BT24: =+BS24*BR24 -> 0 | BU24: =+HLOOKUP($C24,'Vigilancia 091213'!$G$4:$AF$38,(VLOOKUP(BU$17,'Vigilancia 091213'!$B$7:$C$38,2,0)),0) -> 2 | BV24: =+IF(BU24=0,0,(VLOOKUP($C24,'Guia Circular 015'!$B$19:$H$44,7,0))) -> 1873683 | BW24: =+BV24*BU24 -> 3747366 | BX24: =+HLOOKUP($C24,'Vigilancia 091213'!$G$4:$AF$38,(VLOOKUP(BX$17,'Vigilancia 091213'!$B$7:$C$38,2,0)),0) -> 0 | BY24: =+IF(BX24=0,0,(VLOOKUP($C24,'Guia Circular 015'!$B$19:$H$44,7,0))) -> 0 | BZ24: =+BY24*BX24 -> 0 | CA24: =+HLOOKUP($C24,'Vigilancia 091213'!$G$4:$AF$38,(VLOOKUP(CA$17,'Vigilancia 091213'!$B$7:$C$38,2,0)),0) -> 0 | CB24: =+IF(CA24=0,0,(VLOOKUP($C24,'Guia Circular 015'!$B$19:$H$44,7,0))) -> 0 | CC24: =+CB24*CA24 -> 0 | CD24: =+HLOOKUP($C24,'Vigilancia 091213'!$G$4:$AF$38,(VLOOKUP(CD$17,'Vigilancia 091213'!$B$7:$C$38,2,0)),0) -> 1 | CE24: =+IF(CD24=0,0,(VLOOKUP($C24,'Guia Circular 015'!$B$19:$H$44,7,0))) -> 1873683 | CF24: =+CE24*CD24 -> 1873683 | CG24: =+HLOOKUP($C24,'Vigilancia 091213'!$G$4:$AF$38,(VLOOKUP(CG$17,'Vigilancia 091213'!$B$7:$C$38,2,0)),0) -> 0 | CH24: =+IF(CG24=0,0,(VLOOKUP($C24,'Guia Circular 015'!$B$19:$H$44,7,0))) -> 0 | CI24: =+CH24*CG24 -> 0 | CJ24: =+HLOOKUP($C24,'Vigilancia 091213'!$G$4:$AF$38,(VLOOKUP(CJ$17,'Vigilancia 091213'!$B$7:$C$38,2,0)),0) -> 3 | CK24: =+IF(CJ24=0,0,(VLOOKUP($C24,'Guia Circular 015'!$B$19:$H$44,7,0))) -> 1873683 | CL24: =+CK24*CJ24 -> 5621049 | CM24: =+HLOOKUP($C24,'Vigilancia 091213'!$G$4:$AF$38,(VLOOKUP(CM$17,'Vigilancia 091213'!$B$7:$C$38,2,0)),0) -> 0 | CN24: =+IF(CM24=0,0,(VLOOKUP($C24,'Guia Circular 015'!$B$19:$H$44,7,0))) -> 0 | CO24: =+CN24*CM24 -> 0 | CP24: =+HLOOKUP($C24,'Vigilancia 091213'!$G$4:$AF$38,(VLOOKUP(CP$17,'Vigilancia 091213'!$B$7:$C$38,2,0)),0) -> 0 | CQ24: =+IF(CP24=0,0,(VLOOKUP($C24,'Guia Circular 015'!$B$19:$H$44,7,0))) -> 0 | CR24: =+CQ24*CP24 -> 0
B25: 7 | C25: 12 HORAS - DIURNAS - SIN ARMA - L A V - CON FESTIVOS | D25: =+HLOOKUP($C25,'Vigilancia 091213'!$G$4:$AF$38,(VLOOKUP(D$17,'Vigilancia 091213'!$B$7:$C$38,2,0)),0) -> 0 | E25: =+IF(D25=0,0,(VLOOKUP($C25,'Guia Circular 015'!$B$19:$H$44,7,0))) -> 0 | F25: =+E25*D25 -> 0 | G25: =+HLOOKUP($C25,'Vigilancia 091213'!$G$4:$AF$38,(VLOOKUP(G$17,'Vigilancia 091213'!$B$7:$C$38,2,0)),0) -> 1 | H25: =+IF(G25=0,0,(VLOOKUP($C25,'Guia Circular 015'!$B$19:$H$44,7,0))) -> 1839616 | I25: =+H25*G25 -> 1839616 | J25: =+HLOOKUP($C25,'Vigilancia 091213'!$G$4:$AF$38,(VLOOKUP(J$17,'Vigilancia 091213'!$B$7:$C$38,2,0)),0) -> 0 | K25: =+IF(J25=0,0,(VLOOKUP($C25,'Guia Circular 015'!$B$19:$H$44,7,0))) -> 0 | L25: =+K25*J25 -> 0 | M25: =+HLOOKUP($C25,'Vigilancia 091213'!$G$4:$AF$38,(VLOOKUP(M$17,'Vigilancia 091213'!$B$7:$C$38,2,0)),0) -> 0 | N25: =+IF(M25=0,0,(VLOOKUP($C25,'Guia Circular 015'!$B$19:$H$44,7,0))) -> 0 | O25: =+N25*M25 -> 0 | P25: =+HLOOKUP($C25,'Vigilancia 091213'!$G$4:$AF$38,(VLOOKUP(P$17,'Vigilancia 091213'!$B$7:$C$38,2,0)),0) -> 0 | Q25: =+IF(P25=0,0,(VLOOKUP($C25,'Guia Circular 015'!$B$19:$H$44,7,0))) -> 0 | R25: =+Q25*P25 -> 0 | S25: =+HLOOKUP($C25,'Vigilancia 091213'!$G$4:$AF$38,(VLOOKUP(S$17,'Vigilancia 091213'!$B$7:$C$38,2,0)),0) -> 0 | T25: =+IF(S25=0,0,(VLOOKUP($C25,'Guia Circular 015'!$B$19:$H$44,7,0))) -> 0 | U25: =+T25*S25 -> 0 | V25: =+HLOOKUP($C25,'Vigilancia 091213'!$G$4:$AF$38,(VLOOKUP(V$17,'Vigilancia 091213'!$B$7:$C$38,2,0)),0) -> 0 | W25: =+IF(V25=0,0,(VLOOKUP($C25,'Guia Circular 015'!$B$19:$H$44,7,0))) -> 0 | X25: =+W25*V25 -> 0 | Y25: =+HLOOKUP($C25,'Vigilancia 091213'!$G$4:$AF$38,(VLOOKUP(Y$17,'Vigilancia 091213'!$B$7:$C$38,2,0)),0) -> 0 | Z25: =+IF(Y25=0,0,(VLOOKUP($C25,'Guia Circular 015'!$B$19:$H$44,7,0))) -> 0 | AA25: =+Z25*Y25 -> 0 | AB25: =+HLOOKUP($C25,'Vigilancia 091213'!$G$4:$AF$38,(VLOOKUP(AB$17,'Vigilancia 091213'!$B$7:$C$38,2,0)),0) -> 0 | AC25: =+IF(AB25=0,0,(VLOOKUP($C25,'Guia Circular 015'!$B$19:$H$44,7,0))) -> 0 | AD25: =+AC25*AB25 -> 0 | AE25: =+HLOOKUP($C25,'Vigilancia 091213'!$G$4:$AF$38,(VLOOKUP(AE$17,'Vigilancia 091213'!$B$7:$C$38,2,0)),0) -> 0 | AF25: =+IF(AE25=0,0,(VLOOKUP($C25,'Guia Circular 015'!$B$19:$H$44,7,0))) -> 0 | AG25: =+AF25*AE25 -> 0 | AH25: =+HLOOKUP($C25,'Vigilancia 091213'!$G$4:$AF$38,(VLOOKUP(AH$17,'Vigilancia 091213'!$B$7:$C$38,2,0)),0) -> 0 | AI25: =+IF(AH25=0,0,(VLOOKUP($C25,'Guia Circular 015'!$B$19:$H$44,7,0))) -> 0 | AJ25: =+AI25*AH25 -> 0 | AK25: =+HLOOKUP($C25,'Vigilancia 091213'!$G$4:$AF$38,(VLOOKUP(AK$17,'Vigilancia 091213'!$B$7:$C$38,2,0)),0) -> 0 | AL25: =+IF(AK25=0,0,(VLOOKUP($C25,'Guia Circular 015'!$B$19:$H$44,7,0))) -> 0 | AM25: =+AL25*AK25 -> 0 | AN25: =+HLOOKUP($C25,'Vigilancia 091213'!$G$4:$AF$38,(VLOOKUP(AN$17,'Vigilancia 091213'!$B$7:$C$38,2,0)),0) -> 0 | AO25: =+IF(AN25=0,0,(VLOOKUP($C25,'Guia Circular 015'!$B$19:$H$44,7,0))) -> 0 | AP25: =+AO25*AN25 -> 0 | AQ25: =+HLOOKUP($C25,'Vigilancia 091213'!$G$4:$AF$38,(VLOOKUP(AQ$17,'Vigilancia 091213'!$B$7:$C$38,2,0)),0) -> 0 | AR25: =+IF(AQ25=0,0,(VLOOKUP($C25,'Guia Circular 015'!$B$19:$H$44,7,0))) -> 0 | AS25: =+AR25*AQ25 -> 0 | AT25: =+HLOOKUP($C25,'Vigilancia 091213'!$G$4:$AF$38,(VLOOKUP(AT$17,'Vigilancia 091213'!$B$7:$C$38,2,0)),0) -> 0 | AU25: =+IF(AT25=0,0,(VLOOKUP($C25,'Guia Circular 015'!$B$19:$H$44,7,0))) -> 0 | AV25: =+AU25*AT25 -> 0 | AW25: =+HLOOKUP($C25,'Vigilancia 091213'!$G$4:$AF$38,(VLOOKUP(AW$17,'Vigilancia 091213'!$B$7:$C$38,2,0)),0) -> 0 | AX25: =+IF(AW25=0,0,(VLOOKUP($C25,'Guia Circular 015'!$B$19:$H$44,7,0))) -> 0 | AY25: =+AX25*AW25 -> 0 | AZ25: =+HLOOKUP($C25,'Vigilancia 091213'!$G$4:$AF$38,(VLOOKUP(AZ$17,'Vigilancia 091213'!$B$7:$C$38,2,0)),0) -> 0 | BA25: =+IF(AZ25=0,0,(VLOOKUP($C25,'Guia Circular 015'!$B$19:$H$44,7,0))) -> 0 | BB25: =+BA25*AZ25 -> 0 | BC25: =+HLOOKUP($C25,'Vigilancia 091213'!$G$4:$AF$38,(VLOOKUP(BC$17,'Vigilancia 091213'!$B$7:$C$38,2,0)),0) -> 0 | BD25: =+IF(BC25=0,0,(VLOOKUP($C25,'Guia Circular 015'!$B$19:$H$44,7,0))) -> 0 | BE25: =+BD25*BC25 -> 0 | BF25: =+HLOOKUP($C25,'Vigilancia 091213'!$G$4:$AF$38,(VLOOKUP(BF$17,'Vigilancia 091213'!$B$7:$C$38,2,0)),0) -> 0 | BG25: =+IF(BF25=0,0,(VLOOKUP($C25,'Guia Circular 015'!$B$19:$H$44,7,0))) -> 0 | BH25: =+BG25*BF25 -> 0 | BI25: =+HLOOKUP($C25,'Vigilancia 091213'!$G$4:$AF$38,(VLOOKUP(BI$17,'Vigilancia 091213'!$B$7:$C$38,2,0)),0) -> 0 | BJ25: =+IF(BI25=0,0,(VLOOKUP($C25,'Guia Circular 015'!$B$19:$H$44,7,0))) -> 0 | BK25: =+BJ25*BI25 -> 0 | BL25: =+HLOOKUP($C25,'Vigilancia 091213'!$G$4:$AF$38,(VLOOKUP(BL$17,'Vigilancia 091213'!$B$7:$C$38,2,0)),0) -> 0 | BM25: =+IF(BL25=0,0,(VLOOKUP($C25,'Guia Circular 015'!$B$19:$H$44,7,0))) -> 0 | BN25: =+BM25*BL25 -> 0 | BO25: =+HLOOKUP($C25,'Vigilancia 091213'!$G$4:$AF$38,(VLOOKUP(BO$17,'Vigilancia 091213'!$B$7:$C$38,2,0)),0) -> 0 | BP25: =+IF(BO25=0,0,(VLOOKUP($C25,'Guia Circular 015'!$B$19:$H$44,7,0))) -> 0 | BQ25: =+BP25*BO25 -> 0 | BR25: =+HLOOKUP($C25,'Vigilancia 091213'!$G$4:$AF$38,(VLOOKUP(BR$17,'Vigilancia 091213'!$B$7:$C$38,2,0)),0) -> 0 | BS25: =+IF(BR25=0,0,(VLOOKUP($C25,'Guia Circular 015'!$B$19:$H$44,7,0))) -> 0 | BT25: =+BS25*BR25 -> 0 | BU25: =+HLOOKUP($C25,'Vigilancia 091213'!$G$4:$AF$38,(VLOOKUP(BU$17,'Vigilancia 091213'!$B$7:$C$38,2,0)),0) -> 0 | BV25: =+IF(BU25=0,0,(VLOOKUP($C25,'Guia Circular 015'!$B$19:$H$44,7,0))) -> 0 | BW25: =+BV25*BU25 -> 0 | BX25: =+HLOOKUP($C25,'Vigilancia 091213'!$G$4:$AF$38,(VLOOKUP(BX$17,'Vigilancia 091213'!$B$7:$C$38,2,0)),0) -> 0 | BY25: =+IF(BX25=0,0,(VLOOKUP($C25,'Guia Circular 015'!$B$19:$H$44,7,0))) -> 0 | BZ25: =+BY25*BX25 -> 0 | CA25: =+HLOOKUP($C25,'Vigilancia 091213'!$G$4:$AF$38,(VLOOKUP(CA$17,'Vigilancia 091213'!$B$7:$C$38,2,0)),0) -> 0 | CB25: =+IF(CA25=0,0,(VLOOKUP($C25,'Guia Circular 015'!$B$19:$H$44,7,0))) -> 0 | CC25: =+CB25*CA25 -> 0 | CD25: =+HLOOKUP($C25,'Vigilancia 091213'!$G$4:$AF$38,(VLOOKUP(CD$17,'Vigilancia 091213'!$B$7:$C$38,2,0)),0) -> 0 | CE25: =+IF(CD25=0,0,(VLOOKUP($C25,'Guia Circular 015'!$B$19:$H$44,7,0))) -> 0 | CF25: =+CE25*CD25 -> 0 | CG25: =+HLOOKUP($C25,'Vigilancia 091213'!$G$4:$AF$38,(VLOOKUP(CG$17,'Vigilancia 091213'!$B$7:$C$38,2,0)),0) -> 0 | CH25: =+IF(CG25=0,0,(VLOOKUP($C25,'Guia Circular 015'!$B$19:$H$44,7,0))) -> 0 | CI25: =+CH25*CG25 -> 0 | CJ25: =+HLOOKUP($C25,'Vigilancia 091213'!$G$4:$AF$38,(VLOOKUP(CJ$17,'Vigilancia 091213'!$B$7:$C$38,2,0)),0) -> 0 | CK25: =+IF(CJ25=0,0,(VLOOKUP($C25,'Guia Circular 015'!$B$19:$H$44,7,0))) -> 0 | CL25: =+CK25*CJ25 -> 0 | CM25: =+HLOOKUP($C25,'Vigilancia 091213'!$G$4:$AF$38,(VLOOKUP(CM$17,'Vigilancia 091213'!$B$7:$C$38,2,0)),0) -> 0 | CN25: =+IF(CM25=0,0,(VLOOKUP($C25,'Guia Circular 015'!$B$19:$H$44,7,0))) -> 0 | CO25: =+CN25*CM25 -> 0 | CP25: =+HLOOKUP($C25,'Vigilancia 091213'!$G$4:$AF$38,(VLOOKUP(CP$17,'Vigilancia 091213'!$B$7:$C$38,2,0)),0) -> 0 | CQ25: =+IF(CP25=0,0,(VLOOKUP($C25,'Guia Circular 015'!$B$19:$H$44,7,0))) -> 0 | CR25: =+CQ25*CP25 -> 0
B26: 8 | C26: 12 HORAS - DIURNAS - CON ARMA - L A S - CON FESTIVOS | D26: =+HLOOKUP($C26,'Vigilancia 091213'!$G$4:$AF$38,(VLOOKUP(D$17,'Vigilancia 091213'!$B$7:$C$38,2,0)),0) -> 0 | E26: =+IF(D26=0,0,(VLOOKUP($C26,'Guia Circular 015'!$B$19:$H$44,7,0))) -> 0 | F26: =+E26*D26 -> 0 | G26: =+HLOOKUP($C26,'Vigilancia 091213'!$G$4:$AF$38,(VLOOKUP(G$17,'Vigilancia 091213'!$B$7:$C$38,2,0)),0) -> 2 | H26: =+IF(G26=0,0,(VLOOKUP($C26,'Guia Circular 015'!$B$19:$H$44,7,0))) -> 2214353 | I26: =+H26*G26 -> 4428706 | J26: =+HLOOKUP($C26,'Vigilancia 091213'!$G$4:$AF$38,(VLOOKUP(J$17,'Vigilancia 091213'!$B$7:$C$38,2,0)),0) -> 0 | K26: =+IF(J26=0,0,(VLOOKUP($C26,'Guia Circular 015'!$B$19:$H$44,7,0))) -> 0 | L26: =+K26*J26 -> 0 | M26: =+HLOOKUP($C26,'Vigilancia 091213'!$G$4:$AF$38,(VLOOKUP(M$17,'Vigilancia 091213'!$B$7:$C$38,2,0)),0) -> 0 | N26: =+IF(M26=0,0,(VLOOKUP($C26,'Guia Circular 015'!$B$19:$H$44,7,0))) -> 0 | O26: =+N26*M26 -> 0 | P26: =+HLOOKUP($C26,'Vigilancia 091213'!$G$4:$AF$38,(VLOOKUP(P$17,'Vigilancia 091213'!$B$7:$C$38,2,0)),0) -> 0 | Q26: =+IF(P26=0,0,(VLOOKUP($C26,'Guia Circular 015'!$B$19:$H$44,7,0))) -> 0 | R26: =+Q26*P26 -> 0 | S26: =+HLOOKUP($C26,'Vigilancia 091213'!$G$4:$AF$38,(VLOOKUP(S$17,'Vigilancia 091213'!$B$7:$C$38,2,0)),0) -> 0 | T26: =+IF(S26=0,0,(VLOOKUP($C26,'Guia Circular 015'!$B$19:$H$44,7,0))) -> 0 | U26: =+T26*S26 -> 0 | V26: =+HLOOKUP($C26,'Vigilancia 091213'!$G$4:$AF$38,(VLOOKUP(V$17,'Vigilancia 091213'!$B$7:$C$38,2,0)),0) -> 0 | W26: =+IF(V26=0,0,(VLOOKUP($C26,'Guia Circular 015'!$B$19:$H$44,7,0))) -> 0 | X26: =+W26*V26 -> 0 | Y26: =+HLOOKUP($C26,'Vigilancia 091213'!$G$4:$AF$38,(VLOOKUP(Y$17,'Vigilancia 091213'!$B$7:$C$38,2,0)),0) -> 0 | Z26: =+IF(Y26=0,0,(VLOOKUP($C26,'Guia Circular 015'!$B$19:$H$44,7,0))) -> 0 | AA26: =+Z26*Y26 -> 0 | AB26: =+HLOOKUP($C26,'Vigilancia 091213'!$G$4:$AF$38,(VLOOKUP(AB$17,'Vigilancia 091213'!$B$7:$C$38,2,0)),0) -> 0 | AC26: =+IF(AB26=0,0,(VLOOKUP($C26,'Guia Circular 015'!$B$19:$H$44,7,0))) -> 0 | AD26: =+AC26*AB26 -> 0 | AE26: =+HLOOKUP($C26,'Vigilancia 091213'!$G$4:$AF$38,(VLOOKUP(AE$17,'Vigilancia 091213'!$B$7:$C$38,2,0)),0) -> 0 | AF26: =+IF(AE26=0,0,(VLOOKUP($C26,'Guia Circular 015'!$B$19:$H$44,7,0))) -> 0 | AG26: =+AF26*AE26 -> 0 | AH26: =+HLOOKUP($C26,'Vigilancia 091213'!$G$4:$AF$38,(VLOOKUP(AH$17,'Vigilancia 091213'!$B$7:$C$38,2,0)),0) -> 0 | AI26: =+IF(AH26=0,0,(VLOOKUP($C26,'Guia Circular 015'!$B$19:$H$44,7,0))) -> 0 | AJ26: =+AI26*AH26 -> 0 | AK26: =+HLOOKUP($C26,'Vigilancia 091213'!$G$4:$AF$38,(VLOOKUP(AK$17,'Vigilancia 091213'!$B$7:$C$38,2,0)),0) -> 0 | AL26: =+IF(AK26=0,0,(VLOOKUP($C26,'Guia Circular 015'!$B$19:$H$44,7,0))) -> 0 | AM26: =+AL26*AK26 -> 0 | AN26: =+HLOOKUP($C26,'Vigilancia 091213'!$G$4:$AF$38,(VLOOKUP(AN$17,'Vigilancia 091213'!$B$7:$C$38,2,0)),0) -> 0 | AO26: =+IF(AN26=0,0,(VLOOKUP($C26,'Guia Circular 015'!$B$19:$H$44,7,0))) -> 0 | AP26: =+AO26*AN26 -> 0 | AQ26: =+HLOOKUP($C26,'Vigilancia 091213'!$G$4:$AF$38,(VLOOKUP(AQ$17,'Vigilancia 091213'!$B$7:$C$38,2,0)),0) -> 0 | AR26: =+IF(AQ26=0,0,(VLOOKUP($C26,'Guia Circular 015'!$B$19:$H$44,7,0))) -> 0 | AS26: =+AR26*AQ26 -> 0 | AT26: =+HLOOKUP($C26,'Vigilancia 091213'!$G$4:$AF$38,(VLOOKUP(AT$17,'Vigilancia 091213'!$B$7:$C$38,2,0)),0) -> 0 | AU26: =+IF(AT26=0,0,(VLOOKUP($C26,'Guia Circular 015'!$B$19:$H$44,7,0))) -> 0 | AV26: =+AU26*AT26 -> 0 | AW26: =+HLOOKUP($C26,'Vigilancia 091213'!$G$4:$AF$38,(VLOOKUP(AW$17,'Vigilancia 091213'!$B$7:$C$38,2,0)),0) -> 0 | AX26: =+IF(AW26=0,0,(VLOOKUP($C26,'Guia Circular 015'!$B$19:$H$44,7,0))) -> 0 | AY26: =+AX26*AW26 -> 0 | AZ26: =+HLOOKUP($C26,'Vigilancia 091213'!$G$4:$AF$38,(VLOOKUP(AZ$17,'Vigilancia 091213'!$B$7:$C$38,2,0)),0) -> 0 | BA26: =+IF(AZ26=0,0,(VLOOKUP($C26,'Guia Circular 015'!$B$19:$H$44,7,0))) -> 0 | BB26: =+BA26*AZ26 -> 0 | BC26: =+HLOOKUP($C26,'Vigilancia 091213'!$G$4:$AF$38,(VLOOKUP(BC$17,'Vigilancia 091213'!$B$7:$C$38,2,0)),0) -> 0 | BD26: =+IF(BC26=0,0,(VLOOKUP($C26,'Guia Circular 015'!$B$19:$H$44,7,0))) -> 0 | BE26: =+BD26*BC26 -> 0 | BF26: =+HLOOKUP($C26,'Vigilancia 091213'!$G$4:$AF$38,(VLOOKUP(BF$17,'Vigilancia 091213'!$B$7:$C$38,2,0)),0) -> 0 | BG26: =+IF(BF26=0,0,(VLOOKUP($C26,'Guia Circular 015'!$B$19:$H$44,7,0))) -> 0 | BH26: =+BG26*BF26 -> 0 | BI26: =+HLOOKUP($C26,'Vigilancia 091213'!$G$4:$AF$38,(VLOOKUP(BI$17,'Vigilancia 091213'!$B$7:$C$38,2,0)),0) -> 0 | BJ26: =+IF(BI26=0,0,(VLOOKUP($C26,'Guia Circular 015'!$B$19:$H$44,7,0))) -> 0 | BK26: =+BJ26*BI26 -> 0 | BL26: =+HLOOKUP($C26,'Vigilancia 091213'!$G$4:$AF$38,(VLOOKUP(BL$17,'Vigilancia 091213'!$B$7:$C$38,2,0)),0) -> 0 | BM26: =+IF(BL26=0,0,(VLOOKUP($C26,'Guia Circular 015'!$B$19:$H$44,7,0))) -> 0 | BN26: =+BM26*BL26 -> 0 | BO26: =+HLOOKUP($C26,'Vigilancia 091213'!$G$4:$AF$38,(VLOOKUP(BO$17,'Vigilancia 091213'!$B$7:$C$38,2,0)),0) -> 0 | BP26: =+IF(BO26=0,0,(VLOOKUP($C26,'Guia Circular 015'!$B$19:$H$44,7,0))) -> 0 | BQ26: =+BP26*BO26 -> 0 | BR26: =+HLOOKUP($C26,'Vigilancia 091213'!$G$4:$AF$38,(VLOOKUP(BR$17,'Vigilancia 091213'!$B$7:$C$38,2,0)),0) -> 0 | BS26: =+IF(BR26=0,0,(VLOOKUP($C26,'Guia Circular 015'!$B$19:$H$44,7,0))) -> 0 | BT26: =+BS26*BR26 -> 0 | BU26: =+HLOOKUP($C26,'Vigilancia 091213'!$G$4:$AF$38,(VLOOKUP(BU$17,'Vigilancia 091213'!$B$7:$C$38,2,0)),0) -> 0 | BV26: =+IF(BU26=0,0,(VLOOKUP($C26,'Guia Circular 015'!$B$19:$H$44,7,0))) -> 0 | BW26: =+BV26*BU26 -> 0 | BX26: =+HLOOKUP($C26,'Vigilancia 091213'!$G$4:$AF$38,(VLOOKUP(BX$17,'Vigilancia 091213'!$B$7:$C$38,2,0)),0) -> 0 | BY26: =+IF(BX26=0,0,(VLOOKUP($C26,'Guia Circular 015'!$B$19:$H$44,7,0))) -> 0 | BZ26: =+BY26*BX26 -> 0 | CA26: =+HLOOKUP($C26,'Vigilancia 091213'!$G$4:$AF$38,(VLOOKUP(CA$17,'Vigilancia 091213'!$B$7:$C$38,2,0)),0) -> 0 | CB26: =+IF(CA26=0,0,(VLOOKUP($C26,'Guia Circular 015'!$B$19:$H$44,7,0))) -> 0 | CC26: =+CB26*CA26 -> 0 | CD26: =+HLOOKUP($C26,'Vigilancia 091213'!$G$4:$AF$38,(VLOOKUP(CD$17,'Vigilancia 091213'!$B$7:$C$38,2,0)),0) -> 0 | CE26: =+IF(CD26=0,0,(VLOOKUP($C26,'Guia Circular 015'!$B$19:$H$44,7,0))) -> 0 | CF26: =+CE26*CD26 -> 0 | CG26: =+HLOOKUP($C26,'Vigilancia 091213'!$G$4:$AF$38,(VLOOKUP(CG$17,'Vigilancia 091213'!$B$7:$C$38,2,0)),0) -> 0 | CH26: =+IF(CG26=0,0,(VLOOKUP($C26,'Guia Circular 015'!$B$19:$H$44,7,0))) -> 0 | CI26: =+CH26*CG26 -> 0 | CJ26: =+HLOOKUP($C26,'Vigilancia 091213'!$G$4:$AF$38,(VLOOKUP(CJ$17,'Vigilancia 091213'!$B$7:$C$38,2,0)),0) -> 0 | CK26: =+IF(CJ26=0,0,(VLOOKUP($C26,'Guia Circular 015'!$B$19:$H$44,7,0))) -> 0 | CL26: =+CK26*CJ26 -> 0 | CM26: =+HLOOKUP($C26,'Vigilancia 091213'!$G$4:$AF$38,(VLOOKUP(CM$17,'Vigilancia 091213'!$B$7:$C$38,2,0)),0) -> 0 | CN26: =+IF(CM26=0,0,(VLOOKUP($C26,'Guia Circular 015'!$B$19:$H$44,7,0))) -> 0 | CO26: =+CN26*CM26 -> 0 | CP26: =+HLOOKUP($C26,'Vigilancia 091213'!$G$4:$AF$38,(VLOOKUP(CP$17,'Vigilancia 091213'!$B$7:$C$38,2,0)),0) -> 0 | CQ26: =+IF(CP26=0,0,(VLOOKUP($C26,'Guia Circular 015'!$B$19:$H$44,7,0))) -> 0 | CR26: =+CQ26*CP26 -> 0
B27: 9 | C27: 12 HORAS - DIURNAS - SIN ARMA - L A D | D27: =+HLOOKUP($C27,'Vigilancia 091213'!$G$4:$AF$38,(VLOOKUP(D$17,'Vigilancia 091213'!$B$7:$C$38,2,0)),0) -> 0 | E27: =+IF(D27=0,0,(VLOOKUP($C27,'Guia Circular 015'!$B$19:$H$44,7,0))) -> 0 | F27: =+E27*D27 -> 0 | G27: =+HLOOKUP($C27,'Vigilancia 091213'!$G$4:$AF$38,(VLOOKUP(G$17,'Vigilancia 091213'!$B$7:$C$38,2,0)),0) -> 0 | H27: =+IF(G27=0,0,(VLOOKUP($C27,'Guia Circular 015'!$B$19:$H$44,7,0))) -> 0 | I27: =+H27*G27 -> 0 | J27: =+HLOOKUP($C27,'Vigilancia 091213'!$G$4:$AF$38,(VLOOKUP(J$17,'Vigilancia 091213'!$B$7:$C$38,2,0)),0) -> 0 | K27: =+IF(J27=0,0,(VLOOKUP($C27,'Guia Circular 015'!$B$19:$H$44,7,0))) -> 0 | L27: =+K27*J27 -> 0 | M27: =+HLOOKUP($C27,'Vigilancia 091213'!$G$4:$AF$38,(VLOOKUP(M$17,'Vigilancia 091213'!$B$7:$C$38,2,0)),0) -> 0 | N27: =+IF(M27=0,0,(VLOOKUP($C27,'Guia Circular 015'!$B$19:$H$44,7,0))) -> 0 | O27: =+N27*M27 -> 0 | P27: =+HLOOKUP($C27,'Vigilancia 091213'!$G$4:$AF$38,(VLOOKUP(P$17,'Vigilancia 091213'!$B$7:$C$38,2,0)),0) -> 0 | Q27: =+IF(P27=0,0,(VLOOKUP($C27,'Guia Circular 015'!$B$19:$H$44,7,0))) -> 0 | R27: =+Q27*P27 -> 0 | S27: =+HLOOKUP($C27,'Vigilancia 091213'!$G$4:$AF$38,(VLOOKUP(S$17,'Vigilancia 091213'!$B$7:$C$38,2,0)),0) -> 0 | T27: =+IF(S27=0,0,(VLOOKUP($C27,'Guia Circular 015'!$B$19:$H$44,7,0))) -> 0 | U27: =+T27*S27 -> 0 | V27: =+HLOOKUP($C27,'Vigilancia 091213'!$G$4:$AF$38,(VLOOKUP(V$17,'Vigilancia 091213'!$B$7:$C$38,2,0)),0) -> 0 | W27: =+IF(V27=0,0,(VLOOKUP($C27,'Guia Circular 015'!$B$19:$H$44,7,0))) -> 0 | X27: =+W27*V27 -> 0 | Y27: =+HLOOKUP($C27,'Vigilancia 091213'!$G$4:$AF$38,(VLOOKUP(Y$17,'Vigilancia 091213'!$B$7:$C$38,2,0)),0) -> 0 | Z27: =+IF(Y27=0,0,(VLOOKUP($C27,'Guia Circular 015'!$B$19:$H$44,7,0))) -> 0 | AA27: =+Z27*Y27 -> 0 | AB27: =+HLOOKUP($C27,'Vigilancia 091213'!$G$4:$AF$38,(VLOOKUP(AB$17,'Vigilancia 091213'!$B$7:$C$38,2,0)),0) -> 0 | AC27: =+IF(AB27=0,0,(VLOOKUP($C27,'Guia Circular 015'!$B$19:$H$44,7,0))) -> 0 | AD27: =+AC27*AB27 -> 0 | AE27: =+HLOOKUP($C27,'Vigilancia 091213'!$G$4:$AF$38,(VLOOKUP(AE$17,'Vigilancia 091213'!$B$7:$C$38,2,0)),0) -> 0 | AF27: =+IF(AE27=0,0,(VLOOKUP($C27,'Guia Circular 015'!$B$19:$H$44,7,0))) -> 0 | AG27: =+AF27*AE27 -> 0 | AH27: =+HLOOKUP($C27,'Vigilancia 091213'!$G$4:$AF$38,(VLOOKUP(AH$17,'Vigilancia 091213'!$B$7:$C$38,2,0)),0) -> 0 | AI27: =+IF(AH27=0,0,(VLOOKUP($C27,'Guia Circular 015'!$B$19:$H$44,7,0))) -> 0 | AJ27: =+AI27*AH27 -> 0 | AK27: =+HLOOKUP($C27,'Vigilancia 091213'!$G$4:$AF$38,(VLOOKUP(AK$17,'Vigilancia 091213'!$B$7:$C$38,2,0)),0) -> 0 | AL27: =+IF(AK27=0,0,(VLOOKUP($C27,'Guia Circular 015'!$B$19:$H$44,7,0))) -> 0 | AM27: =+AL27*AK27 -> 0 | AN27: =+HLOOKUP($C27,'Vigilancia 091213'!$G$4:$AF$38,(VLOOKUP(AN$17,'Vigilancia 091213'!$B$7:$C$38,2,0)),0) -> 0 | AO27: =+IF(AN27=0,0,(VLOOKUP($C27,'Guia Circular 015'!$B$19:$H$44,7,0))) -> 0 | AP27: =+AO27*AN27 -> 0 | AQ27: =+HLOOKUP($C27,'Vigilancia 091213'!$G$4:$AF$38,(VLOOKUP(AQ$17,'Vigilancia 091213'!$B$7:$C$38,2,0)),0) -> 0 | AR27: =+IF(AQ27=0,0,(VLOOKUP($C27,'Guia Circular 015'!$B$19:$H$44,7,0))) -> 0 | AS27: =+AR27*AQ27 -> 0 | AT27: =+HLOOKUP($C27,'Vigilancia 091213'!$G$4:$AF$38,(VLOOKUP(AT$17,'Vigilancia 091213'!$B$7:$C$38,2,0)),0) -> 0 | AU27: =+IF(AT27=0,0,(VLOOKUP($C27,'Guia Circular 015'!$B$19:$H$44,7,0))) -> 0 | AV27: =+AU27*AT27 -> 0 | AW27: =+HLOOKUP($C27,'Vigilancia 091213'!$G$4:$AF$38,(VLOOKUP(AW$17,'Vigilancia 091213'!$B$7:$C$38,2,0)),0) -> 0 | AX27: =+IF(AW27=0,0,(VLOOKUP($C27,'Guia Circular 015'!$B$19:$H$44,7,0))) -> 0 | AY27: =+AX27*AW27 -> 0 | AZ27: =+HLOOKUP($C27,'Vigilancia 091213'!$G$4:$AF$38,(VLOOKUP(AZ$17,'Vigilancia 091213'!$B$7:$C$38,2,0)),0) -> 0 | BA27: =+IF(AZ27=0,0,(VLOOKUP($C27,'Guia Circular 015'!$B$19:$H$44,7,0))) -> 0 | BB27: =+BA27*AZ27 -> 0 | BC27: =+HLOOKUP($C27,'Vigilancia 091213'!$G$4:$AF$38,(VLOOKUP(BC$17,'Vigilancia 091213'!$B$7:$C$38,2,0)),0) -> 0 | BD27: =+IF(BC27=0,0,(VLOOKUP($C27,'Guia Circular 015'!$B$19:$H$44,7,0))) -> 0 | BE27: =+BD27*BC27 -> 0 | BF27: =+HLOOKUP($C27,'Vigilancia 091213'!$G$4:$AF$38,(VLOOKUP(BF$17,'Vigilancia 091213'!$B$7:$C$38,2,0)),0) -> 0 | BG27: =+IF(BF27=0,0,(VLOOKUP($C27,'Guia Circular 015'!$B$19:$H$44,7,0))) -> 0 | BH27: =+BG27*BF27 -> 0 | BI27: =+HLOOKUP($C27,'Vigilancia 091213'!$G$4:$AF$38,(VLOOKUP(BI$17,'Vigilancia 091213'!$B$7:$C$38,2,0)),0) -> 0 | BJ27: =+IF(BI27=0,0,(VLOOKUP($C27,'Guia Circular 015'!$B$19:$H$44,7,0))) -> 0 | BK27: =+BJ27*BI27 -> 0 | BL27: =+HLOOKUP($C27,'Vigilancia 091213'!$G$4:$AF$38,(VLOOKUP(BL$17,'Vigilancia 091213'!$B$7:$C$38,2,0)),0) -> 0 | BM27: =+IF(BL27=0,0,(VLOOKUP($C27,'Guia Circular 015'!$B$19:$H$44,7,0))) -> 0 | BN27: =+BM27*BL27 -> 0 | BO27: =+HLOOKUP($C27,'Vigilancia 091213'!$G$4:$AF$38,(VLOOKUP(BO$17,'Vigilancia 091213'!$B$7:$C$38,2,0)),0) -> 0 | BP27: =+IF(BO27=0,0,(VLOOKUP($C27,'Guia Circular 015'!$B$19:$H$44,7,0))) -> 0 | BQ27: =+BP27*BO27 -> 0 | BR27: =+HLOOKUP($C27,'Vigilancia 091213'!$G$4:$AF$38,(VLOOKUP(BR$17,'Vigilancia 091213'!$B$7:$C$38,2,0)),0) -> 0 | BS27: =+IF(BR27=0,0,(VLOOKUP($C27,'Guia Circular 015'!$B$19:$H$44,7,0))) -> 0 | BT27: =+BS27*BR27 -> 0 | BU27: =+HLOOKUP($C27,'Vigilancia 091213'!$G$4:$AF$38,(VLOOKUP(BU$17,'Vigilancia 091213'!$B$7:$C$38,2,0)),0) -> 0 | BV27: =+IF(BU27=0,0,(VLOOKUP($C27,'Guia Circular 015'!$B$19:$H$44,7,0))) -> 0 | BW27: =+BV27*BU27 -> 0 | BX27: =+HLOOKUP($C27,'Vigilancia 091213'!$G$4:$AF$38,(VLOOKUP(BX$17,'Vigilancia 091213'!$B$7:$C$38,2,0)),0) -> 0 | BY27: =+IF(BX27=0,0,(VLOOKUP($C27,'Guia Circular 015'!$B$19:$H$44,7,0))) -> 0 | BZ27: =+BY27*BX27 -> 0 | CA27: =+HLOOKUP($C27,'Vigilancia 091213'!$G$4:$AF$38,(VLOOKUP(CA$17,'Vigilancia 091213'!$B$7:$C$38,2,0)),0) -> 0 | CB27: =+IF(CA27=0,0,(VLOOKUP($C27,'Guia Circular 015'!$B$19:$H$44,7,0))) -> 0 | CC27: =+CB27*CA27 -> 0 | CD27: =+HLOOKUP($C27,'Vigilancia 091213'!$G$4:$AF$38,(VLOOKUP(CD$17,'Vigilancia 091213'!$B$7:$C$38,2,0)),0) -> 0 | CE27: =+IF(CD27=0,0,(VLOOKUP($C27,'Guia Circular 015'!$B$19:$H$44,7,0))) -> 0 | CF27: =+CE27*CD27 -> 0 | CG27: =+HLOOKUP($C27,'Vigilancia 091213'!$G$4:$AF$38,(VLOOKUP(CG$17,'Vigilancia 091213'!$B$7:$C$38,2,0)),0) -> 0 | CH27: =+IF(CG27=0,0,(VLOOKUP($C27,'Guia Circular 015'!$B$19:$H$44,7,0))) -> 0 | CI27: =+CH27*CG27 -> 0 | CJ27: =+HLOOKUP($C27,'Vigilancia 091213'!$G$4:$AF$38,(VLOOKUP(CJ$17,'Vigilancia 091213'!$B$7:$C$38,2,0)),0) -> 0 | CK27: =+IF(CJ27=0,0,(VLOOKUP($C27,'Guia Circular 015'!$B$19:$H$44,7,0))) -> 0 | CL27: =+CK27*CJ27 -> 0 | CM27: =+HLOOKUP($C27,'Vigilancia 091213'!$G$4:$AF$38,(VLOOKUP(CM$17,'Vigilancia 091213'!$B$7:$C$38,2,0)),0) -> 3 | CN27: =+IF(CM27=0,0,(VLOOKUP($C27,'Guia Circular 015'!$B$19:$H$44,7,0))) -> 2508568 | CO27: =+CN27*CM27 -> 7525704 | CP27: =+HLOOKUP($C27,'Vigilancia 091213'!$G$4:$AF$38,(VLOOKUP(CP$17,'Vigilancia 091213'!$B$7:$C$38,2,0)),0) -> 0 | CQ27: =+IF(CP27=0,0,(VLOOKUP($C27,'Guia Circular 015'!$B$19:$H$44,7,0))) -> 0 | CR27: =+CQ27*CP27 -> 0
B28: 10 | C28: 12 HORAS - DIURNAS - SIN ARMA - L A V - SIN FESTIVOS | D28: =+HLOOKUP($C28,'Vigilancia 091213'!$G$4:$AF$38,(VLOOKUP(D$17,'Vigilancia 091213'!$B$7:$C$38,2,0)),0) -> 0 | E28: =+IF(D28=0,0,(VLOOKUP($C28,'Guia Circular 015'!$B$19:$H$44,7,0))) -> 0 | F28: =+E28*D28 -> 0 | G28: =+HLOOKUP($C28,'Vigilancia 091213'!$G$4:$AF$38,(VLOOKUP(G$17,'Vigilancia 091213'!$B$7:$C$38,2,0)),0) -> 0 | H28: =+IF(G28=0,0,(VLOOKUP($C28,'Guia Circular 015'!$B$19:$H$44,7,0))) -> 0 | I28: =+H28*G28 -> 0 | J28: =+HLOOKUP($C28,'Vigilancia 091213'!$G$4:$AF$38,(VLOOKUP(J$17,'Vigilancia 091213'!$B$7:$C$38,2,0)),0) -> 0 | K28: =+IF(J28=0,0,(VLOOKUP($C28,'Guia Circular 015'!$B$19:$H$44,7,0))) -> 0 | L28: =+K28*J28 -> 0 | M28: =+HLOOKUP($C28,'Vigilancia 091213'!$G$4:$AF$38,(VLOOKUP(M$17,'Vigilancia 091213'!$B$7:$C$38,2,0)),0) -> 0 | N28: =+IF(M28=0,0,(VLOOKUP($C28,'Guia Circular 015'!$B$19:$H$44,7,0))) -> 0 | O28: =+N28*M28 -> 0 | P28: =+HLOOKUP($C28,'Vigilancia 091213'!$G$4:$AF$38,(VLOOKUP(P$17,'Vigilancia 091213'!$B$7:$C$38,2,0)),0) -> 0 | Q28: =+IF(P28=0,0,(VLOOKUP($C28,'Guia Circular 015'!$B$19:$H$44,7,0))) -> 0 | R28: =+Q28*P28 -> 0 | S28: =+HLOOKUP($C28,'Vigilancia 091213'!$G$4:$AF$38,(VLOOKUP(S$17,'Vigilancia 091213'!$B$7:$C$38,2,0)),0) -> 0 | T28: =+IF(S28=0,0,(VLOOKUP($C28,'Guia Circular 015'!$B$19:$H$44,7,0))) -> 0 | U28: =+T28*S28 -> 0 | V28: =+HLOOKUP($C28,'Vigilancia 091213'!$G$4:$AF$38,(VLOOKUP(V$17,'Vigilancia 091213'!$B$7:$C$38,2,0)),0) -> 0 | W28: =+IF(V28=0,0,(VLOOKUP($C28,'Guia Circular 015'!$B$19:$H$44,7,0))) -> 0 | X28: =+W28*V28 -> 0 | Y28: =+HLOOKUP($C28,'Vigilancia 091213'!$G$4:$AF$38,(VLOOKUP(Y$17,'Vigilancia 091213'!$B$7:$C$38,2,0)),0) -> 0 | Z28: =+IF(Y28=0,0,(VLOOKUP($C28,'Guia Circular 015'!$B$19:$H$44,7,0))) -> 0 | AA28: =+Z28*Y28 -> 0 | AB28: =+HLOOKUP($C28,'Vigilancia 091213'!$G$4:$AF$38,(VLOOKUP(AB$17,'Vigilancia 091213'!$B$7:$C$38,2,0)),0) -> 1 | AC28: =+IF(AB28=0,0,(VLOOKUP($C28,'Guia Circular 015'!$B$19:$H$44,7,0))) -> 1672378 | AD28: =+AC28*AB28 -> 1672378 | AE28: =+HLOOKUP($C28,'Vigilancia 091213'!$G$4:$AF$38,(VLOOKUP(AE$17,'Vigilancia 091213'!$B$7:$C$38,2,0)),0) -> 0 | AF28: =+IF(AE28=0,0,(VLOOKUP($C28,'Guia Circular 015'!$B$19:$H$44,7,0))) -> 0 | AG28: =+AF28*AE28 -> 0 | AH28: =+HLOOKUP($C28,'Vigilancia 091213'!$G$4:$AF$38,(VLOOKUP(AH$17,'Vigilancia 091213'!$B$7:$C$38,2,0)),0) -> 0 | AI28: =+IF(AH28=0,0,(VLOOKUP($C28,'Guia Circular 015'!$B$19:$H$44,7,0))) -> 0 | AJ28: =+AI28*AH28 -> 0 | AK28: =+HLOOKUP($C28,'Vigilancia 091213'!$G$4:$AF$38,(VLOOKUP(AK$17,'Vigilancia 091213'!$B$7:$C$38,2,0)),0) -> 0 | AL28: =+IF(AK28=0,0,(VLOOKUP($C28,'Guia Circular 015'!$B$19:$H$44,7,0))) -> 0 | AM28: =+AL28*AK28 -> 0 | AN28: =+HLOOKUP($C28,'Vigilancia 091213'!$G$4:$AF$38,(VLOOKUP(AN$17,'Vigilancia 091213'!$B$7:$C$38,2,0)),0) -> 1 | AO28: =+IF(AN28=0,0,(VLOOKUP($C28,'Guia Circular 015'!$B$19:$H$44,7,0))) -> 1672378 | AP28: =+AO28*AN28 -> 1672378 | AQ28: =+HLOOKUP($C28,'Vigilancia 091213'!$G$4:$AF$38,(VLOOKUP(AQ$17,'Vigilancia 091213'!$B$7:$C$38,2,0)),0) -> 0 | AR28: =+IF(AQ28=0,0,(VLOOKUP($C28,'Guia Circular 015'!$B$19:$H$44,7,0))) -> 0 | AS28: =+AR28*AQ28 -> 0 | AT28: =+HLOOKUP($C28,'Vigilancia 091213'!$G$4:$AF$38,(VLOOKUP(AT$17,'Vigilancia 091213'!$B$7:$C$38,2,0)),0) -> 0 | AU28: =+IF(AT28=0,0,(VLOOKUP($C28,'Guia Circular 015'!$B$19:$H$44,7,0))) -> 0 | AV28: =+AU28*AT28 -> 0 | AW28: =+HLOOKUP($C28,'Vigilancia 091213'!$G$4:$AF$38,(VLOOKUP(AW$17,'Vigilancia 091213'!$B$7:$C$38,2,0)),0) -> 0 | AX28: =+IF(AW28=0,0,(VLOOKUP($C28,'Guia Circular 015'!$B$19:$H$44,7,0))) -> 0 | AY28: =+AX28*AW28 -> 0 | AZ28: =+HLOOKUP($C28,'Vigilancia 091213'!$G$4:$AF$38,(VLOOKUP(AZ$17,'Vigilancia 091213'!$B$7:$C$38,2,0)),0) -> 0 | BA28: =+IF(AZ28=0,0,(VLOOKUP($C28,'Guia Circular 015'!$B$19:$H$44,7,0))) -> 0 | BB28: =+BA28*AZ28 -> 0 | BC28: =+HLOOKUP($C28,'Vigilancia 091213'!$G$4:$AF$38,(VLOOKUP(BC$17,'Vigilancia 091213'!$B$7:$C$38,2,0)),0) -> 0 | BD28: =+IF(BC28=0,0,(VLOOKUP($C28,'Guia Circular 015'!$B$19:$H$44,7,0))) -> 0 | BE28: =+BD28*BC28 -> 0 | BF28: =+HLOOKUP($C28,'Vigilancia 091213'!$G$4:$AF$38,(VLOOKUP(BF$17,'Vigilancia 091213'!$B$7:$C$38,2,0)),0) -> 0 | BG28: =+IF(BF28=0,0,(VLOOKUP($C28,'Guia Circular 015'!$B$19:$H$44,7,0))) -> 0 | BH28: =+BG28*BF28 -> 0 | BI28: =+HLOOKUP($C28,'Vigilancia 091213'!$G$4:$AF$38,(VLOOKUP(BI$17,'Vigilancia 091213'!$B$7:$C$38,2,0)),0) -> 0 | BJ28: =+IF(BI28=0,0,(VLOOKUP($C28,'Guia Circular 015'!$B$19:$H$44,7,0))) -> 0 | BK28: =+BJ28*BI28 -> 0 | BL28: =+HLOOKUP($C28,'Vigilancia 091213'!$G$4:$AF$38,(VLOOKUP(BL$17,'Vigilancia 091213'!$B$7:$C$38,2,0)),0) -> 0 | BM28: =+IF(BL28=0,0,(VLOOKUP($C28,'Guia Circular 015'!$B$19:$H$44,7,0))) -> 0 | BN28: =+BM28*BL28 -> 0 | BO28: =+HLOOKUP($C28,'Vigilancia 091213'!$G$4:$AF$38,(VLOOKUP(BO$17,'Vigilancia 091213'!$B$7:$C$38,2,0)),0) -> 0 | BP28: =+IF(BO28=0,0,(VLOOKUP($C28,'Guia Circular 015'!$B$19:$H$44,7,0))) -> 0 | BQ28: =+BP28*BO28 -> 0 | BR28: =+HLOOKUP($C28,'Vigilancia 091213'!$G$4:$AF$38,(VLOOKUP(BR$17,'Vigilancia 091213'!$B$7:$C$38,2,0)),0) -> 0 | BS28: =+IF(BR28=0,0,(VLOOKUP($C28,'Guia Circular 015'!$B$19:$H$44,7,0))) -> 0 | BT28: =+BS28*BR28 -> 0 | BU28: =+HLOOKUP($C28,'Vigilancia 091213'!$G$4:$AF$38,(VLOOKUP(BU$17,'Vigilancia 091213'!$B$7:$C$38,2,0)),0) -> 0 | BV28: =+IF(BU28=0,0,(VLOOKUP($C28,'Guia Circular 015'!$B$19:$H$44,7,0))) -> 0 | BW28: =+BV28*BU28 -> 0 | BX28: =+HLOOKUP($C28,'Vigilancia 091213'!$G$4:$AF$38,(VLOOKUP(BX$17,'Vigilancia 091213'!$B$7:$C$38,2,0)),0) -> 0 | BY28: =+IF(BX28=0,0,(VLOOKUP($C28,'Guia Circular 015'!$B$19:$H$44,7,0))) -> 0 | BZ28: =+BY28*BX28 -> 0 | CA28: =+HLOOKUP($C28,'Vigilancia 091213'!$G$4:$AF$38,(VLOOKUP(CA$17,'Vigilancia 091213'!$B$7:$C$38,2,0)),0) -> 2 | CB28: =+IF(CA28=0,0,(VLOOKUP($C28,'Guia Circular 015'!$B$19:$H$44,7,0))) -> 1672378 | CC28: =+CB28*CA28 -> 3344756 | CD28: =+HLOOKUP($C28,'Vigilancia 091213'!$G$4:$AF$38,(VLOOKUP(CD$17,'Vigilancia 091213'!$B$7:$C$38,2,0)),0) -> 0 | CE28: =+IF(CD28=0,0,(VLOOKUP($C28,'Guia Circular 015'!$B$19:$H$44,7,0))) -> 0 | CF28: =+CE28*CD28 -> 0 | CG28: =+HLOOKUP($C28,'Vigilancia 091213'!$G$4:$AF$38,(VLOOKUP(CG$17,'Vigilancia 091213'!$B$7:$C$38,2,0)),0) -> 3 | CH28: =+IF(CG28=0,0,(VLOOKUP($C28,'Guia Circular 015'!$B$19:$H$44,7,0))) -> 1672378 | CI28: =+CH28*CG28 -> 5017134 | CJ28: =+HLOOKUP($C28,'Vigilancia 091213'!$G$4:$AF$38,(VLOOKUP(CJ$17,'Vigilancia 091213'!$B$7:$C$38,2,0)),0) -> 0 | CK28: =+IF(CJ28=0,0,(VLOOKUP($C28,'Guia Circular 015'!$B$19:$H$44,7,0))) -> 0 | CL28: =+CK28*CJ28 -> 0 | CM28: =+HLOOKUP($C28,'Vigilancia 091213'!$G$4:$AF$38,(VLOOKUP(CM$17,'Vigilancia 091213'!$B$7:$C$38,2,0)),0) -> 0 | CN28: =+IF(CM28=0,0,(VLOOKUP($C28,'Guia Circular 015'!$B$19:$H$44,7,0))) -> 0 | CO28: =+CN28*CM28 -> 0 | CP28: =+HLOOKUP($C28,'Vigilancia 091213'!$G$4:$AF$38,(VLOOKUP(CP$17,'Vigilancia 091213'!$B$7:$C$38,2,0)),0) -> 0 | CQ28: =+IF(CP28=0,0,(VLOOKUP($C28,'Guia Circular 015'!$B$19:$H$44,7,0))) -> 0 | CR28: =+CQ28*CP28 -> 0
B29: 11 | C29: 12 HORAS - DIURNAS - CON ARMA - L A V - SIN FESTIVOS | D29: =+HLOOKUP($C29,'Vigilancia 091213'!$G$4:$AF$38,(VLOOKUP(D$17,'Vigilancia 091213'!$B$7:$C$38,2,0)),0) -> 0 | E29: =+IF(D29=0,0,(VLOOKUP($C29,'Guia Circular 015'!$B$19:$H$44,7,0))) -> 0 | F29: =+E29*D29 -> 0 | G29: =+HLOOKUP($C29,'Vigilancia 091213'!$G$4:$AF$38,(VLOOKUP(G$17,'Vigilancia 091213'!$B$7:$C$38,2,0)),0) -> 1 | H29: =+IF(G29=0,0,(VLOOKUP($C29,'Guia Circular 015'!$B$19:$H$44,7,0))) -> 1703348 | I29: =+H29*G29 -> 1703348 | J29: =+HLOOKUP($C29,'Vigilancia 091213'!$G$4:$AF$38,(VLOOKUP(J$17,'Vigilancia 091213'!$B$7:$C$38,2,0)),0) -> 0 | K29: =+IF(J29=0,0,(VLOOKUP($C29,'Guia Circular 015'!$B$19:$H$44,7,0))) -> 0 | L29: =+K29*J29 -> 0 | M29: =+HLOOKUP($C29,'Vigilancia 091213'!$G$4:$AF$38,(VLOOKUP(M$17,'Vigilancia 091213'!$B$7:$C$38,2,0)),0) -> 0 | N29: =+IF(M29=0,0,(VLOOKUP($C29,'Guia Circular 015'!$B$19:$H$44,7,0))) -> 0 | O29: =+N29*M29 -> 0 | P29: =+HLOOKUP($C29,'Vigilancia 091213'!$G$4:$AF$38,(VLOOKUP(P$17,'Vigilancia 091213'!$B$7:$C$38,2,0)),0) -> 1 | Q29: =+IF(P29=0,0,(VLOOKUP($C29,'Guia Circular 015'!$B$19:$H$44,7,0))) -> 1703348 | R29: =+Q29*P29 -> 1703348 | S29: =+HLOOKUP($C29,'Vigilancia 091213'!$G$4:$AF$38,(VLOOKUP(S$17,'Vigilancia 091213'!$B$7:$C$38,2,0)),0) -> 0 | T29: =+IF(S29=0,0,(VLOOKUP($C29,'Guia Circular 015'!$B$19:$H$44,7,0))) -> 0 | U29: =+T29*S29 -> 0 | V29: =+HLOOKUP($C29,'Vigilancia 091213'!$G$4:$AF$38,(VLOOKUP(V$17,'Vigilancia 091213'!$B$7:$C$38,2,0)),0) -> 0 | W29: =+IF(V29=0,0,(VLOOKUP($C29,'Guia Circular 015'!$B$19:$H$44,7,0))) -> 0 | X29: =+W29*V29 -> 0 | Y29: =+HLOOKUP($C29,'Vigilancia 091213'!$G$4:$AF$38,(VLOOKUP(Y$17,'Vigilancia 091213'!$B$7:$C$38,2,0)),0) -> 0 | Z29: =+IF(Y29=0,0,(VLOOKUP($C29,'Guia Circular 015'!$B$19:$H$44,7,0))) -> 0 | AA29: =+Z29*Y29 -> 0 | AB29: =+HLOOKUP($C29,'Vigilancia 091213'!$G$4:$AF$38,(VLOOKUP(AB$17,'Vigilancia 091213'!$B$7:$C$38,2,0)),0) -> 0 | AC29: =+IF(AB29=0,0,(VLOOKUP($C29,'Guia Circular 015'!$B$19:$H$44,7,0))) -> 0 | AD29: =+AC29*AB29 -> 0 | AE29: =+HLOOKUP($C29,'Vigilancia 091213'!$G$4:$AF$38,(VLOOKUP(AE$17,'Vigilancia 091213'!$B$7:$C$38,2,0)),0) -> 0 | AF29: =+IF(AE29=0,0,(VLOOKUP($C29,'Guia Circular 015'!$B$19:$H$44,7,0))) -> 0 | AG29: =+AF29*AE29 -> 0 | AH29: =+HLOOKUP($C29,'Vigilancia 091213'!$G$4:$AF$38,(VLOOKUP(AH$17,'Vigilancia 091213'!$B$7:$C$38,2,0)),0) -> 0 | AI29: =+IF(AH29=0,0,(VLOOKUP($C29,'Guia Circular 015'!$B$19:$H$44,7,0))) -> 0 | AJ29: =+AI29*AH29 -> 0 | AK29: =+HLOOKUP($C29,'Vigilancia 091213'!$G$4:$AF$38,(VLOOKUP(AK$17,'Vigilancia 091213'!$B$7:$C$38,2,0)),0) -> 0 | AL29: =+IF(AK29=0,0,(VLOOKUP($C29,'Guia Circular 015'!$B$19:$H$44,7,0))) -> 0 | AM29: =+AL29*AK29 -> 0 | AN29: =+HLOOKUP($C29,'Vigilancia 091213'!$G$4:$AF$38,(VLOOKUP(AN$17,'Vigilancia 091213'!$B$7:$C$38,2,0)),0) -> 0 | AO29: =+IF(AN29=0,0,(VLOOKUP($C29,'Guia Circular 015'!$B$19:$H$44,7,0))) -> 0 | AP29: =+AO29*AN29 -> 0 | AQ29: =+HLOOKUP($C29,'Vigilancia 091213'!$G$4:$AF$38,(VLOOKUP(AQ$17,'Vigilancia 091213'!$B$7:$C$38,2,0)),0) -> 0 | AR29: =+IF(AQ29=0,0,(VLOOKUP($C29,'Guia Circular 015'!$B$19:$H$44,7,0))) -> 0 | AS29: =+AR29*AQ29 -> 0 | AT29: =+HLOOKUP($C29,'Vigilancia 091213'!$G$4:$AF$38,(VLOOKUP(AT$17,'Vigilancia 091213'!$B$7:$C$38,2,0)),0) -> 0 | AU29: =+IF(AT29=0,0,(VLOOKUP($C29,'Guia Circular 015'!$B$19:$H$44,7,0))) -> 0 | AV29: =+AU29*AT29 -> 0 | AW29: =+HLOOKUP($C29,'Vigilancia 091213'!$G$4:$AF$38,(VLOOKUP(AW$17,'Vigilancia 091213'!$B$7:$C$38,2,0)),0) -> 0 | AX29: =+IF(AW29=0,0,(VLOOKUP($C29,'Guia Circular 015'!$B$19:$H$44,7,0))) -> 0 | AY29: =+AX29*AW29 -> 0 | AZ29: =+HLOOKUP($C29,'Vigilancia 091213'!$G$4:$AF$38,(VLOOKUP(AZ$17,'Vigilancia 091213'!$B$7:$C$38,2,0)),0) -> 0 | BA29: =+IF(AZ29=0,0,(VLOOKUP($C29,'Guia Circular 015'!$B$19:$H$44,7,0))) -> 0 | BB29: =+BA29*AZ29 -> 0 | BC29: =+HLOOKUP($C29,'Vigilancia 091213'!$G$4:$AF$38,(VLOOKUP(BC$17,'Vigilancia 091213'!$B$7:$C$38,2,0)),0) -> 0 | BD29: =+IF(BC29=0,0,(VLOOKUP($C29,'Guia Circular 015'!$B$19:$H$44,7,0))) -> 0 | BE29: =+BD29*BC29 -> 0 | BF29: =+HLOOKUP($C29,'Vigilancia 091213'!$G$4:$AF$38,(VLOOKUP(BF$17,'Vigilancia 091213'!$B$7:$C$38,2,0)),0) -> 0 | BG29: =+IF(BF29=0,0,(VLOOKUP($C29,'Guia Circular 015'!$B$19:$H$44,7,0))) -> 0 | BH29: =+BG29*BF29 -> 0 | BI29: =+HLOOKUP($C29,'Vigilancia 091213'!$G$4:$AF$38,(VLOOKUP(BI$17,'Vigilancia 091213'!$B$7:$C$38,2,0)),0) -> 0 | BJ29: =+IF(BI29=0,0,(VLOOKUP($C29,'Guia Circular 015'!$B$19:$H$44,7,0))) -> 0 | BK29: =+BJ29*BI29 -> 0 | BL29: =+HLOOKUP($C29,'Vigilancia 091213'!$G$4:$AF$38,(VLOOKUP(BL$17,'Vigilancia 091213'!$B$7:$C$38,2,0)),0) -> 4 | BM29: =+IF(BL29=0,0,(VLOOKUP($C29,'Guia Circular 015'!$B$19:$H$44,7,0))) -> 1703348 | BN29: =+BM29*BL29 -> 6813392 | BO29: =+HLOOKUP($C29,'Vigilancia 091213'!$G$4:$AF$38,(VLOOKUP(BO$17,'Vigilancia 091213'!$B$7:$C$38,2,0)),0) -> 0 | BP29: =+IF(BO29=0,0,(VLOOKUP($C29,'Guia Circular 015'!$B$19:$H$44,7,0))) -> 0 | BQ29: =+BP29*BO29 -> 0 | BR29: =+HLOOKUP($C29,'Vigilancia 091213'!$G$4:$AF$38,(VLOOKUP(BR$17,'Vigilancia 091213'!$B$7:$C$38,2,0)),0) -> 0 | BS29: =+IF(BR29=0,0,(VLOOKUP($C29,'Guia Circular 015'!$B$19:$H$44,7,0))) -> 0 | BT29: =+BS29*BR29 -> 0 | BU29: =+HLOOKUP($C29,'Vigilancia 091213'!$G$4:$AF$38,(VLOOKUP(BU$17,'Vigilancia 091213'!$B$7:$C$38,2,0)),0) -> 0 | BV29: =+IF(BU29=0,0,(VLOOKUP($C29,'Guia Circular 015'!$B$19:$H$44,7,0))) -> 0 | BW29: =+BV29*BU29 -> 0 | BX29: =+HLOOKUP($C29,'Vigilancia 091213'!$G$4:$AF$38,(VLOOKUP(BX$17,'Vigilancia 091213'!$B$7:$C$38,2,0)),0) -> 0 | BY29: =+IF(BX29=0,0,(VLOOKUP($C29,'Guia Circular 015'!$B$19:$H$44,7,0))) -> 0 | BZ29: =+BY29*BX29 -> 0 | CA29: =+HLOOKUP($C29,'Vigilancia 091213'!$G$4:$AF$38,(VLOOKUP(CA$17,'Vigilancia 091213'!$B$7:$C$38,2,0)),0) -> 0 | CB29: =+IF(CA29=0,0,(VLOOKUP($C29,'Guia Circular 015'!$B$19:$H$44,7,0))) -> 0 | CC29: =+CB29*CA29 -> 0 | CD29: =+HLOOKUP($C29,'Vigilancia 091213'!$G$4:$AF$38,(VLOOKUP(CD$17,'Vigilancia 091213'!$B$7:$C$38,2,0)),0) -> 0 | CE29: =+IF(CD29=0,0,(VLOOKUP($C29,'Guia Circular 015'!$B$19:$H$44,7,0))) -> 0 | CF29: =+CE29*CD29 -> 0 | CG29: =+HLOOKUP($C29,'Vigilancia 091213'!$G$4:$AF$38,(VLOOKUP(CG$17,'Vigilancia 091213'!$B$7:$C$38,2,0)),0) -> 0 | CH29: =+IF(CG29=0,0,(VLOOKUP($C29,'Guia Circular 015'!$B$19:$H$44,7,0))) -> 0 | CI29: =+CH29*CG29 -> 0 | CJ29: =+HLOOKUP($C29,'Vigilancia 091213'!$G$4:$AF$38,(VLOOKUP(CJ$17,'Vigilancia 091213'!$B$7:$C$38,2,0)),0) -> 0 | CK29: =+IF(CJ29=0,0,(VLOOKUP($C29,'Guia Circular 015'!$B$19:$H$44,7,0))) -> 0 | CL29: =+CK29*CJ29 -> 0 | CM29: =+HLOOKUP($C29,'Vigilancia 091213'!$G$4:$AF$38,(VLOOKUP(CM$17,'Vigilancia 091213'!$B$7:$C$38,2,0)),0) -> 0 | CN29: =+IF(CM29=0,0,(VLOOKUP($C29,'Guia Circular 015'!$B$19:$H$44,7,0))) -> 0 | CO29: =+CN29*CM29 -> 0 | CP29: =+HLOOKUP($C29,'Vigilancia 091213'!$G$4:$AF$38,(VLOOKUP(CP$17,'Vigilancia 091213'!$B$7:$C$38,2,0)),0) -> 0 | CQ29: =+IF(CP29=0,0,(VLOOKUP($C29,'Guia Circular 015'!$B$19:$H$44,7,0))) -> 0 | CR29: =+CQ29*CP29 -> 0
B30: 12 | C30: 4 HORAS - DIURNAS - CON ARMA - SABADO | D30: =+HLOOKUP($C30,'Vigilancia 091213'!$G$4:$AF$38,(VLOOKUP(D$17,'Vigilancia 091213'!$B$7:$C$38,2,0)),0) -> 0 | E30: =+IF(D30=0,0,(VLOOKUP($C30,'Guia Circular 015'!$B$19:$H$44,7,0))) -> 0 | F30: =+E30*D30 -> 0 | G30: =+HLOOKUP($C30,'Vigilancia 091213'!$G$4:$AF$38,(VLOOKUP(G$17,'Vigilancia 091213'!$B$7:$C$38,2,0)),0) -> 0 | H30: =+IF(G30=0,0,(VLOOKUP($C30,'Guia Circular 015'!$B$19:$H$44,7,0))) -> 0 | I30: =+H30*G30 -> 0 | J30: =+HLOOKUP($C30,'Vigilancia 091213'!$G$4:$AF$38,(VLOOKUP(J$17,'Vigilancia 091213'!$B$7:$C$38,2,0)),0) -> 0 | K30: =+IF(J30=0,0,(VLOOKUP($C30,'Guia Circular 015'!$B$19:$H$44,7,0))) -> 0 | L30: =+K30*J30 -> 0 | M30: =+HLOOKUP($C30,'Vigilancia 091213'!$G$4:$AF$38,(VLOOKUP(M$17,'Vigilancia 091213'!$B$7:$C$38,2,0)),0) -> 0 | N30: =+IF(M30=0,0,(VLOOKUP($C30,'Guia Circular 015'!$B$19:$H$44,7,0))) -> 0 | O30: =+N30*M30 -> 0 | P30: =+HLOOKUP($C30,'Vigilancia 091213'!$G$4:$AF$38,(VLOOKUP(P$17,'Vigilancia 091213'!$B$7:$C$38,2,0)),0) -> 0 | Q30: =+IF(P30=0,0,(VLOOKUP($C30,'Guia Circular 015'!$B$19:$H$44,7,0))) -> 0 | R30: =+Q30*P30 -> 0 | S30: =+HLOOKUP($C30,'Vigilancia 091213'!$G$4:$AF$38,(VLOOKUP(S$17,'Vigilancia 091213'!$B$7:$C$38,2,0)),0) -> 0 | T30: =+IF(S30=0,0,(VLOOKUP($C30,'Guia Circular 015'!$B$19:$H$44,7,0))) -> 0 | U30: =+T30*S30 -> 0 | V30: =+HLOOKUP($C30,'Vigilancia 091213'!$G$4:$AF$38,(VLOOKUP(V$17,'Vigilancia 091213'!$B$7:$C$38,2,0)),0) -> 0 | W30: =+IF(V30=0,0,(VLOOKUP($C30,'Guia Circular 015'!$B$19:$H$44,7,0))) -> 0 | X30: =+W30*V30 -> 0 | Y30: =+HLOOKUP($C30,'Vigilancia 091213'!$G$4:$AF$38,(VLOOKUP(Y$17,'Vigilancia 091213'!$B$7:$C$38,2,0)),0) -> 1 | Z30: =+IF(Y30=0,0,(VLOOKUP($C30,'Guia Circular 015'!$B$19:$H$44,7,0))) -> 113557 | AA30: =+Z30*Y30 -> 113557 | AB30: =+HLOOKUP($C30,'Vigilancia 091213'!$G$4:$AF$38,(VLOOKUP(AB$17,'Vigilancia 091213'!$B$7:$C$38,2,0)),0) -> 0 | AC30: =+IF(AB30=0,0,(VLOOKUP($C30,'Guia Circular 015'!$B$19:$H$44,7,0))) -> 0 | AD30: =+AC30*AB30 -> 0 | AE30: =+HLOOKUP($C30,'Vigilancia 091213'!$G$4:$AF$38,(VLOOKUP(AE$17,'Vigilancia 091213'!$B$7:$C$38,2,0)),0) -> 0 | AF30: =+IF(AE30=0,0,(VLOOKUP($C30,'Guia Circular 015'!$B$19:$H$44,7,0))) -> 0 | AG30: =+AF30*AE30 -> 0 | AH30: =+HLOOKUP($C30,'Vigilancia 091213'!$G$4:$AF$38,(VLOOKUP(AH$17,'Vigilancia 091213'!$B$7:$C$38,2,0)),0) -> 0 | AI30: =+IF(AH30=0,0,(VLOOKUP($C30,'Guia Circular 015'!$B$19:$H$44,7,0))) -> 0 | AJ30: =+AI30*AH30 -> 0 | AK30: =+HLOOKUP($C30,'Vigilancia 091213'!$G$4:$AF$38,(VLOOKUP(AK$17,'Vigilancia 091213'!$B$7:$C$38,2,0)),0) -> 0 | AL30: =+IF(AK30=0,0,(VLOOKUP($C30,'Guia Circular 015'!$B$19:$H$44,7,0))) -> 0 | AM30: =+AL30*AK30 -> 0 | AN30: =+HLOOKUP($C30,'Vigilancia 091213'!$G$4:$AF$38,(VLOOKUP(AN$17,'Vigilancia 091213'!$B$7:$C$38,2,0)),0) -> 0 | AO30: =+IF(AN30=0,0,(VLOOKUP($C30,'Guia Circular 015'!$B$19:$H$44,7,0))) -> 0 | AP30: =+AO30*AN30 -> 0 | AQ30: =+HLOOKUP($C30,'Vigilancia 091213'!$G$4:$AF$38,(VLOOKUP(AQ$17,'Vigilancia 091213'!$B$7:$C$38,2,0)),0) -> 0 | AR30: =+IF(AQ30=0,0,(VLOOKUP($C30,'Guia Circular 015'!$B$19:$H$44,7,0))) -> 0 | AS30: =+AR30*AQ30 -> 0 | AT30: =+HLOOKUP($C30,'Vigilancia 091213'!$G$4:$AF$38,(VLOOKUP(AT$17,'Vigilancia 091213'!$B$7:$C$38,2,0)),0) -> 0 | AU30: =+IF(AT30=0,0,(VLOOKUP($C30,'Guia Circular 015'!$B$19:$H$44,7,0))) -> 0 | AV30: =+AU30*AT30 -> 0 | AW30: =+HLOOKUP($C30,'Vigilancia 091213'!$G$4:$AF$38,(VLOOKUP(AW$17,'Vigilancia 091213'!$B$7:$C$38,2,0)),0) -> 0 | AX30: =+IF(AW30=0,0,(VLOOKUP($C30,'Guia Circular 015'!$B$19:$H$44,7,0))) -> 0 | AY30: =+AX30*AW30 -> 0 | AZ30: =+HLOOKUP($C30,'Vigilancia 091213'!$G$4:$AF$38,(VLOOKUP(AZ$17,'Vigilancia 091213'!$B$7:$C$38,2,0)),0) -> 0 | BA30: =+IF(AZ30=0,0,(VLOOKUP($C30,'Guia Circular 015'!$B$19:$H$44,7,0))) -> 0 | BB30: =+BA30*AZ30 -> 0 | BC30: =+HLOOKUP($C30,'Vigilancia 091213'!$G$4:$AF$38,(VLOOKUP(BC$17,'Vigilancia 091213'!$B$7:$C$38,2,0)),0) -> 0 | BD30: =+IF(BC30=0,0,(VLOOKUP($C30,'Guia Circular 015'!$B$19:$H$44,7,0))) -> 0 | BE30: =+BD30*BC30 -> 0 | BF30: =+HLOOKUP($C30,'Vigilancia 091213'!$G$4:$AF$38,(VLOOKUP(BF$17,'Vigilancia 091213'!$B$7:$C$38,2,0)),0) -> 0 | BG30: =+IF(BF30=0,0,(VLOOKUP($C30,'Guia Circular 015'!$B$19:$H$44,7,0))) -> 0 | BH30: =+BG30*BF30 -> 0 | BI30: =+HLOOKUP($C30,'Vigilancia 091213'!$G$4:$AF$38,(VLOOKUP(BI$17,'Vigilancia 091213'!$B$7:$C$38,2,0)),0) -> 0 | BJ30: =+IF(BI30=0,0,(VLOOKUP($C30,'Guia Circular 015'!$B$19:$H$44,7,0))) -> 0 | BK30: =+BJ30*BI30 -> 0 | BL30: =+HLOOKUP($C30,'Vigilancia 091213'!$G$4:$AF$38,(VLOOKUP(BL$17,'Vigilancia 091213'!$B$7:$C$38,2,0)),0) -> 0 | BM30: =+IF(BL30=0,0,(VLOOKUP($C30,'Guia Circular 015'!$B$19:$H$44,7,0))) -> 0 | BN30: =+BM30*BL30 -> 0 | BO30: =+HLOOKUP($C30,'Vigilancia 091213'!$G$4:$AF$38,(VLOOKUP(BO$17,'Vigilancia 091213'!$B$7:$C$38,2,0)),0) -> 0 | BP30: =+IF(BO30=0,0,(VLOOKUP($C30,'Guia Circular 015'!$B$19:$H$44,7,0))) -> 0 | BQ30: =+BP30*BO30 -> 0 | BR30: =+HLOOKUP($C30,'Vigilancia 091213'!$G$4:$AF$38,(VLOOKUP(BR$17,'Vigilancia 091213'!$B$7:$C$38,2,0)),0) -> 0 | BS30: =+IF(BR30=0,0,(VLOOKUP($C30,'Guia Circular 015'!$B$19:$H$44,7,0))) -> 0 | BT30: =+BS30*BR30 -> 0 | BU30: =+HLOOKUP($C30,'Vigilancia 091213'!$G$4:$AF$38,(VLOOKUP(BU$17,'Vigilancia 091213'!$B$7:$C$38,2,0)),0) -> 0 | BV30: =+IF(BU30=0,0,(VLOOKUP($C30,'Guia Circular 015'!$B$19:$H$44,7,0))) -> 0 | BW30: =+BV30*BU30 -> 0 | BX30: =+HLOOKUP($C30,'Vigilancia 091213'!$G$4:$AF$38,(VLOOKUP(BX$17,'Vigilancia 091213'!$B$7:$C$38,2,0)),0) -> 0 | BY30: =+IF(BX30=0,0,(VLOOKUP($C30,'Guia Circular 015'!$B$19:$H$44,7,0))) -> 0 | BZ30: =+BY30*BX30 -> 0 | CA30: =+HLOOKUP($C30,'Vigilancia 091213'!$G$4:$AF$38,(VLOOKUP(CA$17,'Vigilancia 091213'!$B$7:$C$38,2,0)),0) -> 0 | CB30: =+IF(CA30=0,0,(VLOOKUP($C30,'Guia Circular 015'!$B$19:$H$44,7,0))) -> 0 | CC30: =+CB30*CA30 -> 0 | CD30: =+HLOOKUP($C30,'Vigilancia 091213'!$G$4:$AF$38,(VLOOKUP(CD$17,'Vigilancia 091213'!$B$7:$C$38,2,0)),0) -> 0 | CE30: =+IF(CD30=0,0,(VLOOKUP($C30,'Guia Circular 015'!$B$19:$H$44,7,0))) -> 0 | CF30: =+CE30*CD30 -> 0 | CG30: =+HLOOKUP($C30,'Vigilancia 091213'!$G$4:$AF$38,(VLOOKUP(CG$17,'Vigilancia 091213'!$B$7:$C$38,2,0)),0) -> 0 | CH30: =+IF(CG30=0,0,(VLOOKUP($C30,'Guia Circular 015'!$B$19:$H$44,7,0))) -> 0 | CI30: =+CH30*CG30 -> 0 | CJ30: =+HLOOKUP($C30,'Vigilancia 091213'!$G$4:$AF$38,(VLOOKUP(CJ$17,'Vigilancia 091213'!$B$7:$C$38,2,0)),0) -> 0 | CK30: =+IF(CJ30=0,0,(VLOOKUP($C30,'Guia Circular 015'!$B$19:$H$44,7,0))) -> 0 | CL30: =+CK30*CJ30 -> 0 | CM30: =+HLOOKUP($C30,'Vigilancia 091213'!$G$4:$AF$38,(VLOOKUP(CM$17,'Vigilancia 091213'!$B$7:$C$38,2,0)),0) -> 0 | CN30: =+IF(CM30=0,0,(VLOOKUP($C30,'Guia Circular 015'!$B$19:$H$44,7,0))) -> 0 | CO30: =+CN30*CM30 -> 0 | CP30: =+HLOOKUP($C30,'Vigilancia 091213'!$G$4:$AF$38,(VLOOKUP(CP$17,'Vigilancia 091213'!$B$7:$C$38,2,0)),0) -> 0 | CQ30: =+IF(CP30=0,0,(VLOOKUP($C30,'Guia Circular 015'!$B$19:$H$44,7,0))) -> 0 | CR30: =+CQ30*CP30 -> 0
B31: 13 | C31: 4 HORAS - DIURNAS - CON ARMA - L A V - CON FESTIVOS SIN IVA | D31: =+HLOOKUP($C31,'Vigilancia 091213'!$G$4:$AF$38,(VLOOKUP(D$17,'Vigilancia 091213'!$B$7:$C$38,2,0)),0) -> 1 | E31: =+IF(D31=0,0,(VLOOKUP($C31,'Guia Circular 015'!$B$19:$H$44,7,0))) -> 624561 | F31: =+E31*D31 -> 624561 | G31: =+HLOOKUP($C31,'Vigilancia 091213'!$G$4:$AF$38,(VLOOKUP(G$17,'Vigilancia 091213'!$B$7:$C$38,2,0)),0) -> 0 | H31: =+IF(G31=0,0,(VLOOKUP($C31,'Guia Circular 015'!$B$19:$H$44,7,0))) -> 0 | I31: =+H31*G31 -> 0 | J31: =+HLOOKUP($C31,'Vigilancia 091213'!$G$4:$AF$38,(VLOOKUP(J$17,'Vigilancia 091213'!$B$7:$C$38,2,0)),0) -> 0 | K31: =+IF(J31=0,0,(VLOOKUP($C31,'Guia Circular 015'!$B$19:$H$44,7,0))) -> 0 | L31: =+K31*J31 -> 0 | M31: =+HLOOKUP($C31,'Vigilancia 091213'!$G$4:$AF$38,(VLOOKUP(M$17,'Vigilancia 091213'!$B$7:$C$38,2,0)),0) -> 0 | N31: =+IF(M31=0,0,(VLOOKUP($C31,'Guia Circular 015'!$B$19:$H$44,7,0))) -> 0 | O31: =+N31*M31 -> 0 | P31: =+HLOOKUP($C31,'Vigilancia 091213'!$G$4:$AF$38,(VLOOKUP(P$17,'Vigilancia 091213'!$B$7:$C$38,2,0)),0) -> 0 | Q31: =+IF(P31=0,0,(VLOOKUP($C31,'Guia Circular 015'!$B$19:$H$44,7,0))) -> 0 | R31: =+Q31*P31 -> 0 | S31: =+HLOOKUP($C31,'Vigilancia 091213'!$G$4:$AF$38,(VLOOKUP(S$17,'Vigilancia 091213'!$B$7:$C$38,2,0)),0) -> 0 | T31: =+IF(S31=0,0,(VLOOKUP($C31,'Guia Circular 015'!$B$19:$H$44,7,0))) -> 0 | U31: =+T31*S31 -> 0 | V31: =+HLOOKUP($C31,'Vigilancia 091213'!$G$4:$AF$38,(VLOOKUP(V$17,'Vigilancia 091213'!$B$7:$C$38,2,0)),0) -> 0 | W31: =+IF(V31=0,0,(VLOOKUP($C31,'Guia Circular 015'!$B$19:$H$44,7,0))) -> 0 | X31: =+W31*V31 -> 0 | Y31: =+HLOOKUP($C31,'Vigilancia 091213'!$G$4:$AF$38,(VLOOKUP(Y$17,'Vigilancia 091213'!$B$7:$C$38,2,0)),0) -> 0 | Z31: =+IF(Y31=0,0,(VLOOKUP($C31,'Guia Circular 015'!$B$19:$H$44,7,0))) -> 0 | AA31: =+Z31*Y31 -> 0 | AB31: =+HLOOKUP($C31,'Vigilancia 091213'!$G$4:$AF$38,(VLOOKUP(AB$17,'Vigilancia 091213'!$B$7:$C$38,2,0)),0) -> 0 | AC31: =+IF(AB31=0,0,(VLOOKUP($C31,'Guia Circular 015'!$B$19:$H$44,7,0))) -> 0 | AD31: =+AC31*AB31 -> 0 | AE31: =+HLOOKUP($C31,'Vigilancia 091213'!$G$4:$AF$38,(VLOOKUP(AE$17,'Vigilancia 091213'!$B$7:$C$38,2,0)),0) -> 0 | AF31: =+IF(AE31=0,0,(VLOOKUP($C31,'Guia Circular 015'!$B$19:$H$44,7,0))) -> 0 | AG31: =+AF31*AE31 -> 0 | AH31: =+HLOOKUP($C31,'Vigilancia 091213'!$G$4:$AF$38,(VLOOKUP(AH$17,'Vigilancia 091213'!$B$7:$C$38,2,0)),0) -> 0 | AI31: =+IF(AH31=0,0,(VLOOKUP($C31,'Guia Circular 015'!$B$19:$H$44,7,0))) -> 0 | AJ31: =+AI31*AH31 -> 0 | AK31: =+HLOOKUP($C31,'Vigilancia 091213'!$G$4:$AF$38,(VLOOKUP(AK$17,'Vigilancia 091213'!$B$7:$C$38,2,0)),0) -> 0 | AL31: =+IF(AK31=0,0,(VLOOKUP($C31,'Guia Circular 015'!$B$19:$H$44,7,0))) -> 0 | AM31: =+AL31*AK31 -> 0 | AN31: =+HLOOKUP($C31,'Vigilancia 091213'!$G$4:$AF$38,(VLOOKUP(AN$17,'Vigilancia 091213'!$B$7:$C$38,2,0)),0) -> 0 | AO31: =+IF(AN31=0,0,(VLOOKUP($C31,'Guia Circular 015'!$B$19:$H$44,7,0))) -> 0 | AP31: =+AO31*AN31 -> 0 | AQ31: =+HLOOKUP($C31,'Vigilancia 091213'!$G$4:$AF$38,(VLOOKUP(AQ$17,'Vigilancia 091213'!$B$7:$C$38,2,0)),0) -> 0 | AR31: =+IF(AQ31=0,0,(VLOOKUP($C31,'Guia Circular 015'!$B$19:$H$44,7,0))) -> 0 | AS31: =+AR31*AQ31 -> 0 | AT31: =+HLOOKUP($C31,'Vigilancia 091213'!$G$4:$AF$38,(VLOOKUP(AT$17,'Vigilancia 091213'!$B$7:$C$38,2,0)),0) -> 0 | AU31: =+IF(AT31=0,0,(VLOOKUP($C31,'Guia Circular 015'!$B$19:$H$44,7,0))) -> 0 | AV31: =+AU31*AT31 -> 0 | AW31: =+HLOOKUP($C31,'Vigilancia 091213'!$G$4:$AF$38,(VLOOKUP(AW$17,'Vigilancia 091213'!$B$7:$C$38,2,0)),0) -> 0 | AX31: =+IF(AW31=0,0,(VLOOKUP($C31,'Guia Circular 015'!$B$19:$H$44,7,0))) -> 0 | AY31: =+AX31*AW31 -> 0 | AZ31: =+HLOOKUP($C31,'Vigilancia 091213'!$G$4:$AF$38,(VLOOKUP(AZ$17,'Vigilancia 091213'!$B$7:$C$38,2,0)),0) -> 0 | BA31: =+IF(AZ31=0,0,(VLOOKUP($C31,'Guia Circular 015'!$B$19:$H$44,7,0))) -> 0 | BB31: =+BA31*AZ31 -> 0 | BC31: =+HLOOKUP($C31,'Vigilancia 091213'!$G$4:$AF$38,(VLOOKUP(BC$17,'Vigilancia 091213'!$B$7:$C$38,2,0)),0) -> 0 | BD31: =+IF(BC31=0,0,(VLOOKUP($C31,'Guia Circular 015'!$B$19:$H$44,7,0))) -> 0 | BE31: =+BD31*BC31 -> 0 | BF31: =+HLOOKUP($C31,'Vigilancia 091213'!$G$4:$AF$38,(VLOOKUP(BF$17,'Vigilancia 091213'!$B$7:$C$38,2,0)),0) -> 0 | BG31: =+IF(BF31=0,0,(VLOOKUP($C31,'Guia Circular 015'!$B$19:$H$44,7,0))) -> 0 | BH31: =+BG31*BF31 -> 0 | BI31: =+HLOOKUP($C31,'Vigilancia 091213'!$G$4:$AF$38,(VLOOKUP(BI$17,'Vigilancia 091213'!$B$7:$C$38,2,0)),0) -> 0 | BJ31: =+IF(BI31=0,0,(VLOOKUP($C31,'Guia Circular 015'!$B$19:$H$44,7,0))) -> 0 | BK31: =+BJ31*BI31 -> 0 | BL31: =+HLOOKUP($C31,'Vigilancia 091213'!$G$4:$AF$38,(VLOOKUP(BL$17,'Vigilancia 091213'!$B$7:$C$38,2,0)),0) -> 0 | BM31: =+IF(BL31=0,0,(VLOOKUP($C31,'Guia Circular 015'!$B$19:$H$44,7,0))) -> 0 | BN31: =+BM31*BL31 -> 0 | BO31: =+HLOOKUP($C31,'Vigilancia 091213'!$G$4:$AF$38,(VLOOKUP(BO$17,'Vigilancia 091213'!$B$7:$C$38,2,0)),0) -> 0 | BP31: =+IF(BO31=0,0,(VLOOKUP($C31,'Guia Circular 015'!$B$19:$H$44,7,0))) -> 0 | BQ31: =+BP31*BO31 -> 0 | BR31: =+HLOOKUP($C31,'Vigilancia 091213'!$G$4:$AF$38,(VLOOKUP(BR$17,'Vigilancia 091213'!$B$7:$C$38,2,0)),0) -> 0 | BS31: =+IF(BR31=0,0,(VLOOKUP($C31,'Guia Circular 015'!$B$19:$H$44,7,0))) -> 0 | BT31: =+BS31*BR31 -> 0 | BU31: =+HLOOKUP($C31,'Vigilancia 091213'!$G$4:$AF$38,(VLOOKUP(BU$17,'Vigilancia 091213'!$B$7:$C$38,2,0)),0) -> 0 | BV31: =+IF(BU31=0,0,(VLOOKUP($C31,'Guia Circular 015'!$B$19:$H$44,7,0))) -> 0 | BW31: =+BV31*BU31 -> 0 | BX31: =+HLOOKUP($C31,'Vigilancia 091213'!$G$4:$AF$38,(VLOOKUP(BX$17,'Vigilancia 091213'!$B$7:$C$38,2,0)),0) -> 0 | BY31: =+IF(BX31=0,0,(VLOOKUP($C31,'Guia Circular 015'!$B$19:$H$44,7,0))) -> 0 | BZ31: =+BY31*BX31 -> 0 | CA31: =+HLOOKUP($C31,'Vigilancia 091213'!$G$4:$AF$38,(VLOOKUP(CA$17,'Vigilancia 091213'!$B$7:$C$38,2,0)),0) -> 0 | CB31: =+IF(CA31=0,0,(VLOOKUP($C31,'Guia Circular 015'!$B$19:$H$44,7,0))) -> 0 | CC31: =+CB31*CA31 -> 0 | CD31: =+HLOOKUP($C31,'Vigilancia 091213'!$G$4:$AF$38,(VLOOKUP(CD$17,'Vigilancia 091213'!$B$7:$C$38,2,0)),0) -> 0 | CE31: =+IF(CD31=0,0,(VLOOKUP($C31,'Guia Circular 015'!$B$19:$H$44,7,0))) -> 0 | CF31: =+CE31*CD31 -> 0 | CG31: =+HLOOKUP($C31,'Vigilancia 091213'!$G$4:$AF$38,(VLOOKUP(CG$17,'Vigilancia 091213'!$B$7:$C$38,2,0)),0) -> 0 | CH31: =+IF(CG31=0,0,(VLOOKUP($C31,'Guia Circular 015'!$B$19:$H$44,7,0))) -> 0 | CI31: =+CH31*CG31 -> 0 | CJ31: =+HLOOKUP($C31,'Vigilancia 091213'!$G$4:$AF$38,(VLOOKUP(CJ$17,'Vigilancia 091213'!$B$7:$C$38,2,0)),0) -> 0 | CK31: =+IF(CJ31=0,0,(VLOOKUP($C31,'Guia Circular 015'!$B$19:$H$44,7,0))) -> 0 | CL31: =+CK31*CJ31 -> 0 | CM31: =+HLOOKUP($C31,'Vigilancia 091213'!$G$4:$AF$38,(VLOOKUP(CM$17,'Vigilancia 091213'!$B$7:$C$38,2,0)),0) -> 0 | CN31: =+IF(CM31=0,0,(VLOOKUP($C31,'Guia Circular 015'!$B$19:$H$44,7,0))) -> 0 | CO31: =+CN31*CM31 -> 0 | CP31: =+HLOOKUP($C31,'Vigilancia 091213'!$G$4:$AF$38,(VLOOKUP(CP$17,'Vigilancia 091213'!$B$7:$C$38,2,0)),0) -> 0 | CQ31: =+IF(CP31=0,0,(VLOOKUP($C31,'Guia Circular 015'!$B$19:$H$44,7,0))) -> 0 | CR31: =+CQ31*CP31 -> 0
B32: 14 | C32: 4 HORAS - DIURNAS - CON ARMA - L A D | D32: =+HLOOKUP($C32,'Vigilancia 091213'!$G$4:$AF$38,(VLOOKUP(D$17,'Vigilancia 091213'!$B$7:$C$38,2,0)),0) -> 0 | E32: =+IF(D32=0,0,(VLOOKUP($C32,'Guia Circular 015'!$B$19:$H$44,7,0))) -> 0 | F32: =+E32*D32 -> 0 | G32: =+HLOOKUP($C32,'Vigilancia 091213'!$G$4:$AF$38,(VLOOKUP(G$17,'Vigilancia 091213'!$B$7:$C$38,2,0)),0) -> 0 | H32: =+IF(G32=0,0,(VLOOKUP($C32,'Guia Circular 015'!$B$19:$H$44,7,0))) -> 0 | I32: =+H32*G32 -> 0 | J32: =+HLOOKUP($C32,'Vigilancia 091213'!$G$4:$AF$38,(VLOOKUP(J$17,'Vigilancia 091213'!$B$7:$C$38,2,0)),0) -> 0 | K32: =+IF(J32=0,0,(VLOOKUP($C32,'Guia Circular 015'!$B$19:$H$44,7,0))) -> 0 | L32: =+K32*J32 -> 0 | M32: =+HLOOKUP($C32,'Vigilancia 091213'!$G$4:$AF$38,(VLOOKUP(M$17,'Vigilancia 091213'!$B$7:$C$38,2,0)),0) -> 0 | N32: =+IF(M32=0,0,(VLOOKUP($C32,'Guia Circular 015'!$B$19:$H$44,7,0))) -> 0 | O32: =+N32*M32 -> 0 | P32: =+HLOOKUP($C32,'Vigilancia 091213'!$G$4:$AF$38,(VLOOKUP(P$17,'Vigilancia 091213'!$B$7:$C$38,2,0)),0) -> 0 | Q32: =+IF(P32=0,0,(VLOOKUP($C32,'Guia Circular 015'!$B$19:$H$44,7,0))) -> 0 | R32: =+Q32*P32 -> 0 | S32: =+HLOOKUP($C32,'Vigilancia 091213'!$G$4:$AF$38,(VLOOKUP(S$17,'Vigilancia 091213'!$B$7:$C$38,2,0)),0) -> 0 | T32: =+IF(S32=0,0,(VLOOKUP($C32,'Guia Circular 015'!$B$19:$H$44,7,0))) -> 0 | U32: =+T32*S32 -> 0 | V32: =+HLOOKUP($C32,'Vigilancia 091213'!$G$4:$AF$38,(VLOOKUP(V$17,'Vigilancia 091213'!$B$7:$C$38,2,0)),0) -> 0 | W32: =+IF(V32=0,0,(VLOOKUP($C32,'Guia Circular 015'!$B$19:$H$44,7,0))) -> 0 | X32: =+W32*V32 -> 0 | Y32: =+HLOOKUP($C32,'Vigilancia 091213'!$G$4:$AF$38,(VLOOKUP(Y$17,'Vigilancia 091213'!$B$7:$C$38,2,0)),0) -> 0 | Z32: =+IF(Y32=0,0,(VLOOKUP($C32,'Guia Circular 015'!$B$19:$H$44,7,0))) -> 0 | AA32: =+Z32*Y32 -> 0 | AB32: =+HLOOKUP($C32,'Vigilancia 091213'!$G$4:$AF$38,(VLOOKUP(AB$17,'Vigilancia 091213'!$B$7:$C$38,2,0)),0) -> 0 | AC32: =+IF(AB32=0,0,(VLOOKUP($C32,'Guia Circular 015'!$B$19:$H$44,7,0))) -> 0 | AD32: =+AC32*AB32 -> 0 | AE32: =+HLOOKUP($C32,'Vigilancia 091213'!$G$4:$AF$38,(VLOOKUP(AE$17,'Vigilancia 091213'!$B$7:$C$38,2,0)),0) -> 0 | AF32: =+IF(AE32=0,0,(VLOOKUP($C32,'Guia Circular 015'!$B$19:$H$44,7,0))) -> 0 | AG32: =+AF32*AE32 -> 0 | AH32: =+HLOOKUP($C32,'Vigilancia 091213'!$G$4:$AF$38,(VLOOKUP(AH$17,'Vigilancia 091213'!$B$7:$C$38,2,0)),0) -> 0 | AI32: =+IF(AH32=0,0,(VLOOKUP($C32,'Guia Circular 015'!$B$19:$H$44,7,0))) -> 0 | AJ32: =+AI32*AH32 -> 0 | AK32: =+HLOOKUP($C32,'Vigilancia 091213'!$G$4:$AF$38,(VLOOKUP(AK$17,'Vigilancia 091213'!$B$7:$C$38,2,0)),0) -> 0 | AL32: =+IF(AK32=0,0,(VLOOKUP($C32,'Guia Circular 015'!$B$19:$H$44,7,0))) -> 0 | AM32: =+AL32*AK32 -> 0 | AN32: =+HLOOKUP($C32,'Vigilancia 091213'!$G$4:$AF$38,(VLOOKUP(AN$17,'Vigilancia 091213'!$B$7:$C$38,2,0)),0) -> 0 | AO32: =+IF(AN32=0,0,(VLOOKUP($C32,'Guia Circular 015'!$B$19:$H$44,7,0))) -> 0 | AP32: =+AO32*AN32 -> 0 | AQ32: =+HLOOKUP($C32,'Vigilancia 091213'!$G$4:$AF$38,(VLOOKUP(AQ$17,'Vigilancia 091213'!$B$7:$C$38,2,0)),0) -> 0 | AR32: =+IF(AQ32=0,0,(VLOOKUP($C32,'Guia Circular 015'!$B$19:$H$44,7,0))) -> 0 | AS32: =+AR32*AQ32 -> 0 | AT32: =+HLOOKUP($C32,'Vigilancia 091213'!$G$4:$AF$38,(VLOOKUP(AT$17,'Vigilancia 091213'!$B$7:$C$38,2,0)),0) -> 0 | AU32: =+IF(AT32=0,0,(VLOOKUP($C32,'Guia Circular 015'!$B$19:$H$44,7,0))) -> 0 | AV32: =+AU32*AT32 -> 0 | AW32: =+HLOOKUP($C32,'Vigilancia 091213'!$G$4:$AF$38,(VLOOKUP(AW$17,'Vigilancia 091213'!$B$7:$C$38,2,0)),0) -> 0 | AX32: =+IF(AW32=0,0,(VLOOKUP($C32,'Guia Circular 015'!$B$19:$H$44,7,0))) -> 0 | AY32: =+AX32*AW32 -> 0 | AZ32: =+HLOOKUP($C32,'Vigilancia 091213'!$G$4:$AF$38,(VLOOKUP(AZ$17,'Vigilancia 091213'!$B$7:$C$38,2,0)),0) -> 0 | BA32: =+IF(AZ32=0,0,(VLOOKUP($C32,'Guia Circular 015'!$B$19:$H$44,7,0))) -> 0 | BB32: =+BA32*AZ32 -> 0 | BC32: =+HLOOKUP($C32,'Vigilancia 091213'!$G$4:$AF$38,(VLOOKUP(BC$17,'Vigilancia 091213'!$B$7:$C$38,2,0)),0) -> 0 | BD32: =+IF(BC32=0,0,(VLOOKUP($C32,'Guia Circular 015'!$B$19:$H$44,7,0))) -> 0 | BE32: =+BD32*BC32 -> 0 | BF32: =+HLOOKUP($C32,'Vigilancia 091213'!$G$4:$AF$38,(VLOOKUP(BF$17,'Vigilancia 091213'!$B$7:$C$38,2,0)),0) -> 0 | BG32: =+IF(BF32=0,0,(VLOOKUP($C32,'Guia Circular 015'!$B$19:$H$44,7,0))) -> 0 | BH32: =+BG32*BF32 -> 0 | BI32: =+HLOOKUP($C32,'Vigilancia 091213'!$G$4:$AF$38,(VLOOKUP(BI$17,'Vigilancia 091213'!$B$7:$C$38,2,0)),0) -> 0 | BJ32: =+IF(BI32=0,0,(VLOOKUP($C32,'Guia Circular 015'!$B$19:$H$44,7,0))) -> 0 | BK32: =+BJ32*BI32 -> 0 | BL32: =+HLOOKUP($C32,'Vigilancia 091213'!$G$4:$AF$38,(VLOOKUP(BL$17,'Vigilancia 091213'!$B$7:$C$38,2,0)),0) -> 0 | BM32: =+IF(BL32=0,0,(VLOOKUP($C32,'Guia Circular 015'!$B$19:$H$44,7,0))) -> 0 | BN32: =+BM32*BL32 -> 0 | BO32: =+HLOOKUP($C32,'Vigilancia 091213'!$G$4:$AF$38,(VLOOKUP(BO$17,'Vigilancia 091213'!$B$7:$C$38,2,0)),0) -> 0 | BP32: =+IF(BO32=0,0,(VLOOKUP($C32,'Guia Circular 015'!$B$19:$H$44,7,0))) -> 0 | BQ32: =+BP32*BO32 -> 0 | BR32: =+HLOOKUP($C32,'Vigilancia 091213'!$G$4:$AF$38,(VLOOKUP(BR$17,'Vigilancia 091213'!$B$7:$C$38,2,0)),0) -> 0 | BS32: =+IF(BR32=0,0,(VLOOKUP($C32,'Guia Circular 015'!$B$19:$H$44,7,0))) -> 0 | BT32: =+BS32*BR32 -> 0 | BU32: =+HLOOKUP($C32,'Vigilancia 091213'!$G$4:$AF$38,(VLOOKUP(BU$17,'Vigilancia 091213'!$B$7:$C$38,2,0)),0) -> 0 | BV32: =+IF(BU32=0,0,(VLOOKUP($C32,'Guia Circular 015'!$B$19:$H$44,7,0))) -> 0 | BW32: =+BV32*BU32 -> 0 | BX32: =+HLOOKUP($C32,'Vigilancia 091213'!$G$4:$AF$38,(VLOOKUP(BX$17,'Vigilancia 091213'!$B$7:$C$38,2,0)),0) -> 0 | BY32: =+IF(BX32=0,0,(VLOOKUP($C32,'Guia Circular 015'!$B$19:$H$44,7,0))) -> 0 | BZ32: =+BY32*BX32 -> 0 | CA32: =+HLOOKUP($C32,'Vigilancia 091213'!$G$4:$AF$38,(VLOOKUP(CA$17,'Vigilancia 091213'!$B$7:$C$38,2,0)),0) -> 3 | CB32: =+IF(CA32=0,0,(VLOOKUP($C32,'Guia Circular 015'!$B$19:$H$44,7,0))) -> 851674 | CC32: =+CB32*CA32 -> 2555022 | CD32: =+HLOOKUP($C32,'Vigilancia 091213'!$G$4:$AF$38,(VLOOKUP(CD$17,'Vigilancia 091213'!$B$7:$C$38,2,0)),0) -> 0 | CE32: =+IF(CD32=0,0,(VLOOKUP($C32,'Guia Circular 015'!$B$19:$H$44,7,0))) -> 0 | CF32: =+CE32*CD32 -> 0 | CG32: =+HLOOKUP($C32,'Vigilancia 091213'!$G$4:$AF$38,(VLOOKUP(CG$17,'Vigilancia 091213'!$B$7:$C$38,2,0)),0) -> 0 | CH32: =+IF(CG32=0,0,(VLOOKUP($C32,'Guia Circular 015'!$B$19:$H$44,7,0))) -> 0 | CI32: =+CH32*CG32 -> 0 | CJ32: =+HLOOKUP($C32,'Vigilancia 091213'!$G$4:$AF$38,(VLOOKUP(CJ$17,'Vigilancia 091213'!$B$7:$C$38,2,0)),0) -> 0 | CK32: =+IF(CJ32=0,0,(VLOOKUP($C32,'Guia Circular 015'!$B$19:$H$44,7,0))) -> 0 | CL32: =+CK32*CJ32 -> 0 | CM32: =+HLOOKUP($C32,'Vigilancia 091213'!$G$4:$AF$38,(VLOOKUP(CM$17,'Vigilancia 091213'!$B$7:$C$38,2,0)),0) -> 0 | CN32: =+IF(CM32=0,0,(VLOOKUP($C32,'Guia Circular 015'!$B$19:$H$44,7,0))) -> 0 | CO32: =+CN32*CM32 -> 0 | CP32: =+HLOOKUP($C32,'Vigilancia 091213'!$G$4:$AF$38,(VLOOKUP(CP$17,'Vigilancia 091213'!$B$7:$C$38,2,0)),0) -> 0 | CQ32: =+IF(CP32=0,0,(VLOOKUP($C32,'Guia Circular 015'!$B$19:$H$44,7,0))) -> 0 | CR32: =+CQ32*CP32 -> 0
B33: 15 | C33: 8 HORAS - NOCTURNAS - CON ARMA - L A D | D33: =+HLOOKUP($C33,'Vigilancia 091213'!$G$4:$AF$38,(VLOOKUP(D$17,'Vigilancia 091213'!$B$7:$C$38,2,0)),0) -> 0 | E33: =+IF(D33=0,0,(VLOOKUP($C33,'Guia Circular 015'!$B$19:$H$44,7,0))) -> 0 | F33: =+E33*D33 -> 0 | G33: =+HLOOKUP($C33,'Vigilancia 091213'!$G$4:$AF$38,(VLOOKUP(G$17,'Vigilancia 091213'!$B$7:$C$38,2,0)),0) -> 0 | H33: =+IF(G33=0,0,(VLOOKUP($C33,'Guia Circular 015'!$B$19:$H$44,7,0))) -> 0 | I33: =+H33*G33 -> 0 | J33: =+HLOOKUP($C33,'Vigilancia 091213'!$G$4:$AF$38,(VLOOKUP(J$17,'Vigilancia 091213'!$B$7:$C$38,2,0)),0) -> 0 | K33: =+IF(J33=0,0,(VLOOKUP($C33,'Guia Circular 015'!$B$19:$H$44,7,0))) -> 0 | L33: =+K33*J33 -> 0 | M33: =+HLOOKUP($C33,'Vigilancia 091213'!$G$4:$AF$38,(VLOOKUP(M$17,'Vigilancia 091213'!$B$7:$C$38,2,0)),0) -> 0 | N33: =+IF(M33=0,0,(VLOOKUP($C33,'Guia Circular 015'!$B$19:$H$44,7,0))) -> 0 | O33: =+N33*M33 -> 0 | P33: =+HLOOKUP($C33,'Vigilancia 091213'!$G$4:$AF$38,(VLOOKUP(P$17,'Vigilancia 091213'!$B$7:$C$38,2,0)),0) -> 0 | Q33: =+IF(P33=0,0,(VLOOKUP($C33,'Guia Circular 015'!$B$19:$H$44,7,0))) -> 0 | R33: =+Q33*P33 -> 0 | S33: =+HLOOKUP($C33,'Vigilancia 091213'!$G$4:$AF$38,(VLOOKUP(S$17,'Vigilancia 091213'!$B$7:$C$38,2,0)),0) -> 0 | T33: =+IF(S33=0,0,(VLOOKUP($C33,'Guia Circular 015'!$B$19:$H$44,7,0))) -> 0 | U33: =+T33*S33 -> 0 | V33: =+HLOOKUP($C33,'Vigilancia 091213'!$G$4:$AF$38,(VLOOKUP(V$17,'Vigilancia 091213'!$B$7:$C$38,2,0)),0) -> 0 | W33: =+IF(V33=0,0,(VLOOKUP($C33,'Guia Circular 015'!$B$19:$H$44,7,0))) -> 0 | X33: =+W33*V33 -> 0 | Y33: =+HLOOKUP($C33,'Vigilancia 091213'!$G$4:$AF$38,(VLOOKUP(Y$17,'Vigilancia 091213'!$B$7:$C$38,2,0)),0) -> 1 | Z33: =+IF(Y33=0,0,(VLOOKUP($C33,'Guia Circular 015'!$B$19:$H$44,7,0))) -> 2299663 | AA33: =+Z33*Y33 -> 2299663 | AB33: =+HLOOKUP($C33,'Vigilancia 091213'!$G$4:$AF$38,(VLOOKUP(AB$17,'Vigilancia 091213'!$B$7:$C$38,2,0)),0) -> 0 | AC33: =+IF(AB33=0,0,(VLOOKUP($C33,'Guia Circular 015'!$B$19:$H$44,7,0))) -> 0 | AD33: =+AC33*AB33 -> 0 | AE33: =+HLOOKUP($C33,'Vigilancia 091213'!$G$4:$AF$38,(VLOOKUP(AE$17,'Vigilancia 091213'!$B$7:$C$38,2,0)),0) -> 0 | AF33: =+IF(AE33=0,0,(VLOOKUP($C33,'Guia Circular 015'!$B$19:$H$44,7,0))) -> 0 | AG33: =+AF33*AE33 -> 0 | AH33: =+HLOOKUP($C33,'Vigilancia 091213'!$G$4:$AF$38,(VLOOKUP(AH$17,'Vigilancia 091213'!$B$7:$C$38,2,0)),0) -> 0 | AI33: =+IF(AH33=0,0,(VLOOKUP($C33,'Guia Circular 015'!$B$19:$H$44,7,0))) -> 0 | AJ33: =+AI33*AH33 -> 0 | AK33: =+HLOOKUP($C33,'Vigilancia 091213'!$G$4:$AF$38,(VLOOKUP(AK$17,'Vigilancia 091213'!$B$7:$C$38,2,0)),0) -> 0 | AL33: =+IF(AK33=0,0,(VLOOKUP($C33,'Guia Circular 015'!$B$19:$H$44,7,0))) -> 0 | AM33: =+AL33*AK33 -> 0 | AN33: =+HLOOKUP($C33,'Vigilancia 091213'!$G$4:$AF$38,(VLOOKUP(AN$17,'Vigilancia 091213'!$B$7:$C$38,2,0)),0) -> 0 | AO33: =+IF(AN33=0,0,(VLOOKUP($C33,'Guia Circular 015'!$B$19:$H$44,7,0))) -> 0 | AP33: =+AO33*AN33 -> 0 | AQ33: =+HLOOKUP($C33,'Vigilancia 091213'!$G$4:$AF$38,(VLOOKUP(AQ$17,'Vigilancia 091213'!$B$7:$C$38,2,0)),0) -> 0 | AR33: =+IF(AQ33=0,0,(VLOOKUP($C33,'Guia Circular 015'!$B$19:$H$44,7,0))) -> 0 | AS33: =+AR33*AQ33 -> 0 | AT33: =+HLOOKUP($C33,'Vigilancia 091213'!$G$4:$AF$38,(VLOOKUP(AT$17,'Vigilancia 091213'!$B$7:$C$38,2,0)),0) -> 0 | AU33: =+IF(AT33=0,0,(VLOOKUP($C33,'Guia Circular 015'!$B$19:$H$44,7,0))) -> 0 | AV33: =+AU33*AT33 -> 0 | AW33: =+HLOOKUP($C33,'Vigilancia 091213'!$G$4:$AF$38,(VLOOKUP(AW$17,'Vigilancia 091213'!$B$7:$C$38,2,0)),0) -> 0 | AX33: =+IF(AW33=0,0,(VLOOKUP($C33,'Guia Circular 015'!$B$19:$H$44,7,0))) -> 0 | AY33: =+AX33*AW33 -> 0 | AZ33: =+HLOOKUP($C33,'Vigilancia 091213'!$G$4:$AF$38,(VLOOKUP(AZ$17,'Vigilancia 091213'!$B$7:$C$38,2,0)),0) -> 0 | BA33: =+IF(AZ33=0,0,(VLOOKUP($C33,'Guia Circular 015'!$B$19:$H$44,7,0))) -> 0 | BB33: =+BA33*AZ33 -> 0 | BC33: =+HLOOKUP($C33,'Vigilancia 091213'!$G$4:$AF$38,(VLOOKUP(BC$17,'Vigilancia 091213'!$B$7:$C$38,2,0)),0) -> 0 | BD33: =+IF(BC33=0,0,(VLOOKUP($C33,'Guia Circular 015'!$B$19:$H$44,7,0))) -> 0 | BE33: =+BD33*BC33 -> 0 | BF33: =+HLOOKUP($C33,'Vigilancia 091213'!$G$4:$AF$38,(VLOOKUP(BF$17,'Vigilancia 091213'!$B$7:$C$38,2,0)),0) -> 0 | BG33: =+IF(BF33=0,0,(VLOOKUP($C33,'Guia Circular 015'!$B$19:$H$44,7,0))) -> 0 | BH33: =+BG33*BF33 -> 0 | BI33: =+HLOOKUP($C33,'Vigilancia 091213'!$G$4:$AF$38,(VLOOKUP(BI$17,'Vigilancia 091213'!$B$7:$C$38,2,0)),0) -> 0 | BJ33: =+IF(BI33=0,0,(VLOOKUP($C33,'Guia Circular 015'!$B$19:$H$44,7,0))) -> 0 | BK33: =+BJ33*BI33 -> 0 | BL33: =+HLOOKUP($C33,'Vigilancia 091213'!$G$4:$AF$38,(VLOOKUP(BL$17,'Vigilancia 091213'!$B$7:$C$38,2,0)),0) -> 0 | BM33: =+IF(BL33=0,0,(VLOOKUP($C33,'Guia Circular 015'!$B$19:$H$44,7,0))) -> 0 | BN33: =+BM33*BL33 -> 0 | BO33: =+HLOOKUP($C33,'Vigilancia 091213'!$G$4:$AF$38,(VLOOKUP(BO$17,'Vigilancia 091213'!$B$7:$C$38,2,0)),0) -> 0 | BP33: =+IF(BO33=0,0,(VLOOKUP($C33,'Guia Circular 015'!$B$19:$H$44,7,0))) -> 0 | BQ33: =+BP33*BO33 -> 0 | BR33: =+HLOOKUP($C33,'Vigilancia 091213'!$G$4:$AF$38,(VLOOKUP(BR$17,'Vigilancia 091213'!$B$7:$C$38,2,0)),0) -> 0 | BS33: =+IF(BR33=0,0,(VLOOKUP($C33,'Guia Circular 015'!$B$19:$H$44,7,0))) -> 0 | BT33: =+BS33*BR33 -> 0 | BU33: =+HLOOKUP($C33,'Vigilancia 091213'!$G$4:$AF$38,(VLOOKUP(BU$17,'Vigilancia 091213'!$B$7:$C$38,2,0)),0) -> 0 | BV33: =+IF(BU33=0,0,(VLOOKUP($C33,'Guia Circular 015'!$B$19:$H$44,7,0))) -> 0 | BW33: =+BV33*BU33 -> 0 | BX33: =+HLOOKUP($C33,'Vigilancia 091213'!$G$4:$AF$38,(VLOOKUP(BX$17,'Vigilancia 091213'!$B$7:$C$38,2,0)),0) -> 0 | BY33: =+IF(BX33=0,0,(VLOOKUP($C33,'Guia Circular 015'!$B$19:$H$44,7,0))) -> 0 | BZ33: =+BY33*BX33 -> 0 | CA33: =+HLOOKUP($C33,'Vigilancia 091213'!$G$4:$AF$38,(VLOOKUP(CA$17,'Vigilancia 091213'!$B$7:$C$38,2,0)),0) -> 3 | CB33: =+IF(CA33=0,0,(VLOOKUP($C33,'Guia Circular 015'!$B$19:$H$44,7,0))) -> 2299663 | CC33: =+CB33*CA33 -> 6898989 | CD33: =+HLOOKUP($C33,'Vigilancia 091213'!$G$4:$AF$38,(VLOOKUP(CD$17,'Vigilancia 091213'!$B$7:$C$38,2,0)),0) -> 0 | CE33: =+IF(CD33=0,0,(VLOOKUP($C33,'Guia Circular 015'!$B$19:$H$44,7,0))) -> 0 | CF33: =+CE33*CD33 -> 0 | CG33: =+HLOOKUP($C33,'Vigilancia 091213'!$G$4:$AF$38,(VLOOKUP(CG$17,'Vigilancia 091213'!$B$7:$C$38,2,0)),0) -> 0 | CH33: =+IF(CG33=0,0,(VLOOKUP($C33,'Guia Circular 015'!$B$19:$H$44,7,0))) -> 0 | CI33: =+CH33*CG33 -> 0 | CJ33: =+HLOOKUP($C33,'Vigilancia 091213'!$G$4:$AF$38,(VLOOKUP(CJ$17,'Vigilancia 091213'!$B$7:$C$38,2,0)),0) -> 0 | CK33: =+IF(CJ33=0,0,(VLOOKUP($C33,'Guia Circular 015'!$B$19:$H$44,7,0))) -> 0 | CL33: =+CK33*CJ33 -> 0 | CM33: =+HLOOKUP($C33,'Vigilancia 091213'!$G$4:$AF$38,(VLOOKUP(CM$17,'Vigilancia 091213'!$B$7:$C$38,2,0)),0) -> 0 | CN33: =+IF(CM33=0,0,(VLOOKUP($C33,'Guia Circular 015'!$B$19:$H$44,7,0))) -> 0 | CO33: =+CN33*CM33 -> 0 | CP33: =+HLOOKUP($C33,'Vigilancia 091213'!$G$4:$AF$38,(VLOOKUP(CP$17,'Vigilancia 091213'!$B$7:$C$38,2,0)),0) -> 0 | CQ33: =+IF(CP33=0,0,(VLOOKUP($C33,'Guia Circular 015'!$B$19:$H$44,7,0))) -> 0 | CR33: =+CQ33*CP33 -> 0
B34: 16 | C34: 8 HORAS - NOCTURNAS - CON ARMA - L A V - CON FESTIVOS SIN IVA | D34: =+HLOOKUP($C34,'Vigilancia 091213'!$G$4:$AF$38,(VLOOKUP(D$17,'Vigilancia 091213'!$B$7:$C$38,2,0)),0) -> 1 | E34: =+IF(D34=0,0,(VLOOKUP($C34,'Guia Circular 015'!$B$19:$H$44,7,0))) -> 1686420 | F34: =+E34*D34 -> 1686420 | G34: =+HLOOKUP($C34,'Vigilancia 091213'!$G$4:$AF$38,(VLOOKUP(G$17,'Vigilancia 091213'!$B$7:$C$38,2,0)),0) -> 0 | H34: =+IF(G34=0,0,(VLOOKUP($C34,'Guia Circular 015'!$B$19:$H$44,7,0))) -> 0 | I34: =+H34*G34 -> 0 | J34: =+HLOOKUP($C34,'Vigilancia 091213'!$G$4:$AF$38,(VLOOKUP(J$17,'Vigilancia 091213'!$B$7:$C$38,2,0)),0) -> 0 | K34: =+IF(J34=0,0,(VLOOKUP($C34,'Guia Circular 015'!$B$19:$H$44,7,0))) -> 0 | L34: =+K34*J34 -> 0 | M34: =+HLOOKUP($C34,'Vigilancia 091213'!$G$4:$AF$38,(VLOOKUP(M$17,'Vigilancia 091213'!$B$7:$C$38,2,0)),0) -> 0 | N34: =+IF(M34=0,0,(VLOOKUP($C34,'Guia Circular 015'!$B$19:$H$44,7,0))) -> 0 | O34: =+N34*M34 -> 0 | P34: =+HLOOKUP($C34,'Vigilancia 091213'!$G$4:$AF$38,(VLOOKUP(P$17,'Vigilancia 091213'!$B$7:$C$38,2,0)),0) -> 0 | Q34: =+IF(P34=0,0,(VLOOKUP($C34,'Guia Circular 015'!$B$19:$H$44,7,0))) -> 0 | R34: =+Q34*P34 -> 0 | S34: =+HLOOKUP($C34,'Vigilancia 091213'!$G$4:$AF$38,(VLOOKUP(S$17,'Vigilancia 091213'!$B$7:$C$38,2,0)),0) -> 0 | T34: =+IF(S34=0,0,(VLOOKUP($C34,'Guia Circular 015'!$B$19:$H$44,7,0))) -> 0 | U34: =+T34*S34 -> 0 | V34: =+HLOOKUP($C34,'Vigilancia 091213'!$G$4:$AF$38,(VLOOKUP(V$17,'Vigilancia 091213'!$B$7:$C$38,2,0)),0) -> 0 | W34: =+IF(V34=0,0,(VLOOKUP($C34,'Guia Circular 015'!$B$19:$H$44,7,0))) -> 0 | X34: =+W34*V34 -> 0 | Y34: =+HLOOKUP($C34,'Vigilancia 091213'!$G$4:$AF$38,(VLOOKUP(Y$17,'Vigilancia 091213'!$B$7:$C$38,2,0)),0) -> 0 | Z34: =+IF(Y34=0,0,(VLOOKUP($C34,'Guia Circular 015'!$B$19:$H$44,7,0))) -> 0 | AA34: =+Z34*Y34 -> 0 | AB34: =+HLOOKUP($C34,'Vigilancia 091213'!$G$4:$AF$38,(VLOOKUP(AB$17,'Vigilancia 091213'!$B$7:$C$38,2,0)),0) -> 0 | AC34: =+IF(AB34=0,0,(VLOOKUP($C34,'Guia Circular 015'!$B$19:$H$44,7,0))) -> 0 | AD34: =+AC34*AB34 -> 0 | AE34: =+HLOOKUP($C34,'Vigilancia 091213'!$G$4:$AF$38,(VLOOKUP(AE$17,'Vigilancia 091213'!$B$7:$C$38,2,0)),0) -> 0 | AF34: =+IF(AE34=0,0,(VLOOKUP($C34,'Guia Circular 015'!$B$19:$H$44,7,0))) -> 0 | AG34: =+AF34*AE34 -> 0 | AH34: =+HLOOKUP($C34,'Vigilancia 091213'!$G$4:$AF$38,(VLOOKUP(AH$17,'Vigilancia 091213'!$B$7:$C$38,2,0)),0) -> 0 | AI34: =+IF(AH34=0,0,(VLOOKUP($C34,'Guia Circular 015'!$B$19:$H$44,7,0))) -> 0 | AJ34: =+AI34*AH34 -> 0 | AK34: =+HLOOKUP($C34,'Vigilancia 091213'!$G$4:$AF$38,(VLOOKUP(AK$17,'Vigilancia 091213'!$B$7:$C$38,2,0)),0) -> 0 | AL34: =+IF(AK34=0,0,(VLOOKUP($C34,'Guia Circular 015'!$B$19:$H$44,7,0))) -> 0 | AM34: =+AL34*AK34 -> 0 | AN34: =+HLOOKUP($C34,'Vigilancia 091213'!$G$4:$AF$38,(VLOOKUP(AN$17,'Vigilancia 091213'!$B$7:$C$38,2,0)),0) -> 0 | AO34: =+IF(AN34=0,0,(VLOOKUP($C34,'Guia Circular 015'!$B$19:$H$44,7,0))) -> 0 | AP34: =+AO34*AN34 -> 0 | AQ34: =+HLOOKUP($C34,'Vigilancia 091213'!$G$4:$AF$38,(VLOOKUP(AQ$17,'Vigilancia 091213'!$B$7:$C$38,2,0)),0) -> 0 | AR34: =+IF(AQ34=0,0,(VLOOKUP($C34,'Guia Circular 015'!$B$19:$H$44,7,0))) -> 0 | AS34: =+AR34*AQ34 -> 0 | AT34: =+HLOOKUP($C34,'Vigilancia 091213'!$G$4:$AF$38,(VLOOKUP(AT$17,'Vigilancia 091213'!$B$7:$C$38,2,0)),0) -> 0 | AU34: =+IF(AT34=0,0,(VLOOKUP($C34,'Guia Circular 015'!$B$19:$H$44,7,0))) -> 0 | AV34: =+AU34*AT34 -> 0 | AW34: =+HLOOKUP($C34,'Vigilancia 091213'!$G$4:$AF$38,(VLOOKUP(AW$17,'Vigilancia 091213'!$B$7:$C$38,2,0)),0) -> 0 | AX34: =+IF(AW34=0,0,(VLOOKUP($C34,'Guia Circular 015'!$B$19:$H$44,7,0))) -> 0 | AY34: =+AX34*AW34 -> 0 | AZ34: =+HLOOKUP($C34,'Vigilancia 091213'!$G$4:$AF$38,(VLOOKUP(AZ$17,'Vigilancia 091213'!$B$7:$C$38,2,0)),0) -> 0 | BA34: =+IF(AZ34=0,0,(VLOOKUP($C34,'Guia Circular 015'!$B$19:$H$44,7,0))) -> 0 | BB34: =+BA34*AZ34 -> 0 | BC34: =+HLOOKUP($C34,'Vigilancia 091213'!$G$4:$AF$38,(VLOOKUP(BC$17,'Vigilancia 091213'!$B$7:$C$38,2,0)),0) -> 0 | BD34: =+IF(BC34=0,0,(VLOOKUP($C34,'Guia Circular 015'!$B$19:$H$44,7,0))) -> 0 | BE34: =+BD34*BC34 -> 0 | BF34: =+HLOOKUP($C34,'Vigilancia 091213'!$G$4:$AF$38,(VLOOKUP(BF$17,'Vigilancia 091213'!$B$7:$C$38,2,0)),0) -> 0 | BG34: =+IF(BF34=0,0,(VLOOKUP($C34,'Guia Circular 015'!$B$19:$H$44,7,0))) -> 0 | BH34: =+BG34*BF34 -> 0 | BI34: =+HLOOKUP($C34,'Vigilancia 091213'!$G$4:$AF$38,(VLOOKUP(BI$17,'Vigilancia 091213'!$B$7:$C$38,2,0)),0) -> 0 | BJ34: =+IF(BI34=0,0,(VLOOKUP($C34,'Guia Circular 015'!$B$19:$H$44,7,0))) -> 0 | BK34: =+BJ34*BI34 -> 0 | BL34: =+HLOOKUP($C34,'Vigilancia 091213'!$G$4:$AF$38,(VLOOKUP(BL$17,'Vigilancia 091213'!$B$7:$C$38,2,0)),0) -> 0 | BM34: =+IF(BL34=0,0,(VLOOKUP($C34,'Guia Circular 015'!$B$19:$H$44,7,0))) -> 0 | BN34: =+BM34*BL34 -> 0 | BO34: =+HLOOKUP($C34,'Vigilancia 091213'!$G$4:$AF$38,(VLOOKUP(BO$17,'Vigilancia 091213'!$B$7:$C$38,2,0)),0) -> 0 | BP34: =+IF(BO34=0,0,(VLOOKUP($C34,'Guia Circular 015'!$B$19:$H$44,7,0))) -> 0 | BQ34: =+BP34*BO34 -> 0 | BR34: =+HLOOKUP($C34,'Vigilancia 091213'!$G$4:$AF$38,(VLOOKUP(BR$17,'Vigilancia 091213'!$B$7:$C$38,2,0)),0) -> 0 | BS34: =+IF(BR34=0,0,(VLOOKUP($C34,'Guia Circular 015'!$B$19:$H$44,7,0))) -> 0 | BT34: =+BS34*BR34 -> 0 | BU34: =+HLOOKUP($C34,'Vigilancia 091213'!$G$4:$AF$38,(VLOOKUP(BU$17,'Vigilancia 091213'!$B$7:$C$38,2,0)),0) -> 0 | BV34: =+IF(BU34=0,0,(VLOOKUP($C34,'Guia Circular 015'!$B$19:$H$44,7,0))) -> 0 | BW34: =+BV34*BU34 -> 0 | BX34: =+HLOOKUP($C34,'Vigilancia 091213'!$G$4:$AF$38,(VLOOKUP(BX$17,'Vigilancia 091213'!$B$7:$C$38,2,0)),0) -> 0 | BY34: =+IF(BX34=0,0,(VLOOKUP($C34,'Guia Circular 015'!$B$19:$H$44,7,0))) -> 0 | BZ34: =+BY34*BX34 -> 0 | CA34: =+HLOOKUP($C34,'Vigilancia 091213'!$G$4:$AF$38,(VLOOKUP(CA$17,'Vigilancia 091213'!$B$7:$C$38,2,0)),0) -> 0 | CB34: =+IF(CA34=0,0,(VLOOKUP($C34,'Guia Circular 015'!$B$19:$H$44,7,0))) -> 0 | CC34: =+CB34*CA34 -> 0 | CD34: =+HLOOKUP($C34,'Vigilancia 091213'!$G$4:$AF$38,(VLOOKUP(CD$17,'Vigilancia 091213'!$B$7:$C$38,2,0)),0) -> 0 | CE34: =+IF(CD34=0,0,(VLOOKUP($C34,'Guia Circular 015'!$B$19:$H$44,7,0))) -> 0 | CF34: =+CE34*CD34 -> 0 | CG34: =+HLOOKUP($C34,'Vigilancia 091213'!$G$4:$AF$38,(VLOOKUP(CG$17,'Vigilancia 091213'!$B$7:$C$38,2,0)),0) -> 0 | CH34: =+IF(CG34=0,0,(VLOOKUP($C34,'Guia Circular 015'!$B$19:$H$44,7,0))) -> 0 | CI34: =+CH34*CG34 -> 0 | CJ34: =+HLOOKUP($C34,'Vigilancia 091213'!$G$4:$AF$38,(VLOOKUP(CJ$17,'Vigilancia 091213'!$B$7:$C$38,2,0)),0) -> 0 | CK34: =+IF(CJ34=0,0,(VLOOKUP($C34,'Guia Circular 015'!$B$19:$H$44,7,0))) -> 0 | CL34: =+CK34*CJ34 -> 0 | CM34: =+HLOOKUP($C34,'Vigilancia 091213'!$G$4:$AF$38,(VLOOKUP(CM$17,'Vigilancia 091213'!$B$7:$C$38,2,0)),0) -> 0 | CN34: =+IF(CM34=0,0,(VLOOKUP($C34,'Guia Circular 015'!$B$19:$H$44,7,0))) -> 0 | CO34: =+CN34*CM34 -> 0 | CP34: =+HLOOKUP($C34,'Vigilancia 091213'!$G$4:$AF$38,(VLOOKUP(CP$17,'Vigilancia 091213'!$B$7:$C$38,2,0)),0) -> 0 | CQ34: =+IF(CP34=0,0,(VLOOKUP($C34,'Guia Circular 015'!$B$19:$H$44,7,0))) -> 0 | CR34: =+CQ34*CP34 -> 0
... B44: 26 | C44: 16 HORAS - DIURNAS - CON ARMA - L A V - CON FESTIVOS | D44: =+HLOOKUP($C44,'Vigilancia 091213'!$G$4:$AF$38,(VLOOKUP(D$17,'Vigilancia 091213'!$B$7:$C$38,2,0)),0) -> 0 | E44: =+IF(D44=0,0,(VLOOKUP($C44,'Guia Circular 015'!$B$19:$H$44,7,0))) -> 0 | F44: =+E44*D44 -> 0 | G44: =+HLOOKUP($C44,'Vigilancia 091213'!$G$4:$AF$38,(VLOOKUP(G$17,'Vigilancia 091213'!$B$7:$C$38,2,0)),0) -> 0 | H44: =+IF(G44=0,0,(VLOOKUP($C44,'Guia Circular 015'!$B$19:$H$44,7,0))) -> 0 | I44: =+H44*G44 -> 0 | J44: =+HLOOKUP($C44,'Vigilancia 091213'!$G$4:$AF$38,(VLOOKUP(J$17,'Vigilancia 091213'!$B$7:$C$38,2,0)),0) -> 0 | K44: =+IF(J44=0,0,(VLOOKUP($C44,'Guia Circular 015'!$B$19:$H$44,7,0))) -> 0 | L44: =+K44*J44 -> 0 | M44: =+HLOOKUP($C44,'Vigilancia 091213'!$G$4:$AF$38,(VLOOKUP(M$17,'Vigilancia 091213'!$B$7:$C$38,2,0)),0) -> 0 | N44: =+IF(M44=0,0,(VLOOKUP($C44,'Guia Circular 015'!$B$19:$H$44,7,0))) -> 0 | O44: =+N44*M44 -> 0 | P44: =+HLOOKUP($C44,'Vigilancia 091213'!$G$4:$AF$38,(VLOOKUP(P$17,'Vigilancia 091213'!$B$7:$C$38,2,0)),0) -> 0 | Q44: =+IF(P44=0,0,(VLOOKUP($C44,'Guia Circular 015'!$B$19:$H$44,7,0))) -> 0 | R44: =+Q44*P44 -> 0 | S44: =+HLOOKUP($C44,'Vigilancia 091213'!$G$4:$AF$38,(VLOOKUP(S$17,'Vigilancia 091213'!$B$7:$C$38,2,0)),0) -> 0 | T44: =+IF(S44=0,0,(VLOOKUP($C44,'Guia Circular 015'!$B$19:$H$44,7,0))) -> 0 | U44: =+T44*S44 -> 0 | V44: =+HLOOKUP($C44,'Vigilancia 091213'!$G$4:$AF$38,(VLOOKUP(V$17,'Vigilancia 091213'!$B$7:$C$38,2,0)),0) -> 0 | W44: =+IF(V44=0,0,(VLOOKUP($C44,'Guia Circular 015'!$B$19:$H$44,7,0))) -> 0 | X44: =+W44*V44 -> 0 | Y44: =+HLOOKUP($C44,'Vigilancia 091213'!$G$4:$AF$38,(VLOOKUP(Y$17,'Vigilancia 091213'!$B$7:$C$38,2,0)),0) -> 1 | Z44: =+IF(Y44=0,0,(VLOOKUP($C44,'Guia Circular 015'!$B$19:$H$44,7,0))) -> 2498244 | AA44: =+Z44*Y44 -> 2498244 | AB44: =+HLOOKUP($C44,'Vigilancia 091213'!$G$4:$AF$38,(VLOOKUP(AB$17,'Vigilancia 091213'!$B$7:$C$38,2,0)),0) -> 0 | AC44: =+IF(AB44=0,0,(VLOOKUP($C44,'Guia Circular 015'!$B$19:$H$44,7,0))) -> 0 | AD44: =+AC44*AB44 -> 0 | AE44: =+HLOOKUP($C44,'Vigilancia 091213'!$G$4:$AF$38,(VLOOKUP(AE$17,'Vigilancia 091213'!$B$7:$C$38,2,0)),0) -> 0 | AF44: =+IF(AE44=0,0,(VLOOKUP($C44,'Guia Circular 015'!$B$19:$H$44,7,0))) -> 0 | AG44: =+AF44*AE44 -> 0 | AH44: =+HLOOKUP($C44,'Vigilancia 091213'!$G$4:$AF$38,(VLOOKUP(AH$17,'Vigilancia 091213'!$B$7:$C$38,2,0)),0) -> 0 | AI44: =+IF(AH44=0,0,(VLOOKUP($C44,'Guia Circular 015'!$B$19:$H$44,7,0))) -> 0 | AJ44: =+AI44*AH44 -> 0 | AK44: =+HLOOKUP($C44,'Vigilancia 091213'!$G$4:$AF$38,(VLOOKUP(AK$17,'Vigilancia 091213'!$B$7:$C$38,2,0)),0) -> 0 | AL44: =+IF(AK44=0,0,(VLOOKUP($C44,'Guia Circular 015'!$B$19:$H$44,7,0))) -> 0 | AM44: =+AL44*AK44 -> 0 | AN44: =+HLOOKUP($C44,'Vigilancia 091213'!$G$4:$AF$38,(VLOOKUP(AN$17,'Vigilancia 091213'!$B$7:$C$38,2,0)),0) -> 0 | AO44: =+IF(AN44=0,0,(VLOOKUP($C44,'Guia Circular 015'!$B$19:$H$44,7,0))) -> 0 | AP44: =+AO44*AN44 -> 0 | AQ44: =+HLOOKUP($C44,'Vigilancia 091213'!$G$4:$AF$38,(VLOOKUP(AQ$17,'Vigilancia 091213'!$B$7:$C$38,2,0)),0) -> 0 | AR44: =+IF(AQ44=0,0,(VLOOKUP($C44,'Guia Circular 015'!$B$19:$H$44,7,0))) -> 0 | AS44: =+AR44*AQ44 -> 0 | AT44: =+HLOOKUP($C44,'Vigilancia 091213'!$G$4:$AF$38,(VLOOKUP(AT$17,'Vigilancia 091213'!$B$7:$C$38,2,0)),0) -> 0 | AU44: =+IF(AT44=0,0,(VLOOKUP($C44,'Guia Circular 015'!$B$19:$H$44,7,0))) -> 0 | AV44: =+AU44*AT44 -> 0 | AW44: =+HLOOKUP($C44,'Vigilancia 091213'!$G$4:$AF$38,(VLOOKUP(AW$17,'Vigilancia 091213'!$B$7:$C$38,2,0)),0) -> 0 | AX44: =+IF(AW44=0,0,(VLOOKUP($C44,'Guia Circular 015'!$B$19:$H$44,7,0))) -> 0 | AY44: =+AX44*AW44 -> 0 | AZ44: =+HLOOKUP($C44,'Vigilancia 091213'!$G$4:$AF$38,(VLOOKUP(AZ$17,'Vigilancia 091213'!$B$7:$C$38,2,0)),0) -> 0 | BA44: =+IF(AZ44=0,0,(VLOOKUP($C44,'Guia Circular 015'!$B$19:$H$44,7,0))) -> 0 | BB44: =+BA44*AZ44 -> 0 | BC44: =+HLOOKUP($C44,'Vigilancia 091213'!$G$4:$AF$38,(VLOOKUP(BC$17,'Vigilancia 091213'!$B$7:$C$38,2,0)),0) -> 0 | BD44: =+IF(BC44=0,0,(VLOOKUP($C44,'Guia Circular 015'!$B$19:$H$44,7,0))) -> 0 | BE44: =+BD44*BC44 -> 0 | BF44: =+HLOOKUP($C44,'Vigilancia 091213'!$G$4:$AF$38,(VLOOKUP(BF$17,'Vigilancia 091213'!$B$7:$C$38,2,0)),0) -> 0 | BG44: =+IF(BF44=0,0,(VLOOKUP($C44,'Guia Circular 015'!$B$19:$H$44,7,0))) -> 0 | BH44: =+BG44*BF44 -> 0 | BI44: =+HLOOKUP($C44,'Vigilancia 091213'!$G$4:$AF$38,(VLOOKUP(BI$17,'Vigilancia 091213'!$B$7:$C$38,2,0)),0) -> 0 | BJ44: =+IF(BI44=0,0,(VLOOKUP($C44,'Guia Circular 015'!$B$19:$H$44,7,0))) -> 0 | BK44: =+BJ44*BI44 -> 0 | BL44: =+HLOOKUP($C44,'Vigilancia 091213'!$G$4:$AF$38,(VLOOKUP(BL$17,'Vigilancia 091213'!$B$7:$C$38,2,0)),0) -> 0 | BM44: =+IF(BL44=0,0,(VLOOKUP($C44,'Guia Circular 015'!$B$19:$H$44,7,0))) -> 0 | BN44: =+BM44*BL44 -> 0 | BO44: =+HLOOKUP($C44,'Vigilancia 091213'!$G$4:$AF$38,(VLOOKUP(BO$17,'Vigilancia 091213'!$B$7:$C$38,2,0)),0) -> 0 | BP44: =+IF(BO44=0,0,(VLOOKUP($C44,'Guia Circular 015'!$B$19:$H$44,7,0))) -> 0 | BQ44: =+BP44*BO44 -> 0 | BR44: =+HLOOKUP($C44,'Vigilancia 091213'!$G$4:$AF$38,(VLOOKUP(BR$17,'Vigilancia 091213'!$B$7:$C$38,2,0)),0) -> 0 | BS44: =+IF(BR44=0,0,(VLOOKUP($C44,'Guia Circular 015'!$B$19:$H$44,7,0))) -> 0 | BT44: =+BS44*BR44 -> 0 | BU44: =+HLOOKUP($C44,'Vigilancia 091213'!$G$4:$AF$38,(VLOOKUP(BU$17,'Vigilancia 091213'!$B$7:$C$38,2,0)),0) -> 0 | BV44: =+IF(BU44=0,0,(VLOOKUP($C44,'Guia Circular 015'!$B$19:$H$44,7,0))) -> 0 | BW44: =+BV44*BU44 -> 0 | BX44: =+HLOOKUP($C44,'Vigilancia 091213'!$G$4:$AF$38,(VLOOKUP(BX$17,'Vigilancia 091213'!$B$7:$C$38,2,0)),0) -> 0 | BY44: =+IF(BX44=0,0,(VLOOKUP($C44,'Guia Circular 015'!$B$19:$H$44,7,0))) -> 0 | BZ44: =+BY44*BX44 -> 0 | CA44: =+HLOOKUP($C44,'Vigilancia 091213'!$G$4:$AF$38,(VLOOKUP(CA$17,'Vigilancia 091213'!$B$7:$C$38,2,0)),0) -> 0 | CB44: =+IF(CA44=0,0,(VLOOKUP($C44,'Guia Circular 015'!$B$19:$H$44,7,0))) -> 0 | CC44: =+CB44*CA44 -> 0 | CD44: =+HLOOKUP($C44,'Vigilancia 091213'!$G$4:$AF$38,(VLOOKUP(CD$17,'Vigilancia 091213'!$B$7:$C$38,2,0)),0) -> 0 | CE44: =+IF(CD44=0,0,(VLOOKUP($C44,'Guia Circular 015'!$B$19:$H$44,7,0))) -> 0 | CF44: =+CE44*CD44 -> 0 | CG44: =+HLOOKUP($C44,'Vigilancia 091213'!$G$4:$AF$38,(VLOOKUP(CG$17,'Vigilancia 091213'!$B$7:$C$38,2,0)),0) -> 0 | CH44: =+IF(CG44=0,0,(VLOOKUP($C44,'Guia Circular 015'!$B$19:$H$44,7,0))) -> 0 | CI44: =+CH44*CG44 -> 0 | CJ44: =+HLOOKUP($C44,'Vigilancia 091213'!$G$4:$AF$38,(VLOOKUP(CJ$17,'Vigilancia 091213'!$B$7:$C$38,2,0)),0) -> 0 | CK44: =+IF(CJ44=0,0,(VLOOKUP($C44,'Guia Circular 015'!$B$19:$H$44,7,0))) -> 0 | CL44: =+CK44*CJ44 -> 0 | CM44: =+HLOOKUP($C44,'Vigilancia 091213'!$G$4:$AF$38,(VLOOKUP(CM$17,'Vigilancia 091213'!$B$7:$C$38,2,0)),0) -> 0 | CN44: =+IF(CM44=0,0,(VLOOKUP($C44,'Guia Circular 015'!$B$19:$H$44,7,0))) -> 0 | CO44: =+CN44*CM44 -> 0 | CP44: =+HLOOKUP($C44,'Vigilancia 091213'!$G$4:$AF$38,(VLOOKUP(CP$17,'Vigilancia 091213'!$B$7:$C$38,2,0)),0) -> 0 | CQ44: =+IF(CP44=0,0,(VLOOKUP($C44,'Guia Circular 015'!$B$19:$H$44,7,0))) -> 0 | CR44: =+CQ44*CP44 -> 0
C45: Total por sede | D45: =SUM(D19:D44) -> 9 | E45: SUBTOTAL 2013 | F45: =SUM(F19:F44) -> 42255501 | G45: =SUM(G19:G44) -> 25 | H45: SUBTOTAL 2013 | I45: =SUM(I19:I44) -> 123868801 | J45: =SUM(J19:J44) -> 4 | K45: SUBTOTAL 2013 | L45: =SUM(L19:L44) -> 18992763 | M45: =SUM(M19:M44) -> 16 | N45: SUBTOTAL 2013 | O45: =SUM(O19:O44) -> 83636406 | P45: =SUM(P19:P44) -> 13 | Q45: SUBTOTAL 2013 | R45: =SUM(R19:R44) -> 70179668 | S45: =SUM(S19:S44) -> 18 | T45: SUBTOTAL 2013 | U45: =SUM(U19:U44) -> 90932559 | V45: =SUM(V19:V44) -> 11 | W45: SUBTOTAL 2013 | X45: =SUM(X19:X44) -> 39461618 | Y45: =SUM(Y19:Y44) -> 11 | Z45: SUBTOTAL 2013 | AA45: =SUM(AA19:AA44) -> 41080085 | AB45: =SUM(AB19:AB44) -> 6 | AC45: SUBTOTAL 2013 | AD45: =SUM(AD19:AD44) -> 30204178 | AE45: =SUM(AE19:AE44) -> 8 | AF45: SUBTOTAL 2013 | AG45: =SUM(AG19:AG44) -> 45650880 | AH45: =SUM(AH19:AH44) -> 9 | AI45: SUBTOTAL 2013 | AJ45: =SUM(AJ19:AJ44) -> 51357240 | AK45: =SUM(AK19:AK44) -> 10 | AL45: SUBTOTAL 2013 | AM45: =SUM(AM19:AM44) -> 53912263 | AN45: =SUM(AN19:AN44) -> 11 | AO45: SUBTOTAL 2013 | AP45: =SUM(AP19:AP44) -> 58735978 | AQ45: =SUM(AQ19:AQ44) -> 2 | AR45: SUBTOTAL 2013 | AS45: =SUM(AS19:AS44) -> 11308968 | AT45: =SUM(AT19:AT44) -> 7 | AU45: SUBTOTAL 2013 | AV45: =SUM(AV19:AV44) -> 36111843 | AW45: =SUM(AW19:AW44) -> 1 | AX45: SUBTOTAL 2013 | AY45: =SUM(AY19:AY44) -> 5706360 | AZ45: =SUM(AZ19:AZ44) -> 10 | BA45: SUBTOTAL 2013 | BB45: =SUM(BB19:BB44) -> 49909252 | BC45: =SUM(BC19:BC44) -> 9 | BD45: SUBTOTAL 2013 | BE45: =SUM(BE19:BE44) -> 51357240 | BF45: =SUM(BF19:BF44) -> 12 | BG45: SUBTOTAL 2013 | BH45: =SUM(BH19:BH44) -> 56978289 | BI45: =SUM(BI19:BI44) -> 17 | BJ45: SUBTOTAL 2013 | BK45: =SUM(BK19:BK44) -> 70264692 | BL45: =SUM(BL19:BL44) -> 17 | BM45: SUBTOTAL 2013 | BN45: =SUM(BN19:BN44) -> 80996072 | BO45: =SUM(BO19:BO44) -> 9 | BP45: SUBTOTAL 2013 | BQ45: =SUM(BQ19:BQ44) -> 50527224 | BR45: =SUM(BR19:BR44) -> 9 | BS45: SUBTOTAL 2013 | BT45: =SUM(BT19:BT44) -> 34431580 | BU45: =SUM(BU19:BU44) -> 11 | BV45: SUBTOTAL 2013 | BW45: =SUM(BW19:BW44) -> 42175762 | BX45: =SUM(BX19:BX44) -> 4 | BY45: SUBTOTAL 2013 | BZ45: =SUM(BZ19:BZ44) -> 22825440 | CA45: =SUM(CA19:CA44) -> 21 | CB45: SUBTOTAL 2013 | CC45: =SUM(CC19:CC44) -> 80678773 | CD45: =SUM(CD19:CD44) -> 6 | CE45: SUBTOTAL 2013 | CF45: =SUM(CF19:CF44) -> 30405483 | CG45: =SUM(CG19:CG44) -> 18 | CH45: SUBTOTAL 2013 | CI45: =SUM(CI19:CI44) -> 87461197 | CJ45: =SUM(CJ19:CJ44) -> 22 | CK45: SUBTOTAL 2013 | CL45: =SUM(CL19:CL44) -> 114041889 | CM45: =SUM(CM19:CM44) -> 6 | CN45: SUBTOTAL 2013 | CO45: =SUM(CO19:CO44) -> 15190773 | CP45: =SUM(CP19:CP44) -> 5 | CQ45: SUBTOTAL 2013 | CR45: =SUM(CR19:CR44) -> 23629103
E46: BASE DEL 10% PARA IMPUESTO IVA | F46: =+F45*10% -> 4225550.1 | H46: BASE DEL 10% PARA IMPUESTO IVA | I46: =+I45*10% -> 12386880 | K46: BASE DEL 10% PARA IMPUESTO IVA | L46: =+L45*10% -> 1899276.3 | N46: BASE DEL 10% PARA IMPUESTO IVA | O46: =+O45*10% -> 8363640.6 | Q46: BASE DEL 10% PARA IMPUESTO IVA | R46: =+R45*10% -> 7017966.8 | T46: BASE DEL 10% PARA IMPUESTO IVA | U46: =+U45*10% -> 9093255.9 | W46: BASE DEL 10% PARA IMPUESTO IVA | X46: =+X45*10% -> 3946161.8 | Z46: BASE DEL 10% PARA IMPUESTO IVA | AA46: =+AA45*10% -> 4108008.5 | AC46: BASE DEL 10% PARA IMPUESTO IVA | AD46: =+AD45*10% -> 3020417.8 | AF46: BASE DEL 10% PARA IMPUESTO IVA | AG46: =+AG45*10% -> 4565088 | AI46: BASE DEL 10% PARA IMPUESTO IVA | AJ46: =+AJ45*10% -> 5135724 | AL46: BASE DEL 10% PARA IMPUESTO IVA | AM46: =+AM45*10% -> 5391226.3 | AO46: BASE DEL 10% PARA IMPUESTO IVA | AP46: =+AP45*10% -> 5873597.8 | AR46: BASE DEL 10% PARA IMPUESTO IVA | AS46: =+AS45*10% -> 1130896.8 | AU46: BASE DEL 10% PARA IMPUESTO IVA | AV46: =+AV45*10% -> 3611184.3 | AX46: BASE DEL 10% PARA IMPUESTO IVA | AY46: =+AY45*10% -> 570636 | BA46: BASE DEL 10% PARA IMPUESTO IVA | BB46: =+BB45*10% -> 4990925.2 | BD46: BASE DEL 10% PARA IMPUESTO IVA | BE46: =+BE45*10% -> 5135724 | BG46: BASE DEL 10% PARA IMPUESTO IVA | BH46: =+BH45*10% -> 5697828.9 | BJ46: BASE DEL 10% PARA IMPUESTO IVA | BK46: =+BK45*10% -> 7026469.2 | BM46: BASE DEL 10% PARA IMPUESTO IVA | BN46: =+BN45*10% -> 8099607.2 | BP46: BASE DEL 10% PARA IMPUESTO IVA | BQ46: =+BQ45*10% -> 5052722.4 | BS46: BASE DEL 10% PARA IMPUESTO IVA | BT46: =+BT45*10% -> 3443158 | BV46: BASE DEL 10% PARA IMPUESTO IVA | BW46: =+BW45*10% -> 4217576.2 | BY46: BASE DEL 10% PARA IMPUESTO IVA | BZ46: =+BZ45*10% -> 2282544 | CB46: BASE DEL 10% PARA IMPUESTO IVA | CC46: =+CC45*10% -> 8067877.3 | CE46: BASE DEL 10% PARA IMPUESTO IVA | CF46: =+CF45*10% -> 3040548.3 | CH46: BASE DEL 10% PARA IMPUESTO IVA | CI46: =+CI45*10% -> 8746119.7 | CK46: BASE DEL 10% PARA IMPUESTO IVA | CL46: =+CL45*10% -> 11404189 | CN46: BASE DEL 10% PARA IMPUESTO IVA | CO46: =+CO45*10% -> 1519077.3 | CQ46: BASE DEL 10% PARA IMPUESTO IVA | CR46: =+CR45*10% -> 2362910.3
D47: I.V.A. | E47: =+VLOOKUP(D$17,'Vigilancia 091213'!$B$4:$D$38,3,0) -> 0 | F47: =+F46*E47 -> 0 | G47: I.V.A. | H47: =+VLOOKUP(G$17,'Vigilancia 091213'!$B$4:$D$38,3,0) -> 0.16 | I47: =+I46*H47 -> 1981900.8 | J47: I.V.A. | K47: =+VLOOKUP(J$17,'Vigilancia 091213'!$B$4:$D$38,3,0) -> 0.16 | L47: =+L46*K47 -> 303884.21 | M47: I.V.A. | N47: =+VLOOKUP(M$17,'Vigilancia 091213'!$B$4:$D$38,3,0) -> 0.16 | O47: =+O46*N47 -> 1338182.5 | P47: I.V.A. | Q47: =+VLOOKUP(P$17,'Vigilancia 091213'!$B$4:$D$38,3,0) -> 0.16 | R47: =+R46*Q47 -> 1122874.7 | S47: I.V.A. | T47: =+VLOOKUP(S$17,'Vigilancia 091213'!$B$4:$D$38,3,0) -> 0.16 | U47: =+U46*T47 -> 1454920.9 | V47: I.V.A. | W47: =+VLOOKUP(V$17,'Vigilancia 091213'!$B$4:$D$38,3,0) -> 0.16 | X47: =+X46*W47 -> 631385.89 | Y47: I.V.A. | Z47: =+VLOOKUP(Y$17,'Vigilancia 091213'!$B$4:$D$38,3,0) -> 0.16 | AA47: =+AA46*Z47 -> 657281.36 | AB47: I.V.A. | AC47: =+VLOOKUP(AB$17,'Vigilancia 091213'!$B$4:$D$38,3,0) -> 0.16 | AD47: =+AD46*AC47 -> 483266.85 | AE47: I.V.A. | AF47: =+VLOOKUP(AE$17,'Vigilancia 091213'!$B$4:$D$38,3,0) -> 0.16 | AG47: =+AG46*AF47 -> 730414.08 | AH47: I.V.A. | AI47: =+VLOOKUP(AH$17,'Vigilancia 091213'!$B$4:$D$38,3,0) -> 0.16 | AJ47: =+AJ46*AI47 -> 821715.84 | AK47: I.V.A. | AL47: =+VLOOKUP(AK$17,'Vigilancia 091213'!$B$4:$D$38,3,0) -> 0.16 | AM47: =+AM46*AL47 -> 862596.21 | AN47: I.V.A. | AO47: =+VLOOKUP(AN$17,'Vigilancia 091213'!$B$4:$D$38,3,0) -> 0.16 | AP47: =+AP46*AO47 -> 939775.65 | AQ47: I.V.A. | AR47: =+VLOOKUP(AQ$17,'Vigilancia 091213'!$B$4:$D$38,3,0) -> 0.16 | AS47: =+AS46*AR47 -> 180943.49 | AT47: I.V.A. | AU47: =+VLOOKUP(AT$17,'Vigilancia 091213'!$B$4:$D$38,3,0) -> 0.16 | AV47: =+AV46*AU47 -> 577789.49 | AW47: I.V.A. | AX47: =+VLOOKUP(AW$17,'Vigilancia 091213'!$B$4:$D$38,3,0) -> 0.16 | AY47: =+AY46*AX47 -> 91301.76 | AZ47: I.V.A. | BA47: =+VLOOKUP(AZ$17,'Vigilancia 091213'!$B$4:$D$38,3,0) -> 0.16 | BB47: =+BB46*BA47 -> 798548.03 | BC47: I.V.A. | BD47: =+VLOOKUP(BC$17,'Vigilancia 091213'!$B$4:$D$38,3,0) -> 0.16 | BE47: =+BE46*BD47 -> 821715.84 | BF47: I.V.A. | BG47: =+VLOOKUP(BF$17,'Vigilancia 091213'!$B$4:$D$38,3,0) -> 0.16 | BH47: =+BH46*BG47 -> 911652.62 | BI47: I.V.A. | BJ47: =+VLOOKUP(BI$17,'Vigilancia 091213'!$B$4:$D$38,3,0) -> 0.16 | BK47: =+BK46*BJ47 -> 1124235.1 | BL47: I.V.A. | BM47: =+VLOOKUP(BL$17,'Vigilancia 091213'!$B$4:$D$38,3,0) -> 0.16 | BN47: =+BN46*BM47 -> 1295937.2 | BO47: I.V.A. | BP47: =+VLOOKUP(BO$17,'Vigilancia 091213'!$B$4:$D$38,3,0) -> 0.16 | BQ47: =+BQ46*BP47 -> 808435.58 | BR47: I.V.A. | BS47: =+VLOOKUP(BR$17,'Vigilancia 091213'!$B$4:$D$38,3,0) -> 0.16 | BT47: =+BT46*BS47 -> 550905.28 | BU47: I.V.A. | BV47: =+VLOOKUP(BU$17,'Vigilancia 091213'!$B$4:$D$38,3,0) -> 0.16 | BW47: =+BW46*BV47 -> 674812.19 | BX47: I.V.A. | BY47: =+VLOOKUP(BX$17,'Vigilancia 091213'!$B$4:$D$38,3,0) -> 0 | BZ47: =+BZ46*BY47 -> 0 | CA47: I.V.A. | CB47: =+VLOOKUP(CA$17,'Vigilancia 091213'!$B$4:$D$38,3,0) -> 0.16 | CC47: =+CC46*CB47 -> 1290860.4 | CD47: I.V.A. | CE47: =+VLOOKUP(CD$17,'Vigilancia 091213'!$B$4:$D$38,3,0) -> 0.16 | CF47: =+CF46*CE47 -> 486487.73 | CG47: I.V.A. | CH47: =+VLOOKUP(CG$17,'Vigilancia 091213'!$B$4:$D$38,3,0) -> 0.16 | CI47: =+CI46*CH47 -> 1399379.2 | CJ47: I.V.A. | CK47: =+VLOOKUP(CJ$17,'Vigilancia 091213'!$B$4:$D$38,3,0) -> 0.16 | CL47: =+CL46*CK47 -> 1824670.2 | CM47: I.V.A. | CN47: =+VLOOKUP(CM$17,'Vigilancia 091213'!$B$4:$D$38,3,0) -> 0.16 | CO47: =+CO46*CN47 -> 243052.37 | CP47: I.V.A. | CQ47: =+VLOOKUP(CP$17,'Vigilancia 091213'!$B$4:$D$38,3,0) -> 0.16 | CR47: =+CR46*CQ47 -> 378065.65
D48: =+"VALOR MENSUAL TURNOS SERVICIO DE VIGILANCIA Y SEGURIDAD PRIVADA 2013 "&D17 -> VALOR MENSUAL TURNOS SERVICIO DE VIGILANCIA Y SEGURIDAD PRIVADA 2013 AMAZONAS | F48: =+ROUND(F45+F47,0) -> 42255501 | G48: =+"VALOR MENSUAL TURNOS SERVICIO DE VIGILANCIA Y SEGURIDAD PRIVADA 2013 "&G17 -> VALOR MENSUAL TURNOS SERVICIO DE VIGILANCIA Y SEGURIDAD PRIVADA 2013 ANTIOQUIA | I48: =+ROUND(I45+I47,0) -> 125850702 | J48: =+"VALOR MENSUAL TURNOS SERVICIO DE VIGILANCIA Y SEGURIDAD PRIVADA 2013 "&J17 -> VALOR MENSUAL TURNOS SERVICIO DE VIGILANCIA Y SEGURIDAD PRIVADA 2013 ARAUCA | L48: =+ROUND(L45+L47,0) -> 19296647 | M48: =+"VALOR MENSUAL TURNOS SERVICIO DE VIGILANCIA Y SEGURIDAD PRIVADA 2013 "&M17 -> VALOR MENSUAL TURNOS SERVICIO DE VIGILANCIA Y SEGURIDAD PRIVADA 2013 ATLANTICO | O48: =+ROUND(O45+O47,0) -> 84974588 | P48: =+"VALOR MENSUAL TURNOS SERVICIO DE VIGILANCIA Y SEGURIDAD PRIVADA 2013 "&P17 -> VALOR MENSUAL TURNOS SERVICIO DE VIGILANCIA Y SEGURIDAD PRIVADA 2013 BOLIVAR | R48: =+ROUND(R45+R47,0) -> 71302543 | S48: =+"VALOR MENSUAL TURNOS SERVICIO DE VIGILANCIA Y SEGURIDAD PRIVADA 2013 "&S17 -> VALOR MENSUAL TURNOS SERVICIO DE VIGILANCIA Y SEGURIDAD PRIVADA 2013 BOYACA | U48: =+ROUND(U45+U47,0) -> 92387480 | V48: =+"VALOR MENSUAL TURNOS SERVICIO DE VIGILANCIA Y SEGURIDAD PRIVADA 2013 "&V17 -> VALOR MENSUAL TURNOS SERVICIO DE VIGILANCIA Y SEGURIDAD PRIVADA 2013 CALDAS | X48: =+ROUND(X45+X47,0) -> 40093004 | Y48: =+"VALOR MENSUAL TURNOS SERVICIO DE VIGILANCIA Y SEGURIDAD PRIVADA 2013 "&Y17 -> VALOR MENSUAL TURNOS SERVICIO DE VIGILANCIA Y SEGURIDAD PRIVADA 2013 CAQUETA | AA48: =+ROUND(AA45+AA47,0) -> 41737366 | AB48: =+"VALOR MENSUAL TURNOS SERVICIO DE VIGILANCIA Y SEGURIDAD PRIVADA 2013 "&AB17 -> VALOR MENSUAL TURNOS SERVICIO DE VIGILANCIA Y SEGURIDAD PRIVADA 2013 CASANARE | AD48: =+ROUND(AD45+AD47,0) -> 30687445 | AE48: =+"VALOR MENSUAL TURNOS SERVICIO DE VIGILANCIA Y SEGURIDAD PRIVADA 2013 "&AE17 -> VALOR MENSUAL TURNOS SERVICIO DE VIGILANCIA Y SEGURIDAD PRIVADA 2013 CAUCA | AG48: =+ROUND(AG45+AG47,0) -> 46381294 | AH48: =+"VALOR MENSUAL TURNOS SERVICIO DE VIGILANCIA Y SEGURIDAD PRIVADA 2013 "&AH17 -> VALOR MENSUAL TURNOS SERVICIO DE VIGILANCIA Y SEGURIDAD PRIVADA 2013 CESAR | AJ48: =+ROUND(AJ45+AJ47,0) -> 52178956 | AK48: =+"VALOR MENSUAL TURNOS SERVICIO DE VIGILANCIA Y SEGURIDAD PRIVADA 2013 "&AK17 -> VALOR MENSUAL TURNOS SERVICIO DE VIGILANCIA Y SEGURIDAD PRIVADA 2013 CHOCO | AM48: =+ROUND(AM45+AM47,0) -> 54774859 | AN48: =+"VALOR MENSUAL TURNOS SERVICIO DE VIGILANCIA Y SEGURIDAD PRIVADA 2013 "&AN17 -> VALOR MENSUAL TURNOS SERVICIO DE VIGILANCIA Y SEGURIDAD PRIVADA 2013 CORDOBA | AP48: =+ROUND(AP45+AP47,0) -> 59675754 | AQ48: =+"VALOR MENSUAL TURNOS SERVICIO DE VIGILANCIA Y SEGURIDAD PRIVADA 2013 "&AQ17 -> VALOR MENSUAL TURNOS SERVICIO DE VIGILANCIA Y SEGURIDAD PRIVADA 2013 GUAINIA | AS48: =+ROUND(AS45+AS47,0) -> 11489911 | AT48: =+"VALOR MENSUAL TURNOS SERVICIO DE VIGILANCIA Y SEGURIDAD PRIVADA 2013 "&AT17 -> VALOR MENSUAL TURNOS SERVICIO DE VIGILANCIA Y SEGURIDAD PRIVADA 2013 GUAJIRA | AV48: =+ROUND(AV45+AV47,0) -> 36689632 | AW48: =+"VALOR MENSUAL TURNOS SERVICIO DE VIGILANCIA Y SEGURIDAD PRIVADA 2013 "&AW17 -> VALOR MENSUAL TURNOS SERVICIO DE VIGILANCIA Y SEGURIDAD PRIVADA 2013 GUAVIARE | AY48: =+ROUND(AY45+AY47,0) -> 5797662 | AZ48: =+"VALOR MENSUAL TURNOS SERVICIO DE VIGILANCIA Y SEGURIDAD PRIVADA 2013 "&AZ17 -> VALOR MENSUAL TURNOS SERVICIO DE VIGILANCIA Y SEGURIDAD PRIVADA 2013 HUILA | BB48: =+ROUND(BB45+BB47,0) -> 50707800 | BC48: =+"VALOR MENSUAL TURNOS SERVICIO DE VIGILANCIA Y SEGURIDAD PRIVADA 2013 "&BC17 -> VALOR MENSUAL TURNOS SERVICIO DE VIGILANCIA Y SEGURIDAD PRIVADA 2013 MAGDALENA | BE48: =+ROUND(BE45+BE47,0) -> 52178956 | BF48: =+"VALOR MENSUAL TURNOS SERVICIO DE VIGILANCIA Y SEGURIDAD PRIVADA 2013 "&BF17 -> VALOR MENSUAL TURNOS SERVICIO DE VIGILANCIA Y SEGURIDAD PRIVADA 2013 META | BH48: =+ROUND(BH45+BH47,0) -> 57889942 | BI48: =+"VALOR MENSUAL TURNOS SERVICIO DE VIGILANCIA Y SEGURIDAD PRIVADA 2013 "&BI17 -> VALOR MENSUAL TURNOS SERVICIO DE VIGILANCIA Y SEGURIDAD PRIVADA 2013 NORTE DE SANTANDER | BK48: =+ROUND(BK45+BK47,0) -> 71388927 | BL48: =+"VALOR MENSUAL TURNOS SERVICIO DE VIGILANCIA Y SEGURIDAD PRIVADA 2013 "&BL17 -> VALOR MENSUAL TURNOS SERVICIO DE VIGILANCIA Y SEGURIDAD PRIVADA 2013 NARIÑO | BN48: =+ROUND(BN45+BN47,0) -> 82292009 | BO48: =+"VALOR MENSUAL TURNOS SERVICIO DE VIGILANCIA Y SEGURIDAD PRIVADA 2013 "&BO17 -> VALOR MENSUAL TURNOS SERVICIO DE VIGILANCIA Y SEGURIDAD PRIVADA 2013 PUTUMAYO | BQ48: =+ROUND(BQ45+BQ47,0) -> 51335660 | BR48: =+"VALOR MENSUAL TURNOS SERVICIO DE VIGILANCIA Y SEGURIDAD PRIVADA 2013 "&BR17 -> VALOR MENSUAL TURNOS SERVICIO DE VIGILANCIA Y SEGURIDAD PRIVADA 2013 QUINDIO | BT48: =+ROUND(BT45+BT47,0) -> 34982485 | BU48: =+"VALOR MENSUAL TURNOS SERVICIO DE VIGILANCIA Y SEGURIDAD PRIVADA 2013 "&BU17 -> VALOR MENSUAL TURNOS SERVICIO DE VIGILANCIA Y SEGURIDAD PRIVADA 2013 RISARALDA | BW48: =+ROUND(BW45+BW47,0) -> 42850574 | BX48: =+"VALOR MENSUAL TURNOS SERVICIO DE VIGILANCIA Y SEGURIDAD PRIVADA 2013 "&BX17 -> VALOR MENSUAL TURNOS SERVICIO DE VIGILANCIA Y SEGURIDAD PRIVADA 2013 SAN ANDRES | BZ48: =+ROUND(BZ45+BZ47,0) -> 22825440 | CA48: =+"VALOR MENSUAL TURNOS SERVICIO DE VIGILANCIA Y SEGURIDAD PRIVADA 2013 "&CA17 -> VALOR MENSUAL TURNOS SERVICIO DE VIGILANCIA Y SEGURIDAD PRIVADA 2013 SANTANDER | CC48: =+ROUND(CC45+CC47,0) -> 81969633 | CD48: =+"VALOR MENSUAL TURNOS SERVICIO DE VIGILANCIA Y SEGURIDAD PRIVADA 2013 "&CD17 -> VALOR MENSUAL TURNOS SERVICIO DE VIGILANCIA Y SEGURIDAD PRIVADA 2013 SUCRE | CF48: =+ROUND(CF45+CF47,0) -> 30891971 | CG48: =+"VALOR MENSUAL TURNOS SERVICIO DE VIGILANCIA Y SEGURIDAD PRIVADA 2013 "&CG17 -> VALOR MENSUAL TURNOS SERVICIO DE VIGILANCIA Y SEGURIDAD PRIVADA 2013 TOLIMA | CI48: =+ROUND(CI45+CI47,0) -> 88860576 | CJ48: =+"VALOR MENSUAL TURNOS SERVICIO DE VIGILANCIA Y SEGURIDAD PRIVADA 2013 "&CJ17 -> VALOR MENSUAL TURNOS SERVICIO DE VIGILANCIA Y SEGURIDAD PRIVADA 2013 VALLE | CL48: =+ROUND(CL45+CL47,0) -> 115866559 | CM48: =+"VALOR MENSUAL TURNOS SERVICIO DE VIGILANCIA Y SEGURIDAD PRIVADA 2013 "&CM17 -> VALOR MENSUAL TURNOS SERVICIO DE VIGILANCIA Y SEGURIDAD PRIVADA 2013 VAUPES | CO48: =+ROUND(CO45+CO47,0) -> 15433825 | CP48: =+"VALOR MENSUAL TURNOS SERVICIO DE VIGILANCIA Y SEGURIDAD PRIVADA 2013 "&CP17 -> VALOR MENSUAL TURNOS SERVICIO DE VIGILANCIA Y SEGURIDAD PRIVADA 2013 VICHADA | CR48: =+ROUND(CR45+CR47,0) -> 24007169
C49: =SUM(D49:CR49) -> 65 | F49: =+VLOOKUP(D$17,'Vigilancia 091213'!$B$7:$E$38,4,0)-F48 -> 0 | I49: =+VLOOKUP(G$17,'Vigilancia 091213'!$B$7:$E$38,4,0)-I48 -> 6 | L49: =+VLOOKUP(J$17,'Vigilancia 091213'!$B$7:$E$38,4,0)-L48 -> 1 | O49: =+VLOOKUP(M$17,'Vigilancia 091213'!$B$7:$E$38,4,0)-O48 -> 4 | R49: =+VLOOKUP(P$17,'Vigilancia 091213'!$B$7:$E$38,4,0)-R48 -> 3 | U49: =+VLOOKUP(S$17,'Vigilancia 091213'!$B$7:$E$38,4,0)-U48 -> 3 | X49: =+VLOOKUP(V$17,'Vigilancia 091213'!$B$7:$E$38,4,0)-X48 -> 1 | AA49: =+VLOOKUP(Y$17,'Vigilancia 091213'!$B$7:$E$38,4,0)-AA48 -> 3 | AD49: =+VLOOKUP(AB$17,'Vigilancia 091213'!$B$7:$E$38,4,0)-AD48 -> 1 | AG49: =+VLOOKUP(AE$17,'Vigilancia 091213'!$B$7:$E$38,4,0)-AG48 -> 2 | AJ49: =+VLOOKUP(AH$17,'Vigilancia 091213'!$B$7:$E$38,4,0)-AJ48 -> 2 | AM49: =+VLOOKUP(AK$17,'Vigilancia 091213'!$B$7:$E$38,4,0)-AM48 -> 2 | AP49: =+VLOOKUP(AN$17,'Vigilancia 091213'!$B$7:$E$38,4,0)-AP48 -> 2 | AS49: =+VLOOKUP(AQ$17,'Vigilancia 091213'!$B$7:$E$38,4,0)-AS48 -> 1 | AV49: =+VLOOKUP(AT$17,'Vigilancia 091213'!$B$7:$E$38,4,0)-AV48 -> 2 | AY49: =+VLOOKUP(AW$17,'Vigilancia 091213'!$B$7:$E$38,4,0)-AY48 -> 0 | BB49: =+VLOOKUP(AZ$17,'Vigilancia 091213'!$B$7:$E$38,4,0)-BB48 -> 2 | BE49: =+VLOOKUP(BC$17,'Vigilancia 091213'!$B$7:$E$38,4,0)-BE48 -> 2 | BH49: =+VLOOKUP(BF$17,'Vigilancia 091213'!$B$7:$E$38,4,0)-BH48 -> 2 | BK49: =+VLOOKUP(BI$17,'Vigilancia 091213'!$B$7:$E$38,4,0)-BK48 -> 3 | BN49: =+VLOOKUP(BL$17,'Vigilancia 091213'!$B$7:$E$38,4,0)-BN48 -> 5 | BQ49: =+VLOOKUP(BO$17,'Vigilancia 091213'!$B$7:$E$38,4,0)-BQ48 -> 2 | BT49: =+VLOOKUP(BR$17,'Vigilancia 091213'!$B$7:$E$38,4,0)-BT48 -> 2 | BW49: =+VLOOKUP(BU$17,'Vigilancia 091213'!$B$7:$E$38,4,0)-BW48 -> 1 | BZ49: =+VLOOKUP(BX$17,'Vigilancia 091213'!$B$7:$E$38,4,0)-BZ48 -> 0 | CC49: =+VLOOKUP(CA$17,'Vigilancia 091213'!$B$7:$E$38,4,0)-CC48 -> 4 | CF49: =+VLOOKUP(CD$17,'Vigilancia 091213'!$B$7:$E$38,4,0)-CF48 -> 1 | CI49: =+VLOOKUP(CG$17,'Vigilancia 091213'!$B$7:$E$38,4,0)-CI48 -> 3 | CL49: =+VLOOKUP(CJ$17,'Vigilancia 091213'!$B$7:$E$38,4,0)-CL48 -> 5 | CO49: =+VLOOKUP(CM$17,'Vigilancia 091213'!$B$7:$E$38,4,0)-CO48 -> -1 | CR49: =+VLOOKUP(CP$17,'Vigilancia 091213'!$B$7:$E$38,4,0)-CR48 -> 1
D50: =+D17 -> AMAZONAS | G50: =+G17 -> ANTIOQUIA | J50: =+J17 -> ARAUCA | M50: =+M17 -> ATLANTICO | P50: =+P17 -> BOLIVAR | S50: =+S17 -> BOYACA | V50: =+V17 -> CALDAS | Y50: =+Y17 -> CAQUETA | AB50: =+AB17 -> CASANARE | AE50: =+AE17 -> CAUCA | AH50: =+AH17 -> CESAR | AK50: =+AK17 -> CHOCO | AN50: =+AN17 -> CORDOBA | AQ50: =+AQ17 -> GUAINIA | AT50: =+AT17 -> GUAJIRA | AW50: =+AW17 -> GUAVIARE | AZ50: =+AZ17 -> HUILA | BC50: =+BC17 -> MAGDALENA | BF50: =+BF17 -> META | BI50: =+BI17 -> NORTE DE SANTANDER | BL50: =+BL17 -> NARIÑO | BO50: =+BO17 -> PUTUMAYO | BR50: =+BR17 -> QUINDIO | BU50: =+BU17 -> RISARALDA | BX50: =+BX17 -> SAN ANDRES | CA50: =+CA17 -> SANTANDER | CD50: =+CD17 -> SUCRE | CG50: =+CG17 -> TOLIMA | CJ50: =+CJ17 -> VALLE | CM50: =+CM17 -> VAUPES | CP50: =+CP17 -> VICHADA
C51: MEDIOS TÉCNOLOGICOS Y MONITOREO (VALOR MENSUAL 2013) | D51: Cantidad | E51: Valor Unitario Mensual Antes de IVA | F51: Valor Total Mensual Antes de IVA | G51: Cantidad | H51: Valor Unitario Mensual Antes de IVA | I51: Valor Total Mensual Antes de IVA | J51: Cantidad | K51: Valor Unitario Mensual Antes de IVA | L51: Valor Total Mensual Antes de IVA | M51: Cantidad | N51: Valor Unitario Mensual Antes de IVA | O51: Valor Total Mensual Antes de IVA | P51: Cantidad | Q51: Valor Unitario Mensual Antes de IVA | R51: Valor Total Mensual Antes de IVA | S51: Cantidad | T51: Valor Unitario Mensual Antes de IVA | U51: Valor Total Mensual Antes de IVA | V51: Cantidad | W51: Valor Unitario Mensual Antes de IVA | X51: Valor Total Mensual Antes de IVA | Y51: Cantidad | Z51: Valor Unitario Mensual Antes de IVA | AA51: Valor Total Mensual Antes de IVA | AB51: Cantidad | AC51: Valor Unitario Mensual Antes de IVA | AD51: Valor Total Mensual Antes de IVA | AE51: Cantidad | AF51: Valor Unitario Mensual Antes de IVA | AG51: Valor Total Mensual Antes de IVA | AH51: Cantidad | AI51: Valor Unitario Mensual Antes de IVA | AJ51: Valor Total Mensual Antes de IVA | AK51: Cantidad | AL51: Valor Unitario Mensual Antes de IVA | AM51: Valor Total Mensual Antes de IVA | AN51: Cantidad | AO51: Valor Unitario Mensual Antes de IVA | AP51: Valor Total Mensual Antes de IVA | AQ51: Cantidad | AR51: Valor Unitario Mensual Antes de IVA | AS51: Valor Total Mensual Antes de IVA | AT51: Cantidad | AU51: Valor Unitario Mensual Antes de IVA | AV51: Valor Total Mensual Antes de IVA | AW51: Cantidad | AX51: Valor Unitario Mensual Antes de IVA | AY51: Valor Total Mensual Antes de IVA | AZ51: Cantidad | BA51: Valor Unitario Mensual Antes de IVA | BB51: Valor Total Mensual Antes de IVA | BC51: Cantidad | BD51: Valor Unitario Mensual Antes de IVA | BE51: Valor Total Mensual Antes de IVA | BF51: Cantidad | BG51: Valor Unitario Mensual Antes de IVA | BH51: Valor Total Mensual Antes de IVA | BI51: Cantidad | BJ51: Valor Unitario Mensual Antes de IVA | BK51: Valor Total Mensual Antes de IVA | BL51: Cantidad | BM51: Valor Unitario Mensual Antes de IVA | BN51: Valor Total Mensual Antes de IVA | BO51: Cantidad | BP51: Valor Unitario Mensual Antes de IVA | BQ51: Valor Total Mensual Antes de IVA | BR51: Cantidad | BS51: Valor Unitario Mensual Antes de IVA | BT51: Valor Total Mensual Antes de IVA | BU51: Cantidad | BV51: Valor Unitario Mensual Antes de IVA | BW51: Valor Total Mensual Antes de IVA | BX51: Cantidad | BY51: Valor Unitario Mensual Antes de IVA | BZ51: Valor Total Mensual Antes de IVA | CA51: Cantidad | CB51: Valor Unitario Mensual Antes de IVA | CC51: Valor Total Mensual Antes de IVA | CD51: Cantidad | CE51: Valor Unitario Mensual Antes de IVA | CF51: Valor Total Mensual Antes de IVA | CG51: Cantidad | CH51: Valor Unitario Mensual Antes de IVA | CI51: Valor Total Mensual Antes de IVA | CJ51: Cantidad | CK51: Valor Unitario Mensual Antes de IVA | CL51: Valor Total Mensual Antes de IVA | CM51: Cantidad | CN51: Valor Unitario Mensual Antes de IVA | CO51: Valor Total Mensual Antes de IVA | CP51: Cantidad | CQ51: Valor Unitario Mensual Antes de IVA | CR51: Valor Total Mensual Antes de IVA
C52: Monitoreo | D52: =+HLOOKUP($C52,'Medios Tecnologicos 091113 '!$A$10:$O$42,(VLOOKUP(D$50,'Medios Tecnologicos 091113 '!$A$10:$B$42,2,0)),0) -> 0 | F52: =+E52*D52 -> 0 | G52: =+HLOOKUP($C52,'Medios Tecnologicos 091113 '!$A$10:$O$42,(VLOOKUP(G$50,'Medios Tecnologicos 091113 '!$A$10:$B$42,2,0)),0) -> 0 | I52: =+H52*G52 -> 0 | J52: =+HLOOKUP($C52,'Medios Tecnologicos 091113 '!$A$10:$O$42,(VLOOKUP(J$50,'Medios Tecnologicos 091113 '!$A$10:$B$42,2,0)),0) -> 0 | L52: =+K52*J52 -> 0 | M52: =+HLOOKUP($C52,'Medios Tecnologicos 091113 '!$A$10:$O$42,(VLOOKUP(M$50,'Medios Tecnologicos 091113 '!$A$10:$B$42,2,0)),0) -> 6 | O52: =+N52*M52 -> 0 | P52: =+HLOOKUP($C52,'Medios Tecnologicos 091113 '!$A$10:$O$42,(VLOOKUP(P$50,'Medios Tecnologicos 091113 '!$A$10:$B$42,2,0)),0) -> 0 | R52: =+Q52*P52 -> 0 | S52: =+HLOOKUP($C52,'Medios Tecnologicos 091113 '!$A$10:$O$42,(VLOOKUP(S$50,'Medios Tecnologicos 091113 '!$A$10:$B$42,2,0)),0) -> 0 | U52: =+T52*S52 -> 0 | V52: =+HLOOKUP($C52,'Medios Tecnologicos 091113 '!$A$10:$O$42,(VLOOKUP(V$50,'Medios Tecnologicos 091113 '!$A$10:$B$42,2,0)),0) -> 0 | X52: =+W52*V52 -> 0 | Y52: =+HLOOKUP($C52,'Medios Tecnologicos 091113 '!$A$10:$O$42,(VLOOKUP(Y$50,'Medios Tecnologicos 091113 '!$A$10:$B$42,2,0)),0) -> 0 | AA52: =+Z52*Y52 -> 0 | AB52: =+HLOOKUP($C52,'Medios Tecnologicos 091113 '!$A$10:$O$42,(VLOOKUP(AB$50,'Medios Tecnologicos 091113 '!$A$10:$B$42,2,0)),0) -> 0 | AD52: =+AC52*AB52 -> 0 | AE52: =+HLOOKUP($C52,'Medios Tecnologicos 091113 '!$A$10:$O$42,(VLOOKUP(AE$50,'Medios Tecnologicos 091113 '!$A$10:$B$42,2,0)),0) -> 0 | AG52: =+AF52*AE52 -> 0 | AH52: =+HLOOKUP($C52,'Medios Tecnologicos 091113 '!$A$10:$O$42,(VLOOKUP(AH$50,'Medios Tecnologicos 091113 '!$A$10:$B$42,2,0)),0) -> 0 | AJ52: =+AI52*AH52 -> 0 | AK52: =+HLOOKUP($C52,'Medios Tecnologicos 091113 '!$A$10:$O$42,(VLOOKUP(AK$50,'Medios Tecnologicos 091113 '!$A$10:$B$42,2,0)),0) -> 0 | AM52: =+AL52*AK52 -> 0 | AN52: =+HLOOKUP($C52,'Medios Tecnologicos 091113 '!$A$10:$O$42,(VLOOKUP(AN$50,'Medios Tecnologicos 091113 '!$A$10:$B$42,2,0)),0) -> 0 | AP52: =+AO52*AN52 -> 0 | AQ52: =+HLOOKUP($C52,'Medios Tecnologicos 091113 '!$A$10:$O$42,(VLOOKUP(AQ$50,'Medios Tecnologicos 091113 '!$A$10:$B$42,2,0)),0) -> 0 | AS52: =+AR52*AQ52 -> 0 | AT52: =+HLOOKUP($C52,'Medios Tecnologicos 091113 '!$A$10:$O$42,(VLOOKUP(AT$50,'Medios Tecnologicos 091113 '!$A$10:$B$42,2,0)),0) -> 0 | AV52: =+AU52*AT52 -> 0 | AW52: =+HLOOKUP($C52,'Medios Tecnologicos 091113 '!$A$10:$O$42,(VLOOKUP(AW$50,'Medios Tecnologicos 091113 '!$A$10:$B$42,2,0)),0) -> 0 | AY52: =+AX52*AW52 -> 0 | AZ52: =+HLOOKUP($C52,'Medios Tecnologicos 091113 '!$A$10:$O$42,(VLOOKUP(AZ$50,'Medios Tecnologicos 091113 '!$A$10:$B$42,2,0)),0) -> 0 | BB52: =+BA52*AZ52 -> 0 | BC52: =+HLOOKUP($C52,'Medios Tecnologicos 091113 '!$A$10:$O$42,(VLOOKUP(BC$50,'Medios Tecnologicos 091113 '!$A$10:$B$42,2,0)),0) -> 0 | BE52: =+BD52*BC52 -> 0 | BF52: =+HLOOKUP($C52,'Medios Tecnologicos 091113 '!$A$10:$O$42,(VLOOKUP(BF$50,'Medios Tecnologicos 091113 '!$A$10:$B$42,2,0)),0) -> 0 | BH52: =+BG52*BF52 -> 0 | BI52: =+HLOOKUP($C52,'Medios Tecnologicos 091113 '!$A$10:$O$42,(VLOOKUP(BI$50,'Medios Tecnologicos 091113 '!$A$10:$B$42,2,0)),0) -> 1 | BK52: =+BJ52*BI52 -> 0 | BL52: =+HLOOKUP($C52,'Medios Tecnologicos 091113 '!$A$10:$O$42,(VLOOKUP(BL$50,'Medios Tecnologicos 091113 '!$A$10:$B$42,2,0)),0) -> 0 | BN52: =+BM52*BL52 -> 0 | BO52: =+HLOOKUP($C52,'Medios Tecnologicos 091113 '!$A$10:$O$42,(VLOOKUP(BO$50,'Medios Tecnologicos 091113 '!$A$10:$B$42,2,0)),0) -> 0 | BQ52: =+BP52*BO52 -> 0 | BR52: =+HLOOKUP($C52,'Medios Tecnologicos 091113 '!$A$10:$O$42,(VLOOKUP(BR$50,'Medios Tecnologicos 091113 '!$A$10:$B$42,2,0)),0) -> 0 | BT52: =+BS52*BR52 -> 0 | BU52: =+HLOOKUP($C52,'Medios Tecnologicos 091113 '!$A$10:$O$42,(VLOOKUP(BU$50,'Medios Tecnologicos 091113 '!$A$10:$B$42,2,0)),0) -> 6 | BW52: =+BV52*BU52 -> 0 | BX52: =+HLOOKUP($C52,'Medios Tecnologicos 091113 '!$A$10:$O$42,(VLOOKUP(BX$50,'Medios Tecnologicos 091113 '!$A$10:$B$42,2,0)),0) -> 0 | BZ52: =+BY52*BX52 -> 0 | CA52: =+HLOOKUP($C52,'Medios Tecnologicos 091113 '!$A$10:$O$42,(VLOOKUP(CA$50,'Medios Tecnologicos 091113 '!$A$10:$B$42,2,0)),0) -> 0 | CC52: =+CB52*CA52 -> 0 | CD52: =+HLOOKUP($C52,'Medios Tecnologicos 091113 '!$A$10:$O$42,(VLOOKUP(CD$50,'Medios Tecnologicos 091113 '!$A$10:$B$42,2,0)),0) -> 0 | CF52: =+CE52*CD52 -> 0 | CG52: =+HLOOKUP($C52,'Medios Tecnologicos 091113 '!$A$10:$O$42,(VLOOKUP(CG$50,'Medios Tecnologicos 091113 '!$A$10:$B$42,2,0)),0) -> 0 | CI52: =+CH52*CG52 -> 0 | CJ52: =+HLOOKUP($C52,'Medios Tecnologicos 091113 '!$A$10:$O$42,(VLOOKUP(CJ$50,'Medios Tecnologicos 091113 '!$A$10:$B$42,2,0)),0) -> 0 | CL52: =+CK52*CJ52 -> 0 | CM52: =+HLOOKUP($C52,'Medios Tecnologicos 091113 '!$A$10:$O$42,(VLOOKUP(CM$50,'Medios Tecnologicos 091113 '!$A$10:$B$42,2,0)),0) -> 0 | CO52: =+CN52*CM52 -> 0 | CP52: =+HLOOKUP($C52,'Medios Tecnologicos 091113 '!$A$10:$O$42,(VLOOKUP(CP$50,'Medios Tecnologicos 091113 '!$A$10:$B$42,2,0)),0) -> 0 | CR52: =+CQ52*CP52 -> 0
C53: Detectores manuales de metales. | D53: =+HLOOKUP($C53,'Medios Tecnologicos 091113 '!$A$10:$O$42,(VLOOKUP(D$50,'Medios Tecnologicos 091113 '!$A$10:$B$42,2,0)),0) -> 1 | F53: =+E53*D53 -> 0 | G53: =+HLOOKUP($C53,'Medios Tecnologicos 091113 '!$A$10:$O$42,(VLOOKUP(G$50,'Medios Tecnologicos 091113 '!$A$10:$B$42,2,0)),0) -> 17 | I53: =+H53*G53 -> 0 | J53: =+HLOOKUP($C53,'Medios Tecnologicos 091113 '!$A$10:$O$42,(VLOOKUP(J$50,'Medios Tecnologicos 091113 '!$A$10:$B$42,2,0)),0) -> 4 | L53: =+K53*J53 -> 0 | M53: =+HLOOKUP($C53,'Medios Tecnologicos 091113 '!$A$10:$O$42,(VLOOKUP(M$50,'Medios Tecnologicos 091113 '!$A$10:$B$42,2,0)),0) -> 0 | O53: =+N53*M53 -> 0 | P53: =+HLOOKUP($C53,'Medios Tecnologicos 091113 '!$A$10:$O$42,(VLOOKUP(P$50,'Medios Tecnologicos 091113 '!$A$10:$B$42,2,0)),0) -> 11 | R53: =+Q53*P53 -> 0 | S53: =+HLOOKUP($C53,'Medios Tecnologicos 091113 '!$A$10:$O$42,(VLOOKUP(S$50,'Medios Tecnologicos 091113 '!$A$10:$B$42,2,0)),0) -> 12 | U53: =+T53*S53 -> 0 | V53: =+HLOOKUP($C53,'Medios Tecnologicos 091113 '!$A$10:$O$42,(VLOOKUP(V$50,'Medios Tecnologicos 091113 '!$A$10:$B$42,2,0)),0) -> 7 | X53: =+W53*V53 -> 0 | Y53: =+HLOOKUP($C53,'Medios Tecnologicos 091113 '!$A$10:$O$42,(VLOOKUP(Y$50,'Medios Tecnologicos 091113 '!$A$10:$B$42,2,0)),0) -> 11 | AA53: =+Z53*Y53 -> 0 | AB53: =+HLOOKUP($C53,'Medios Tecnologicos 091113 '!$A$10:$O$42,(VLOOKUP(AB$50,'Medios Tecnologicos 091113 '!$A$10:$B$42,2,0)),0) -> 4 | AD53: =+AC53*AB53 -> 0 | AE53: =+HLOOKUP($C53,'Medios Tecnologicos 091113 '!$A$10:$O$42,(VLOOKUP(AE$50,'Medios Tecnologicos 091113 '!$A$10:$B$42,2,0)),0) -> 6 | AG53: =+AF53*AE53 -> 0 | AH53: =+HLOOKUP($C53,'Medios Tecnologicos 091113 '!$A$10:$O$42,(VLOOKUP(AH$50,'Medios Tecnologicos 091113 '!$A$10:$B$42,2,0)),0) -> 5 | AJ53: =+AI53*AH53 -> 0 | AK53: =+HLOOKUP($C53,'Medios Tecnologicos 091113 '!$A$10:$O$42,(VLOOKUP(AK$50,'Medios Tecnologicos 091113 '!$A$10:$B$42,2,0)),0) -> 10 | AM53: =+AL53*AK53 -> 0 | AN53: =+HLOOKUP($C53,'Medios Tecnologicos 091113 '!$A$10:$O$42,(VLOOKUP(AN$50,'Medios Tecnologicos 091113 '!$A$10:$B$42,2,0)),0) -> 9 | AP53: =+AO53*AN53 -> 0 | AQ53: =+HLOOKUP($C53,'Medios Tecnologicos 091113 '!$A$10:$O$42,(VLOOKUP(AQ$50,'Medios Tecnologicos 091113 '!$A$10:$B$42,2,0)),0) -> 1 | AS53: =+AR53*AQ53 -> 0 | AT53: =+HLOOKUP($C53,'Medios Tecnologicos 091113 '!$A$10:$O$42,(VLOOKUP(AT$50,'Medios Tecnologicos 091113 '!$A$10:$B$42,2,0)),0) -> 6 | AV53: =+AU53*AT53 -> 0 | AW53: =+HLOOKUP($C53,'Medios Tecnologicos 091113 '!$A$10:$O$42,(VLOOKUP(AW$50,'Medios Tecnologicos 091113 '!$A$10:$B$42,2,0)),0) -> 0 | AY53: =+AX53*AW53 -> 0 | AZ53: =+HLOOKUP($C53,'Medios Tecnologicos 091113 '!$A$10:$O$42,(VLOOKUP(AZ$50,'Medios Tecnologicos 091113 '!$A$10:$B$42,2,0)),0) -> 6 | BB53: =+BA53*AZ53 -> 0 | BC53: =+HLOOKUP($C53,'Medios Tecnologicos 091113 '!$A$10:$O$42,(VLOOKUP(BC$50,'Medios Tecnologicos 091113 '!$A$10:$B$42,2,0)),0) -> 9 | BE53: =+BD53*BC53 -> 0 | BF53: =+HLOOKUP($C53,'Medios Tecnologicos 091113 '!$A$10:$O$42,(VLOOKUP(BF$50,'Medios Tecnologicos 091113 '!$A$10:$B$42,2,0)),0) -> 9 | BH53: =+BG53*BF53 -> 0 | BI53: =+HLOOKUP($C53,'Medios Tecnologicos 091113 '!$A$10:$O$42,(VLOOKUP(BI$50,'Medios Tecnologicos 091113 '!$A$10:$B$42,2,0)),0) -> 8 | BK53: =+BJ53*BI53 -> 0 | BL53: =+HLOOKUP($C53,'Medios Tecnologicos 091113 '!$A$10:$O$42,(VLOOKUP(BL$50,'Medios Tecnologicos 091113 '!$A$10:$B$42,2,0)),0) -> 11 | BN53: =+BM53*BL53 -> 0 | BO53: =+HLOOKUP($C53,'Medios Tecnologicos 091113 '!$A$10:$O$42,(VLOOKUP(BO$50,'Medios Tecnologicos 091113 '!$A$10:$B$42,2,0)),0) -> 8 | BQ53: =+BP53*BO53 -> 0 | BR53: =+HLOOKUP($C53,'Medios Tecnologicos 091113 '!$A$10:$O$42,(VLOOKUP(BR$50,'Medios Tecnologicos 091113 '!$A$10:$B$42,2,0)),0) -> 4 | BT53: =+BS53*BR53 -> 0 | BU53: =+HLOOKUP($C53,'Medios Tecnologicos 091113 '!$A$10:$O$42,(VLOOKUP(BU$50,'Medios Tecnologicos 091113 '!$A$10:$B$42,2,0)),0) -> 6 | BW53: =+BV53*BU53 -> 0 | BX53: =+HLOOKUP($C53,'Medios Tecnologicos 091113 '!$A$10:$O$42,(VLOOKUP(BX$50,'Medios Tecnologicos 091113 '!$A$10:$B$42,2,0)),0) -> 2 | BZ53: =+BY53*BX53 -> 0 | CA53: =+HLOOKUP($C53,'Medios Tecnologicos 091113 '!$A$10:$O$42,(VLOOKUP(CA$50,'Medios Tecnologicos 091113 '!$A$10:$B$42,2,0)),0) -> 12 | CC53: =+CB53*CA53 -> 0 | CD53: =+HLOOKUP($C53,'Medios Tecnologicos 091113 '!$A$10:$O$42,(VLOOKUP(CD$50,'Medios Tecnologicos 091113 '!$A$10:$B$42,2,0)),0) -> 5 | CF53: =+CE53*CD53 -> 0 | CG53: =+HLOOKUP($C53,'Medios Tecnologicos 091113 '!$A$10:$O$42,(VLOOKUP(CG$50,'Medios Tecnologicos 091113 '!$A$10:$B$42,2,0)),0) -> 11 | CI53: =+CH53*CG53 -> 0 | CJ53: =+HLOOKUP($C53,'Medios Tecnologicos 091113 '!$A$10:$O$42,(VLOOKUP(CJ$50,'Medios Tecnologicos 091113 '!$A$10:$B$42,2,0)),0) -> 15 | CL53: =+CK53*CJ53 -> 0 | CM53: =+HLOOKUP($C53,'Medios Tecnologicos 091113 '!$A$10:$O$42,(VLOOKUP(CM$50,'Medios Tecnologicos 091113 '!$A$10:$B$42,2,0)),0) -> 2 | CO53: =+CN53*CM53 -> 0 | CP53: =+HLOOKUP($C53,'Medios Tecnologicos 091113 '!$A$10:$O$42,(VLOOKUP(CP$50,'Medios Tecnologicos 091113 '!$A$10:$B$42,2,0)),0) -> 1 | CR53: =+CQ53*CP53 -> 0
C54: Computador (es) con equipos de registro fotográfico, con impresora (s) y su software, debidamente licenciado (s), los cuales deberán ser instalados a la red del ICBF. | D54: =+HLOOKUP($C54,'Medios Tecnologicos 091113 '!$A$10:$O$42,(VLOOKUP(D$50,'Medios Tecnologicos 091113 '!$A$10:$B$42,2,0)),0) -> 1 | F54: =+E54*D54 -> 0 | G54: =+HLOOKUP($C54,'Medios Tecnologicos 091113 '!$A$10:$O$42,(VLOOKUP(G$50,'Medios Tecnologicos 091113 '!$A$10:$B$42,2,0)),0) -> 1 | I54: =+H54*G54 -> 0 | J54: =+HLOOKUP($C54,'Medios Tecnologicos 091113 '!$A$10:$O$42,(VLOOKUP(J$50,'Medios Tecnologicos 091113 '!$A$10:$B$42,2,0)),0) -> 1 | L54: =+K54*J54 -> 0 | M54: =+HLOOKUP($C54,'Medios Tecnologicos 091113 '!$A$10:$O$42,(VLOOKUP(M$50,'Medios Tecnologicos 091113 '!$A$10:$B$42,2,0)),0) -> 1 | O54: =+N54*M54 -> 0 | P54: =+HLOOKUP($C54,'Medios Tecnologicos 091113 '!$A$10:$O$42,(VLOOKUP(P$50,'Medios Tecnologicos 091113 '!$A$10:$B$42,2,0)),0) -> 1 | R54: =+Q54*P54 -> 0 | S54: =+HLOOKUP($C54,'Medios Tecnologicos 091113 '!$A$10:$O$42,(VLOOKUP(S$50,'Medios Tecnologicos 091113 '!$A$10:$B$42,2,0)),0) -> 1 | U54: =+T54*S54 -> 0 | V54: =+HLOOKUP($C54,'Medios Tecnologicos 091113 '!$A$10:$O$42,(VLOOKUP(V$50,'Medios Tecnologicos 091113 '!$A$10:$B$42,2,0)),0) -> 1 | X54: =+W54*V54 -> 0 | Y54: =+HLOOKUP($C54,'Medios Tecnologicos 091113 '!$A$10:$O$42,(VLOOKUP(Y$50,'Medios Tecnologicos 091113 '!$A$10:$B$42,2,0)),0) -> 1 | AA54: =+Z54*Y54 -> 0 | AB54: =+HLOOKUP($C54,'Medios Tecnologicos 091113 '!$A$10:$O$42,(VLOOKUP(AB$50,'Medios Tecnologicos 091113 '!$A$10:$B$42,2,0)),0) -> 1 | AC54: 1000 | AD54: =+AC54*AB54 -> 1000 | AE54: =+HLOOKUP($C54,'Medios Tecnologicos 091113 '!$A$10:$O$42,(VLOOKUP(AE$50,'Medios Tecnologicos 091113 '!$A$10:$B$42,2,0)),0) -> 1 | AG54: =+AF54*AE54 -> 0 | AH54: =+HLOOKUP($C54,'Medios Tecnologicos 091113 '!$A$10:$O$42,(VLOOKUP(AH$50,'Medios Tecnologicos 091113 '!$A$10:$B$42,2,0)),0) -> 1 | AJ54: =+AI54*AH54 -> 0 | AK54: =+HLOOKUP($C54,'Medios Tecnologicos 091113 '!$A$10:$O$42,(VLOOKUP(AK$50,'Medios Tecnologicos 091113 '!$A$10:$B$42,2,0)),0) -> 1 | AM54: =+AL54*AK54 -> 0 | AN54: =+HLOOKUP($C54,'Medios Tecnologicos 091113 '!$A$10:$O$42,(VLOOKUP(AN$50,'Medios Tecnologicos 091113 '!$A$10:$B$42,2,0)),0) -> 1 | AP54: =+AO54*AN54 -> 0 | AQ54: =+HLOOKUP($C54,'Medios Tecnologicos 091113 '!$A$10:$O$42,(VLOOKUP(AQ$50,'Medios Tecnologicos 091113 '!$A$10:$B$42,2,0)),0) -> 1 | AS54: =+AR54*AQ54 -> 0 | AT54: =+HLOOKUP($C54,'Medios Tecnologicos 091113 '!$A$10:$O$42,(VLOOKUP(AT$50,'Medios Tecnologicos 091113 '!$A$10:$B$42,2,0)),0) -> 1 | AV54: =+AU54*AT54 -> 0 | AW54: =+HLOOKUP($C54,'Medios Tecnologicos 091113 '!$A$10:$O$42,(VLOOKUP(AW$50,'Medios Tecnologicos 091113 '!$A$10:$B$42,2,0)),0) -> 1 | AY54: =+AX54*AW54 -> 0 | AZ54: =+HLOOKUP($C54,'Medios Tecnologicos 091113 '!$A$10:$O$42,(VLOOKUP(AZ$50,'Medios Tecnologicos 091113 '!$A$10:$B$42,2,0)),0) -> 1 | BB54: =+BA54*AZ54 -> 0 | BC54: =+HLOOKUP($C54,'Medios Tecnologicos 091113 '!$A$10:$O$42,(VLOOKUP(BC$50,'Medios Tecnologicos 091113 '!$A$10:$B$42,2,0)),0) -> 1 | BE54: =+BD54*BC54 -> 0 | BF54: =+HLOOKUP($C54,'Medios Tecnologicos 091113 '!$A$10:$O$42,(VLOOKUP(BF$50,'Medios Tecnologicos 091113 '!$A$10:$B$42,2,0)),0) -> 3 | BH54: =+BG54*BF54 -> 0 | BI54: =+HLOOKUP($C54,'Medios Tecnologicos 091113 '!$A$10:$O$42,(VLOOKUP(BI$50,'Medios Tecnologicos 091113 '!$A$10:$B$42,2,0)),0) -> 1 | BK54: =+BJ54*BI54 -> 0 | BL54: =+HLOOKUP($C54,'Medios Tecnologicos 091113 '!$A$10:$O$42,(VLOOKUP(BL$50,'Medios Tecnologicos 091113 '!$A$10:$B$42,2,0)),0) -> 1 | BN54: =+BM54*BL54 -> 0 | BO54: =+HLOOKUP($C54,'Medios Tecnologicos 091113 '!$A$10:$O$42,(VLOOKUP(BO$50,'Medios Tecnologicos 091113 '!$A$10:$B$42,2,0)),0) -> 1 | BQ54: =+BP54*BO54 -> 0 | BR54: =+HLOOKUP($C54,'Medios Tecnologicos 091113 '!$A$10:$O$42,(VLOOKUP(BR$50,'Medios Tecnologicos 091113 '!$A$10:$B$42,2,0)),0) -> 1 | BT54: =+BS54*BR54 -> 0 | BU54: =+HLOOKUP($C54,'Medios Tecnologicos 091113 '!$A$10:$O$42,(VLOOKUP(BU$50,'Medios Tecnologicos 091113 '!$A$10:$B$42,2,0)),0) -> 1 | BW54: =+BV54*BU54 -> 0 | BX54: =+HLOOKUP($C54,'Medios Tecnologicos 091113 '!$A$10:$O$42,(VLOOKUP(BX$50,'Medios Tecnologicos 091113 '!$A$10:$B$42,2,0)),0) -> 1 | BZ54: =+BY54*BX54 -> 0 | CA54: =+HLOOKUP($C54,'Medios Tecnologicos 091113 '!$A$10:$O$42,(VLOOKUP(CA$50,'Medios Tecnologicos 091113 '!$A$10:$B$42,2,0)),0) -> 1 | CC54: =+CB54*CA54 -> 0 | CD54: =+HLOOKUP($C54,'Medios Tecnologicos 091113 '!$A$10:$O$42,(VLOOKUP(CD$50,'Medios Tecnologicos 091113 '!$A$10:$B$42,2,0)),0) -> 1 | CF54: =+CE54*CD54 -> 0 | CG54: =+HLOOKUP($C54,'Medios Tecnologicos 091113 '!$A$10:$O$42,(VLOOKUP(CG$50,'Medios Tecnologicos 091113 '!$A$10:$B$42,2,0)),0) -> 1 | CI54: =+CH54*CG54 -> 0 | CJ54: =+HLOOKUP($C54,'Medios Tecnologicos 091113 '!$A$10:$O$42,(VLOOKUP(CJ$50,'Medios Tecnologicos 091113 '!$A$10:$B$42,2,0)),0) -> 1 | CL54: =+CK54*CJ54 -> 0 | CM54: =+HLOOKUP($C54,'Medios Tecnologicos 091113 '!$A$10:$O$42,(VLOOKUP(CM$50,'Medios Tecnologicos 091113 '!$A$10:$B$42,2,0)),0) -> 1 | CO54: =+CN54*CM54 -> 0 | CP54: =+HLOOKUP($C54,'Medios Tecnologicos 091113 '!$A$10:$O$42,(VLOOKUP(CP$50,'Medios Tecnologicos 091113 '!$A$10:$B$42,2,0)),0) -> 1 | CR54: =+CQ54*CP54 -> 0
C55: Arcos Detectores de Metales | D55: =+HLOOKUP($C55,'Medios Tecnologicos 091113 '!$A$10:$O$42,(VLOOKUP(D$50,'Medios Tecnologicos 091113 '!$A$10:$B$42,2,0)),0) -> 0 | F55: =+E55*D55 -> 0 | G55: =+HLOOKUP($C55,'Medios Tecnologicos 091113 '!$A$10:$O$42,(VLOOKUP(G$50,'Medios Tecnologicos 091113 '!$A$10:$B$42,2,0)),0) -> 3 | I55: =+H55*G55 -> 0 | J55: =+HLOOKUP($C55,'Medios Tecnologicos 091113 '!$A$10:$O$42,(VLOOKUP(J$50,'Medios Tecnologicos 091113 '!$A$10:$B$42,2,0)),0) -> 0 | L55: =+K55*J55 -> 0 | M55: =+HLOOKUP($C55,'Medios Tecnologicos 091113 '!$A$10:$O$42,(VLOOKUP(M$50,'Medios Tecnologicos 091113 '!$A$10:$B$42,2,0)),0) -> 1 | O55: =+N55*M55 -> 0 | P55: =+HLOOKUP($C55,'Medios Tecnologicos 091113 '!$A$10:$O$42,(VLOOKUP(P$50,'Medios Tecnologicos 091113 '!$A$10:$B$42,2,0)),0) -> 2 | R55: =+Q55*P55 -> 0 | S55: =+HLOOKUP($C55,'Medios Tecnologicos 091113 '!$A$10:$O$42,(VLOOKUP(S$50,'Medios Tecnologicos 091113 '!$A$10:$B$42,2,0)),0) -> 1 | U55: =+T55*S55 -> 0 | V55: =+HLOOKUP($C55,'Medios Tecnologicos 091113 '!$A$10:$O$42,(VLOOKUP(V$50,'Medios Tecnologicos 091113 '!$A$10:$B$42,2,0)),0) -> 1 | X55: =+W55*V55 -> 0 | Y55: =+HLOOKUP($C55,'Medios Tecnologicos 091113 '!$A$10:$O$42,(VLOOKUP(Y$50,'Medios Tecnologicos 091113 '!$A$10:$B$42,2,0)),0) -> 1 | AA55: =+Z55*Y55 -> 0 | AB55: =+HLOOKUP($C55,'Medios Tecnologicos 091113 '!$A$10:$O$42,(VLOOKUP(AB$50,'Medios Tecnologicos 091113 '!$A$10:$B$42,2,0)),0) -> 1 | AC55: 1000 | AD55: =+AC55*AB55 -> 1000 | AE55: =+HLOOKUP($C55,'Medios Tecnologicos 091113 '!$A$10:$O$42,(VLOOKUP(AE$50,'Medios Tecnologicos 091113 '!$A$10:$B$42,2,0)),0) -> 2 | AG55: =+AF55*AE55 -> 0 | AH55: =+HLOOKUP($C55,'Medios Tecnologicos 091113 '!$A$10:$O$42,(VLOOKUP(AH$50,'Medios Tecnologicos 091113 '!$A$10:$B$42,2,0)),0) -> 1 | AJ55: =+AI55*AH55 -> 0 | AK55: =+HLOOKUP($C55,'Medios Tecnologicos 091113 '!$A$10:$O$42,(VLOOKUP(AK$50,'Medios Tecnologicos 091113 '!$A$10:$B$42,2,0)),0) -> 1 | AM55: =+AL55*AK55 -> 0 | AN55: =+HLOOKUP($C55,'Medios Tecnologicos 091113 '!$A$10:$O$42,(VLOOKUP(AN$50,'Medios Tecnologicos 091113 '!$A$10:$B$42,2,0)),0) -> 1 | AP55: =+AO55*AN55 -> 0 | AQ55: =+HLOOKUP($C55,'Medios Tecnologicos 091113 '!$A$10:$O$42,(VLOOKUP(AQ$50,'Medios Tecnologicos 091113 '!$A$10:$B$42,2,0)),0) -> 0 | AS55: =+AR55*AQ55 -> 0 | AT55: =+HLOOKUP($C55,'Medios Tecnologicos 091113 '!$A$10:$O$42,(VLOOKUP(AT$50,'Medios Tecnologicos 091113 '!$A$10:$B$42,2,0)),0) -> 1 | AV55: =+AU55*AT55 -> 0 | AW55: =+HLOOKUP($C55,'Medios Tecnologicos 091113 '!$A$10:$O$42,(VLOOKUP(AW$50,'Medios Tecnologicos 091113 '!$A$10:$B$42,2,0)),0) -> 1 | AY55: =+AX55*AW55 -> 0 | AZ55: =+HLOOKUP($C55,'Medios Tecnologicos 091113 '!$A$10:$O$42,(VLOOKUP(AZ$50,'Medios Tecnologicos 091113 '!$A$10:$B$42,2,0)),0) -> 1 | BB55: =+BA55*AZ55 -> 0 | BC55: =+HLOOKUP($C55,'Medios Tecnologicos 091113 '!$A$10:$O$42,(VLOOKUP(BC$50,'Medios Tecnologicos 091113 '!$A$10:$B$42,2,0)),0) -> 1 | BE55: =+BD55*BC55 -> 0 | BF55: =+HLOOKUP($C55,'Medios Tecnologicos 091113 '!$A$10:$O$42,(VLOOKUP(BF$50,'Medios Tecnologicos 091113 '!$A$10:$B$42,2,0)),0) -> 0 | BH55: =+BG55*BF55 -> 0 | BI55: =+HLOOKUP($C55,'Medios Tecnologicos 091113 '!$A$10:$O$42,(VLOOKUP(BI$50,'Medios Tecnologicos 091113 '!$A$10:$B$42,2,0)),0) -> 2 | BK55: =+BJ55*BI55 -> 0 | BL55: =+HLOOKUP($C55,'Medios Tecnologicos 091113 '!$A$10:$O$42,(VLOOKUP(BL$50,'Medios Tecnologicos 091113 '!$A$10:$B$42,2,0)),0) -> 2 | BN55: =+BM55*BL55 -> 0 | BO55: =+HLOOKUP($C55,'Medios Tecnologicos 091113 '!$A$10:$O$42,(VLOOKUP(BO$50,'Medios Tecnologicos 091113 '!$A$10:$B$42,2,0)),0) -> 1 | BQ55: =+BP55*BO55 -> 0 | BR55: =+HLOOKUP($C55,'Medios Tecnologicos 091113 '!$A$10:$O$42,(VLOOKUP(BR$50,'Medios Tecnologicos 091113 '!$A$10:$B$42,2,0)),0) -> 1 | BT55: =+BS55*BR55 -> 0 | BU55: =+HLOOKUP($C55,'Medios Tecnologicos 091113 '!$A$10:$O$42,(VLOOKUP(BU$50,'Medios Tecnologicos 091113 '!$A$10:$B$42,2,0)),0) -> 1 | BW55: =+BV55*BU55 -> 0 | BX55: =+HLOOKUP($C55,'Medios Tecnologicos 091113 '!$A$10:$O$42,(VLOOKUP(BX$50,'Medios Tecnologicos 091113 '!$A$10:$B$42,2,0)),0) -> 0 | BZ55: =+BY55*BX55 -> 0 | CA55: =+HLOOKUP($C55,'Medios Tecnologicos 091113 '!$A$10:$O$42,(VLOOKUP(CA$50,'Medios Tecnologicos 091113 '!$A$10:$B$42,2,0)),0) -> 2 | CC55: =+CB55*CA55 -> 0 | CD55: =+HLOOKUP($C55,'Medios Tecnologicos 091113 '!$A$10:$O$42,(VLOOKUP(CD$50,'Medios Tecnologicos 091113 '!$A$10:$B$42,2,0)),0) -> 1 | CF55: =+CE55*CD55 -> 0 | CG55: =+HLOOKUP($C55,'Medios Tecnologicos 091113 '!$A$10:$O$42,(VLOOKUP(CG$50,'Medios Tecnologicos 091113 '!$A$10:$B$42,2,0)),0) -> 1 | CI55: =+CH55*CG55 -> 0 | CJ55: =+HLOOKUP($C55,'Medios Tecnologicos 091113 '!$A$10:$O$42,(VLOOKUP(CJ$50,'Medios Tecnologicos 091113 '!$A$10:$B$42,2,0)),0) -> 3 | CL55: =+CK55*CJ55 -> 0 | CM55: =+HLOOKUP($C55,'Medios Tecnologicos 091113 '!$A$10:$O$42,(VLOOKUP(CM$50,'Medios Tecnologicos 091113 '!$A$10:$B$42,2,0)),0) -> 0 | CO55: =+CN55*CM55 -> 0 | CP55: =+HLOOKUP($C55,'Medios Tecnologicos 091113 '!$A$10:$O$42,(VLOOKUP(CP$50,'Medios Tecnologicos 091113 '!$A$10:$B$42,2,0)),0) -> 0 | CR55: =+CQ55*CP55 -> 0
C56: Circuitos Cerrados de TV | D56: =+HLOOKUP($C56,'Medios Tecnologicos 091113 '!$A$10:$O$42,(VLOOKUP(D$50,'Medios Tecnologicos 091113 '!$A$10:$B$42,2,0)),0) -> 1 | F56: =+E56*D56 -> 0 | G56: =+HLOOKUP($C56,'Medios Tecnologicos 091113 '!$A$10:$O$42,(VLOOKUP(G$50,'Medios Tecnologicos 091113 '!$A$10:$B$42,2,0)),0) -> 18 | I56: =+H56*G56 -> 0 | J56: =+HLOOKUP($C56,'Medios Tecnologicos 091113 '!$A$10:$O$42,(VLOOKUP(J$50,'Medios Tecnologicos 091113 '!$A$10:$B$42,2,0)),0) -> 3 | L56: =+K56*J56 -> 0 | M56: =+HLOOKUP($C56,'Medios Tecnologicos 091113 '!$A$10:$O$42,(VLOOKUP(M$50,'Medios Tecnologicos 091113 '!$A$10:$B$42,2,0)),0) -> 7 | O56: =+N56*M56 -> 0 | P56: =+HLOOKUP($C56,'Medios Tecnologicos 091113 '!$A$10:$O$42,(VLOOKUP(P$50,'Medios Tecnologicos 091113 '!$A$10:$B$42,2,0)),0) -> 12 | R56: =+Q56*P56 -> 0 | S56: =+HLOOKUP($C56,'Medios Tecnologicos 091113 '!$A$10:$O$42,(VLOOKUP(S$50,'Medios Tecnologicos 091113 '!$A$10:$B$42,2,0)),0) -> 12 | U56: =+T56*S56 -> 0 | V56: =+HLOOKUP($C56,'Medios Tecnologicos 091113 '!$A$10:$O$42,(VLOOKUP(V$50,'Medios Tecnologicos 091113 '!$A$10:$B$42,2,0)),0) -> 9 | X56: =+W56*V56 -> 0 | Y56: =+HLOOKUP($C56,'Medios Tecnologicos 091113 '!$A$10:$O$42,(VLOOKUP(Y$50,'Medios Tecnologicos 091113 '!$A$10:$B$42,2,0)),0) -> 5 | AA56: =+Z56*Y56 -> 0 | AB56: =+HLOOKUP($C56,'Medios Tecnologicos 091113 '!$A$10:$O$42,(VLOOKUP(AB$50,'Medios Tecnologicos 091113 '!$A$10:$B$42,2,0)),0) -> 4 | AC56: 1000 | AD56: =+AC56*AB56 -> 4000 | AE56: =+HLOOKUP($C56,'Medios Tecnologicos 091113 '!$A$10:$O$42,(VLOOKUP(AE$50,'Medios Tecnologicos 091113 '!$A$10:$B$42,2,0)),0) -> 6 | AG56: =+AF56*AE56 -> 0 | AH56: =+HLOOKUP($C56,'Medios Tecnologicos 091113 '!$A$10:$O$42,(VLOOKUP(AH$50,'Medios Tecnologicos 091113 '!$A$10:$B$42,2,0)),0) -> 5 | AJ56: =+AI56*AH56 -> 0 | AK56: =+HLOOKUP($C56,'Medios Tecnologicos 091113 '!$A$10:$O$42,(VLOOKUP(AK$50,'Medios Tecnologicos 091113 '!$A$10:$B$42,2,0)),0) -> 6 | AM56: =+AL56*AK56 -> 0 | AN56: =+HLOOKUP($C56,'Medios Tecnologicos 091113 '!$A$10:$O$42,(VLOOKUP(AN$50,'Medios Tecnologicos 091113 '!$A$10:$B$42,2,0)),0) -> 9 | AP56: =+AO56*AN56 -> 0 | AQ56: =+HLOOKUP($C56,'Medios Tecnologicos 091113 '!$A$10:$O$42,(VLOOKUP(AQ$50,'Medios Tecnologicos 091113 '!$A$10:$B$42,2,0)),0) -> 1 | AS56: =+AR56*AQ56 -> 0 | AT56: =+HLOOKUP($C56,'Medios Tecnologicos 091113 '!$A$10:$O$42,(VLOOKUP(AT$50,'Medios Tecnologicos 091113 '!$A$10:$B$42,2,0)),0) -> 4 | AV56: =+AU56*AT56 -> 0 | AW56: =+HLOOKUP($C56,'Medios Tecnologicos 091113 '!$A$10:$O$42,(VLOOKUP(AW$50,'Medios Tecnologicos 091113 '!$A$10:$B$42,2,0)),0) -> 1 | AY56: =+AX56*AW56 -> 0 | AZ56: =+HLOOKUP($C56,'Medios Tecnologicos 091113 '!$A$10:$O$42,(VLOOKUP(AZ$50,'Medios Tecnologicos 091113 '!$A$10:$B$42,2,0)),0) -> 6 | BB56: =+BA56*AZ56 -> 0 | BC56: =+HLOOKUP($C56,'Medios Tecnologicos 091113 '!$A$10:$O$42,(VLOOKUP(BC$50,'Medios Tecnologicos 091113 '!$A$10:$B$42,2,0)),0) -> 9 | BE56: =+BD56*BC56 -> 0 | BF56: =+HLOOKUP($C56,'Medios Tecnologicos 091113 '!$A$10:$O$42,(VLOOKUP(BF$50,'Medios Tecnologicos 091113 '!$A$10:$B$42,2,0)),0) -> 9 | BH56: =+BG56*BF56 -> 0 | BI56: =+HLOOKUP($C56,'Medios Tecnologicos 091113 '!$A$10:$O$42,(VLOOKUP(BI$50,'Medios Tecnologicos 091113 '!$A$10:$B$42,2,0)),0) -> 7 | BK56: =+BJ56*BI56 -> 0 | BL56: =+HLOOKUP($C56,'Medios Tecnologicos 091113 '!$A$10:$O$42,(VLOOKUP(BL$50,'Medios Tecnologicos 091113 '!$A$10:$B$42,2,0)),0) -> 11 | BN56: =+BM56*BL56 -> 0 | BO56: =+HLOOKUP($C56,'Medios Tecnologicos 091113 '!$A$10:$O$42,(VLOOKUP(BO$50,'Medios Tecnologicos 091113 '!$A$10:$B$42,2,0)),0) -> 4 | BQ56: =+BP56*BO56 -> 0 | BR56: =+HLOOKUP($C56,'Medios Tecnologicos 091113 '!$A$10:$O$42,(VLOOKUP(BR$50,'Medios Tecnologicos 091113 '!$A$10:$B$42,2,0)),0) -> 4 | BT56: =+BS56*BR56 -> 0 | BU56: =+HLOOKUP($C56,'Medios Tecnologicos 091113 '!$A$10:$O$42,(VLOOKUP(BU$50,'Medios Tecnologicos 091113 '!$A$10:$B$42,2,0)),0) -> 5 | BW56: =+BV56*BU56 -> 0 | BX56: =+HLOOKUP($C56,'Medios Tecnologicos 091113 '!$A$10:$O$42,(VLOOKUP(BX$50,'Medios Tecnologicos 091113 '!$A$10:$B$42,2,0)),0) -> 2 | BZ56: =+BY56*BX56 -> 0 | CA56: =+HLOOKUP($C56,'Medios Tecnologicos 091113 '!$A$10:$O$42,(VLOOKUP(CA$50,'Medios Tecnologicos 091113 '!$A$10:$B$42,2,0)),0) -> 12 | CC56: =+CB56*CA56 -> 0 | CD56: =+HLOOKUP($C56,'Medios Tecnologicos 091113 '!$A$10:$O$42,(VLOOKUP(CD$50,'Medios Tecnologicos 091113 '!$A$10:$B$42,2,0)),0) -> 5 | CF56: =+CE56*CD56 -> 0 | CG56: =+HLOOKUP($C56,'Medios Tecnologicos 091113 '!$A$10:$O$42,(VLOOKUP(CG$50,'Medios Tecnologicos 091113 '!$A$10:$B$42,2,0)),0) -> 11 | CI56: =+CH56*CG56 -> 0 | CJ56: =+HLOOKUP($C56,'Medios Tecnologicos 091113 '!$A$10:$O$42,(VLOOKUP(CJ$50,'Medios Tecnologicos 091113 '!$A$10:$B$42,2,0)),0) -> 14 | CL56: =+CK56*CJ56 -> 0 | CM56: =+HLOOKUP($C56,'Medios Tecnologicos 091113 '!$A$10:$O$42,(VLOOKUP(CM$50,'Medios Tecnologicos 091113 '!$A$10:$B$42,2,0)),0) -> 1 | CO56: =+CN56*CM56 -> 0 | CP56: =+HLOOKUP($C56,'Medios Tecnologicos 091113 '!$A$10:$O$42,(VLOOKUP(CP$50,'Medios Tecnologicos 091113 '!$A$10:$B$42,2,0)),0) -> 1 | CR56: =+CQ56*CP56 -> 0
C57: Total No. de Camaras Circuito(s) TV | D57: =+HLOOKUP($C57,'Medios Tecnologicos 091113 '!$A$10:$O$42,(VLOOKUP(D$50,'Medios Tecnologicos 091113 '!$A$10:$B$42,2,0)),0) -> 6 | G57: =+HLOOKUP($C57,'Medios Tecnologicos 091113 '!$A$10:$O$42,(VLOOKUP(G$50,'Medios Tecnologicos 091113 '!$A$10:$B$42,2,0)),0) -> 80 | J57: =+HLOOKUP($C57,'Medios Tecnologicos 091113 '!$A$10:$O$42,(VLOOKUP(J$50,'Medios Tecnologicos 091113 '!$A$10:$B$42,2,0)),0) -> 18 | M57: =+HLOOKUP($C57,'Medios Tecnologicos 091113 '!$A$10:$O$42,(VLOOKUP(M$50,'Medios Tecnologicos 091113 '!$A$10:$B$42,2,0)),0) -> 28 | P57: =+HLOOKUP($C57,'Medios Tecnologicos 091113 '!$A$10:$O$42,(VLOOKUP(P$50,'Medios Tecnologicos 091113 '!$A$10:$B$42,2,0)),0) -> 52 | S57: =+HLOOKUP($C57,'Medios Tecnologicos 091113 '!$A$10:$O$42,(VLOOKUP(S$50,'Medios Tecnologicos 091113 '!$A$10:$B$42,2,0)),0) -> 58 | V57: =+HLOOKUP($C57,'Medios Tecnologicos 091113 '!$A$10:$O$42,(VLOOKUP(V$50,'Medios Tecnologicos 091113 '!$A$10:$B$42,2,0)),0) -> 38 | Y57: =+HLOOKUP($C57,'Medios Tecnologicos 091113 '!$A$10:$O$42,(VLOOKUP(Y$50,'Medios Tecnologicos 091113 '!$A$10:$B$42,2,0)),0) -> 24 | AB57: =+HLOOKUP($C57,'Medios Tecnologicos 091113 '!$A$10:$O$42,(VLOOKUP(AB$50,'Medios Tecnologicos 091113 '!$A$10:$B$42,2,0)),0) -> 22 | AE57: =+HLOOKUP($C57,'Medios Tecnologicos 091113 '!$A$10:$O$42,(VLOOKUP(AE$50,'Medios Tecnologicos 091113 '!$A$10:$B$42,2,0)),0) -> 46 | AH57: =+HLOOKUP($C57,'Medios Tecnologicos 091113 '!$A$10:$O$42,(VLOOKUP(AH$50,'Medios Tecnologicos 091113 '!$A$10:$B$42,2,0)),0) -> 30 | AK57: =+HLOOKUP($C57,'Medios Tecnologicos 091113 '!$A$10:$O$42,(VLOOKUP(AK$50,'Medios Tecnologicos 091113 '!$A$10:$B$42,2,0)),0) -> 38 | AN57: =+HLOOKUP($C57,'Medios Tecnologicos 091113 '!$A$10:$O$42,(VLOOKUP(AN$50,'Medios Tecnologicos 091113 '!$A$10:$B$42,2,0)),0) -> 38 | AQ57: =+HLOOKUP($C57,'Medios Tecnologicos 091113 '!$A$10:$O$42,(VLOOKUP(AQ$50,'Medios Tecnologicos 091113 '!$A$10:$B$42,2,0)),0) -> 4 | AT57: =+HLOOKUP($C57,'Medios Tecnologicos 091113 '!$A$10:$O$42,(VLOOKUP(AT$50,'Medios Tecnologicos 091113 '!$A$10:$B$42,2,0)),0) -> 22 | AW57: =+HLOOKUP($C57,'Medios Tecnologicos 091113 '!$A$10:$O$42,(VLOOKUP(AW$50,'Medios Tecnologicos 091113 '!$A$10:$B$42,2,0)),0) -> 6 | AZ57: =+HLOOKUP($C57,'Medios Tecnologicos 091113 '!$A$10:$O$42,(VLOOKUP(AZ$50,'Medios Tecnologicos 091113 '!$A$10:$B$42,2,0)),0) -> 28 | BC57: =+HLOOKUP($C57,'Medios Tecnologicos 091113 '!$A$10:$O$42,(VLOOKUP(BC$50,'Medios Tecnologicos 091113 '!$A$10:$B$42,2,0)),0) -> 42 | BF57: =+HLOOKUP($C57,'Medios Tecnologicos 091113 '!$A$10:$O$42,(VLOOKUP(BF$50,'Medios Tecnologicos 091113 '!$A$10:$B$42,2,0)),0) -> 62 | BI57: =+HLOOKUP($C57,'Medios Tecnologicos 091113 '!$A$10:$O$42,(VLOOKUP(BI$50,'Medios Tecnologicos 091113 '!$A$10:$B$42,2,0)),0) -> 30 | BL57: =+HLOOKUP($C57,'Medios Tecnologicos 091113 '!$A$10:$O$42,(VLOOKUP(BL$50,'Medios Tecnologicos 091113 '!$A$10:$B$42,2,0)),0) -> 60 | BO57: =+HLOOKUP($C57,'Medios Tecnologicos 091113 '!$A$10:$O$42,(VLOOKUP(BO$50,'Medios Tecnologicos 091113 '!$A$10:$B$42,2,0)),0) -> 18 | BR57: =+HLOOKUP($C57,'Medios Tecnologicos 091113 '!$A$10:$O$42,(VLOOKUP(BR$50,'Medios Tecnologicos 091113 '!$A$10:$B$42,2,0)),0) -> 22 | BU57: =+HLOOKUP($C57,'Medios Tecnologicos 091113 '!$A$10:$O$42,(VLOOKUP(BU$50,'Medios Tecnologicos 091113 '!$A$10:$B$42,2,0)),0) -> 32 | BX57: =+HLOOKUP($C57,'Medios Tecnologicos 091113 '!$A$10:$O$42,(VLOOKUP(BX$50,'Medios Tecnologicos 091113 '!$A$10:$B$42,2,0)),0) -> 12 | CA57: =+HLOOKUP($C57,'Medios Tecnologicos 091113 '!$A$10:$O$42,(VLOOKUP(CA$50,'Medios Tecnologicos 091113 '!$A$10:$B$42,2,0)),0) -> 50 | CD57: =+HLOOKUP($C57,'Medios Tecnologicos 091113 '!$A$10:$O$42,(VLOOKUP(CD$50,'Medios Tecnologicos 091113 '!$A$10:$B$42,2,0)),0) -> 22 | CG57: =+HLOOKUP($C57,'Medios Tecnologicos 091113 '!$A$10:$O$42,(VLOOKUP(CG$50,'Medios Tecnologicos 091113 '!$A$10:$B$42,2,0)),0) -> 88 | CJ57: =+HLOOKUP($C57,'Medios Tecnologicos 091113 '!$A$10:$O$42,(VLOOKUP(CJ$50,'Medios Tecnologicos 091113 '!$A$10:$B$42,2,0)),0) -> 130 | CM57: =+HLOOKUP($C57,'Medios Tecnologicos 091113 '!$A$10:$O$42,(VLOOKUP(CM$50,'Medios Tecnologicos 091113 '!$A$10:$B$42,2,0)),0) -> 4 | CP57: =+HLOOKUP($C57,'Medios Tecnologicos 091113 '!$A$10:$O$42,(VLOOKUP(CP$50,'Medios Tecnologicos 091113 '!$A$10:$B$42,2,0)),0) -> 8
C58: ARMERILLOS (3 armas) | D58: =+HLOOKUP($C58,'Medios Tecnologicos 091113 '!$A$10:$O$42,(VLOOKUP(D$50,'Medios Tecnologicos 091113 '!$A$10:$B$42,2,0)),0) -> 0 | F58: =+E58*D58 -> 0 | G58: =+HLOOKUP($C58,'Medios Tecnologicos 091113 '!$A$10:$O$42,(VLOOKUP(G$50,'Medios Tecnologicos 091113 '!$A$10:$B$42,2,0)),0) -> 4 | I58: =+H58*G58 -> 0 | J58: =+HLOOKUP($C58,'Medios Tecnologicos 091113 '!$A$10:$O$42,(VLOOKUP(J$50,'Medios Tecnologicos 091113 '!$A$10:$B$42,2,0)),0) -> 3 | L58: =+K58*J58 -> 0 | M58: =+HLOOKUP($C58,'Medios Tecnologicos 091113 '!$A$10:$O$42,(VLOOKUP(M$50,'Medios Tecnologicos 091113 '!$A$10:$B$42,2,0)),0) -> 1 | O58: =+N58*M58 -> 0 | P58: =+HLOOKUP($C58,'Medios Tecnologicos 091113 '!$A$10:$O$42,(VLOOKUP(P$50,'Medios Tecnologicos 091113 '!$A$10:$B$42,2,0)),0) -> 2 | R58: =+Q58*P58 -> 0 | S58: =+HLOOKUP($C58,'Medios Tecnologicos 091113 '!$A$10:$O$42,(VLOOKUP(S$50,'Medios Tecnologicos 091113 '!$A$10:$B$42,2,0)),0) -> 3 | U58: =+T58*S58 -> 0 | V58: =+HLOOKUP($C58,'Medios Tecnologicos 091113 '!$A$10:$O$42,(VLOOKUP(V$50,'Medios Tecnologicos 091113 '!$A$10:$B$42,2,0)),0) -> 1 | W58: 1000 | X58: =+W58*V58 -> 1000 | Y58: =+HLOOKUP($C58,'Medios Tecnologicos 091113 '!$A$10:$O$42,(VLOOKUP(Y$50,'Medios Tecnologicos 091113 '!$A$10:$B$42,2,0)),0) -> 1 | AA58: =+Z58*Y58 -> 0 | AB58: =+HLOOKUP($C58,'Medios Tecnologicos 091113 '!$A$10:$O$42,(VLOOKUP(AB$50,'Medios Tecnologicos 091113 '!$A$10:$B$42,2,0)),0) -> 1 | AC58: 1000 | AD58: =+AC58*AB58 -> 1000 | AE58: =+HLOOKUP($C58,'Medios Tecnologicos 091113 '!$A$10:$O$42,(VLOOKUP(AE$50,'Medios Tecnologicos 091113 '!$A$10:$B$42,2,0)),0) -> 6 | AG58: =+AF58*AE58 -> 0 | AH58: =+HLOOKUP($C58,'Medios Tecnologicos 091113 '!$A$10:$O$42,(VLOOKUP(AH$50,'Medios Tecnologicos 091113 '!$A$10:$B$42,2,0)),0) -> 1 | AJ58: =+AI58*AH58 -> 0 | AK58: =+HLOOKUP($C58,'Medios Tecnologicos 091113 '!$A$10:$O$42,(VLOOKUP(AK$50,'Medios Tecnologicos 091113 '!$A$10:$B$42,2,0)),0) -> 1 | AM58: =+AL58*AK58 -> 0 | AN58: =+HLOOKUP($C58,'Medios Tecnologicos 091113 '!$A$10:$O$42,(VLOOKUP(AN$50,'Medios Tecnologicos 091113 '!$A$10:$B$42,2,0)),0) -> 2 | AP58: =+AO58*AN58 -> 0 | AQ58: =+HLOOKUP($C58,'Medios Tecnologicos 091113 '!$A$10:$O$42,(VLOOKUP(AQ$50,'Medios Tecnologicos 091113 '!$A$10:$B$42,2,0)),0) -> 0 | AS58: =+AR58*AQ58 -> 0 | AT58: =+HLOOKUP($C58,'Medios Tecnologicos 091113 '!$A$10:$O$42,(VLOOKUP(AT$50,'Medios Tecnologicos 091113 '!$A$10:$B$42,2,0)),0) -> 1 | AV58: =+AU58*AT58 -> 0 | AW58: =+HLOOKUP($C58,'Medios Tecnologicos 091113 '!$A$10:$O$42,(VLOOKUP(AW$50,'Medios Tecnologicos 091113 '!$A$10:$B$42,2,0)),0) -> 1 | AY58: =+AX58*AW58 -> 0 | AZ58: =+HLOOKUP($C58,'Medios Tecnologicos 091113 '!$A$10:$O$42,(VLOOKUP(AZ$50,'Medios Tecnologicos 091113 '!$A$10:$B$42,2,0)),0) -> 1 | BB58: =+BA58*AZ58 -> 0 | BC58: =+HLOOKUP($C58,'Medios Tecnologicos 091113 '!$A$10:$O$42,(VLOOKUP(BC$50,'Medios Tecnologicos 091113 '!$A$10:$B$42,2,0)),0) -> 2 | BE58: =+BD58*BC58 -> 0 | BF58: =+HLOOKUP($C58,'Medios Tecnologicos 091113 '!$A$10:$O$42,(VLOOKUP(BF$50,'Medios Tecnologicos 091113 '!$A$10:$B$42,2,0)),0) -> 0 | BH58: =+BG58*BF58 -> 0 | BI58: =+HLOOKUP($C58,'Medios Tecnologicos 091113 '!$A$10:$O$42,(VLOOKUP(BI$50,'Medios Tecnologicos 091113 '!$A$10:$B$42,2,0)),0) -> 0 | BK58: =+BJ58*BI58 -> 0 | BL58: =+HLOOKUP($C58,'Medios Tecnologicos 091113 '!$A$10:$O$42,(VLOOKUP(BL$50,'Medios Tecnologicos 091113 '!$A$10:$B$42,2,0)),0) -> 2 | BN58: =+BM58*BL58 -> 0 | BO58: =+HLOOKUP($C58,'Medios Tecnologicos 091113 '!$A$10:$O$42,(VLOOKUP(BO$50,'Medios Tecnologicos 091113 '!$A$10:$B$42,2,0)),0) -> 0 | BQ58: =+BP58*BO58 -> 0 | BR58: =+HLOOKUP($C58,'Medios Tecnologicos 091113 '!$A$10:$O$42,(VLOOKUP(BR$50,'Medios Tecnologicos 091113 '!$A$10:$B$42,2,0)),0) -> 0 | BT58: =+BS58*BR58 -> 0 | BU58: =+HLOOKUP($C58,'Medios Tecnologicos 091113 '!$A$10:$O$42,(VLOOKUP(BU$50,'Medios Tecnologicos 091113 '!$A$10:$B$42,2,0)),0) -> 0 | BW58: =+BV58*BU58 -> 0 | BX58: =+HLOOKUP($C58,'Medios Tecnologicos 091113 '!$A$10:$O$42,(VLOOKUP(BX$50,'Medios Tecnologicos 091113 '!$A$10:$B$42,2,0)),0) -> 0 | BZ58: =+BY58*BX58 -> 0 | CA58: =+HLOOKUP($C58,'Medios Tecnologicos 091113 '!$A$10:$O$42,(VLOOKUP(CA$50,'Medios Tecnologicos 091113 '!$A$10:$B$42,2,0)),0) -> 2 | CC58: =+CB58*CA58 -> 0 | CD58: =+HLOOKUP($C58,'Medios Tecnologicos 091113 '!$A$10:$O$42,(VLOOKUP(CD$50,'Medios Tecnologicos 091113 '!$A$10:$B$42,2,0)),0) -> 1 | CF58: =+CE58*CD58 -> 0 | CG58: =+HLOOKUP($C58,'Medios Tecnologicos 091113 '!$A$10:$O$42,(VLOOKUP(CG$50,'Medios Tecnologicos 091113 '!$A$10:$B$42,2,0)),0) -> 1 | CI58: =+CH58*CG58 -> 0 | CJ58: =+HLOOKUP($C58,'Medios Tecnologicos 091113 '!$A$10:$O$42,(VLOOKUP(CJ$50,'Medios Tecnologicos 091113 '!$A$10:$B$42,2,0)),0) -> 4 | CL58: =+CK58*CJ58 -> 0 | CM58: =+HLOOKUP($C58,'Medios Tecnologicos 091113 '!$A$10:$O$42,(VLOOKUP(CM$50,'Medios Tecnologicos 091113 '!$A$10:$B$42,2,0)),0) -> 0 | CO58: =+CN58*CM58 -> 0 | CP58: =+HLOOKUP($C58,'Medios Tecnologicos 091113 '!$A$10:$O$42,(VLOOKUP(CP$50,'Medios Tecnologicos 091113 '!$A$10:$B$42,2,0)),0) -> 1 | CR58: =+CQ58*CP58 -> 0
C59: Linternas de batería recargable, una por cada puesto de 24 horas. | D59: =+SUMIFS(D19:D44,$A$19:$A$44,24) -> 7 | F59: =+E59*D59 -> 0 | G59: =+SUMIFS(G19:G44,$A$19:$A$44,24) -> 20 | I59: =+H59*G59 -> 0 | J59: =+SUMIFS(J19:J44,$A$19:$A$44,24) -> 3 | L59: =+K59*J59 -> 0 | M59: =+SUMIFS(M19:M44,$A$19:$A$44,24) -> 14 | O59: =+N59*M59 -> 0 | P59: =+SUMIFS(P19:P44,$A$19:$A$44,24) -> 12 | R59: =+Q59*P59 -> 0 | S59: =+SUMIFS(S19:S44,$A$19:$A$44,24) -> 15 | U59: =+T59*S59 -> 0 | V59: =+SUMIFS(V19:V44,$A$19:$A$44,24) -> 5 | W59: 1000 | X59: =+W59*V59 -> 5000 | Y59: =+SUMIFS(Y19:Y44,$A$19:$A$44,24) -> 6 | AA59: =+Z59*Y59 -> 0 | AB59: =+SUMIFS(AB19:AB44,$A$19:$A$44,24) -> 5 | AC59: 1000 | AD59: =+AC59*AB59 -> 5000 | AE59: =+SUMIFS(AE19:AE44,$A$19:$A$44,24) -> 8 | AG59: =+AF59*AE59 -> 0 | AH59: =+SUMIFS(AH19:AH44,$A$19:$A$44,24) -> 9 | AJ59: =+AI59*AH59 -> 0 | AK59: =+SUMIFS(AK19:AK44,$A$19:$A$44,24) -> 9 | AM59: =+AL59*AK59 -> 0 | AN59: =+SUMIFS(AN19:AN44,$A$19:$A$44,24) -> 10 | AP59: =+AO59*AN59 -> 0 | AQ59: =+SUMIFS(AQ19:AQ44,$A$19:$A$44,24) -> 2 | AS59: =+AR59*AQ59 -> 0 | AT59: =+SUMIFS(AT19:AT44,$A$19:$A$44,24) -> 6 | AV59: =+AU59*AT59 -> 0 | AW59: =+SUMIFS(AW19:AW44,$A$19:$A$44,24) -> 1 | AY59: =+AX59*AW59 -> 0 | AZ59: =+SUMIFS(AZ19:AZ44,$A$19:$A$44,24) -> 8 | BB59: =+BA59*AZ59 -> 0 | BC59: =+SUMIFS(BC19:BC44,$A$19:$A$44,24) -> 9 | BE59: =+BD59*BC59 -> 0 | BF59: =+SUMIFS(BF19:BF44,$A$19:$A$44,24) -> 9 | BH59: =+BG59*BF59 -> 0 | BI59: =+SUMIFS(BI19:BI44,$A$19:$A$44,24) -> 11 | BK59: =+BJ59*BI59 -> 0 | BL59: =+SUMIFS(BL19:BL44,$A$19:$A$44,24) -> 13 | BN59: =+BM59*BL59 -> 0 | BO59: =+SUMIFS(BO19:BO44,$A$19:$A$44,24) -> 9 | BQ59: =+BP59*BO59 -> 0 | BR59: =+SUMIFS(BR19:BR44,$A$19:$A$44,24) -> 5 | BT59: =+BS59*BR59 -> 0 | BU59: =+SUMIFS(BU19:BU44,$A$19:$A$44,24) -> 6 | BW59: =+BV59*BU59 -> 0 | BX59: =+SUMIFS(BX19:BX44,$A$19:$A$44,24) -> 4 | BZ59: =+BY59*BX59 -> 0 | CA59: =+SUMIFS(CA19:CA44,$A$19:$A$44,24) -> 11 | CC59: =+CB59*CA59 -> 0 | CD59: =+SUMIFS(CD19:CD44,$A$19:$A$44,24) -> 5 | CF59: =+CE59*CD59 -> 0 | CG59: =+SUMIFS(CG19:CG44,$A$19:$A$44,24) -> 14 | CI59: =+CH59*CG59 -> 0 | CJ59: =+SUMIFS(CJ19:CJ44,$A$19:$A$44,24) -> 19 | CL59: =+CK59*CJ59 -> 0 | CM59: =+SUMIFS(CM19:CM44,$A$19:$A$44,24) -> 0 | CO59: =+CN59*CM59 -> 0 | CP59: =+SUMIFS(CP19:CP44,$A$19:$A$44,24) -> 4 | CR59: =+CQ59*CP59 -> 0
C60: Radioteléfonos portátiles con un alcance mínimo de cuatro (4) kilómetros (punto a punto), para la prestación del servicio y/o equipos Avantel y/o celulares abiertos para efectuar o recibir llamadas en cualquier momento. Por cada puesto de vigilancia. | D60: =+D45 -> 9 | F60: =+E60*D60 -> 0 | G60: =+G45 -> 25 | I60: =+H60*G60 -> 0 | J60: =+J45 -> 4 | L60: =+K60*J60 -> 0 | M60: =+M45 -> 16 | O60: =+N60*M60 -> 0 | P60: =+P45 -> 13 | R60: =+Q60*P60 -> 0 | S60: =+S45 -> 18 | U60: =+T60*S60 -> 0 | V60: =+V45 -> 11 | W60: 1000 | X60: =+W60*V60 -> 11000 | Y60: =+Y45 -> 11 | AA60: =+Z60*Y60 -> 0 | AB60: =+AB45 -> 6 | AC60: 1000 | AD60: =+AC60*AB60 -> 6000 | AE60: =+AE45 -> 8 | AG60: =+AF60*AE60 -> 0 | AH60: =+AH45 -> 9 | AJ60: =+AI60*AH60 -> 0 | AK60: =+AK45 -> 10 | AM60: =+AL60*AK60 -> 0 | AN60: =+AN45 -> 11 | AP60: =+AO60*AN60 -> 0 | AQ60: =+AQ45 -> 2 | AS60: =+AR60*AQ60 -> 0 | AT60: =+AT45 -> 7 | AV60: =+AU60*AT60 -> 0 | AW60: =+AW45 -> 1 | AY60: =+AX60*AW60 -> 0 | AZ60: =+AZ45 -> 10 | BB60: =+BA60*AZ60 -> 0 | BC60: =+BC45 -> 9 | BE60: =+BD60*BC60 -> 0 | BF60: =+BF45 -> 12 | BH60: =+BG60*BF60 -> 0 | BI60: =+BI45 -> 17 | BK60: =+BJ60*BI60 -> 0 | BL60: =+BL45 -> 17 | BN60: =+BM60*BL60 -> 0 | BO60: =+BO45 -> 9 | BQ60: =+BP60*BO60 -> 0 | BR60: =+BR45 -> 9 | BT60: =+BS60*BR60 -> 0 | BU60: =+BU45 -> 11 | BW60: =+BV60*BU60 -> 0 | BX60: =+BX45 -> 4 | BZ60: =+BY60*BX60 -> 0 | CA60: =+CA45 -> 21 | CC60: =+CB60*CA60 -> 0 | CD60: =+CD45 -> 6 | CF60: =+CE60*CD60 -> 0 | CG60: =+CG45 -> 18 | CI60: =+CH60*CG60 -> 0 | CJ60: =+CJ45 -> 22 | CL60: =+CK60*CJ60 -> 0 | CM60: =+CM45 -> 6 | CO60: =+CN60*CM60 -> 0 | CP60: =+CP45 -> 5 | CR60: =+CQ60*CP60 -> 0
C61: Lámparas de emergencia recargables para uso portátil o colocación fija con mínimo 30 LED, de operación automática. Por cada puesto de vigilancia indicado por el supervisor del contrato. | D61: =+D45 -> 9 | F61: =+E61*D61 -> 0 | G61: =+G45 -> 25 | I61: =+H61*G61 -> 0 | J61: =+J45 -> 4 | L61: =+K61*J61 -> 0 | M61: =+M45 -> 16 | O61: =+N61*M61 -> 0 | P61: =+P45 -> 13 | R61: =+Q61*P61 -> 0 | S61: =+S45 -> 18 | U61: =+T61*S61 -> 0 | V61: =+V45 -> 11 | W61: 1000 | X61: =+W61*V61 -> 11000 | Y61: =+Y45 -> 11 | AA61: =+Z61*Y61 -> 0 | AB61: =+AB45 -> 6 | AC61: 1000 | AD61: =+AC61*AB61 -> 6000 | AE61: =+AE45 -> 8 | AG61: =+AF61*AE61 -> 0 | AH61: =+AH45 -> 9 | AJ61: =+AI61*AH61 -> 0 | AK61: =+AK45 -> 10 | AM61: =+AL61*AK61 -> 0 | AN61: =+AN45 -> 11 | AP61: =+AO61*AN61 -> 0 | AQ61: =+AQ45 -> 2 | AS61: =+AR61*AQ61 -> 0 | AT61: =+AT45 -> 7 | AV61: =+AU61*AT61 -> 0 | AW61: =+AW45 -> 1 | AY61: =+AX61*AW61 -> 0 | AZ61: =+AZ45 -> 10 | BB61: =+BA61*AZ61 -> 0 | BC61: =+BC45 -> 9 | BE61: =+BD61*BC61 -> 0 | BF61: =+BF45 -> 12 | BH61: =+BG61*BF61 -> 0 | BI61: =+BI45 -> 17 | BK61: =+BJ61*BI61 -> 0 | BL61: =+BL45 -> 17 | BN61: =+BM61*BL61 -> 0 | BO61: =+BO45 -> 9 | BQ61: =+BP61*BO61 -> 0 | BR61: =+BR45 -> 9 | BT61: =+BS61*BR61 -> 0 | BU61: =+BU45 -> 11 | BW61: =+BV61*BU61 -> 0 | BX61: =+BX45 -> 4 | BZ61: =+BY61*BX61 -> 0 | CA61: =+CA45 -> 21 | CC61: =+CB61*CA61 -> 0 | CD61: =+CD45 -> 6 | CF61: =+CE61*CD61 -> 0 | CG61: =+CG45 -> 18 | CI61: =+CH61*CG61 -> 0 | CJ61: =+CJ45 -> 22 | CL61: =+CK61*CJ61 -> 0 | CM61: =+CM45 -> 6 | CO61: =+CN61*CM61 -> 0 | CP61: =+CP45 -> 5 | CR61: =+CQ61*CP61 -> 0
D62: =SUM(D52:D61) -> 34 | E62: SUBTOTAL 2013 | F62: =SUM(F52:F61) -> 0 | G62: =SUM(G52:G61) -> 193 | H62: SUBTOTAL 2013 | I62: =SUM(I52:I61) -> 0 | J62: =SUM(J52:J61) -> 40 | K62: SUBTOTAL 2013 | L62: =SUM(L52:L61) -> 0 | M62: =SUM(M52:M61) -> 90 | N62: SUBTOTAL 2013 | O62: =SUM(O52:O61) -> 0 | P62: =SUM(P52:P61) -> 118 | Q62: SUBTOTAL 2013 | R62: =SUM(R52:R61) -> 0 | S62: =SUM(S52:S61) -> 138 | T62: SUBTOTAL 2013 | U62: =SUM(U52:U61) -> 0 | V62: =SUM(V52:V61) -> 84 | W62: SUBTOTAL 2013 | X62: =SUM(X52:X61) -> 28000 | Y62: =SUM(Y52:Y61) -> 71 | Z62: SUBTOTAL 2013 | AA62: =SUM(AA52:AA61) -> 0 | AB62: =SUM(AB52:AB61) -> 50 | AC62: SUBTOTAL 2013 | AD62: =SUM(AD52:AD61) -> 24000 | AE62: =SUM(AE52:AE61) -> 91 | AF62: SUBTOTAL 2013 | AG62: =SUM(AG52:AG61) -> 0 | AH62: =SUM(AH52:AH61) -> 70 | AI62: SUBTOTAL 2013 | AJ62: =SUM(AJ52:AJ61) -> 0 | AK62: =SUM(AK52:AK61) -> 86 | AL62: SUBTOTAL 2013 | AM62: =SUM(AM52:AM61) -> 0 | AN62: =SUM(AN52:AN61) -> 92 | AO62: SUBTOTAL 2013 | AP62: =SUM(AP52:AP61) -> 0 | AQ62: =SUM(AQ52:AQ61) -> 13 | AR62: SUBTOTAL 2013 | AS62: =SUM(AS52:AS61) -> 0 | AT62: =SUM(AT52:AT61) -> 55 | AU62: SUBTOTAL 2013 | AV62: =SUM(AV52:AV61) -> 0 | AW62: =SUM(AW52:AW61) -> 13 | AX62: SUBTOTAL 2013 | AY62: =SUM(AY52:AY61) -> 0 | AZ62: =SUM(AZ52:AZ61) -> 71 | BA62: SUBTOTAL 2013 | BB62: =SUM(BB52:BB61) -> 0 | BC62: =SUM(BC52:BC61) -> 91 | BD62: SUBTOTAL 2013 | BE62: =SUM(BE52:BE61) -> 0 | BF62: =SUM(BF52:BF61) -> 116 | BG62: SUBTOTAL 2013 | BH62: =SUM(BH52:BH61) -> 0 | BI62: =SUM(BI52:BI61) -> 94 | BJ62: SUBTOTAL 2013 | BK62: =SUM(BK52:BK61) -> 0 | BL62: =SUM(BL52:BL61) -> 134 | BM62: SUBTOTAL 2013 | BN62: =SUM(BN52:BN61) -> 0 | BO62: =SUM(BO52:BO61) -> 59 | BP62: SUBTOTAL 2013 | BQ62: =SUM(BQ52:BQ61) -> 0 | BR62: =SUM(BR52:BR61) -> 55 | BS62: SUBTOTAL 2013 | BT62: =SUM(BT52:BT61) -> 0 | BU62: =SUM(BU52:BU61) -> 79 | BV62: SUBTOTAL 2013 | BW62: =SUM(BW52:BW61) -> 0 | BX62: =SUM(BX52:BX61) -> 29 | BY62: SUBTOTAL 2013 | BZ62: =SUM(BZ52:BZ61) -> 0 | CA62: =SUM(CA52:CA61) -> 132 | CB62: SUBTOTAL 2013 | CC62: =SUM(CC52:CC61) -> 0 | CD62: =SUM(CD52:CD61) -> 52 | CE62: SUBTOTAL 2013 | CF62: =SUM(CF52:CF61) -> 0 | CG62: =SUM(CG52:CG61) -> 163 | CH62: SUBTOTAL 2013 | CI62: =SUM(CI52:CI61) -> 0 | CJ62: =SUM(CJ52:CJ61) -> 230 | CK62: SUBTOTAL 2013 | CL62: =SUM(CL52:CL61) -> 0 | CM62: =SUM(CM52:CM61) -> 20 | CN62: SUBTOTAL 2013 | CO62: =SUM(CO52:CO61) -> 0 | CP62: =SUM(CP52:CP61) -> 26 | CQ62: SUBTOTAL 2013 | CR62: =SUM(CR52:CR61) -> 0
E63: BASE DEL 10% PARA IMPUESTO IVA | F63: =+F62*10% -> 0 | H63: BASE DEL 10% PARA IMPUESTO IVA | I63: =+I62*10% -> 0 | K63: BASE DEL 10% PARA IMPUESTO IVA | L63: =+L62*10% -> 0 | N63: BASE DEL 10% PARA IMPUESTO IVA | O63: =+O62*10% -> 0 | Q63: BASE DEL 10% PARA IMPUESTO IVA | R63: =+R62*10% -> 0 | T63: BASE DEL 10% PARA IMPUESTO IVA | U63: =+U62*10% -> 0 | W63: BASE DEL 10% PARA IMPUESTO IVA | X63: =+X62*10% -> 2800 | Z63: BASE DEL 10% PARA IMPUESTO IVA | AA63: =+AA62*10% -> 0 | AC63: BASE DEL 10% PARA IMPUESTO IVA | AD63: =+AD62*10% -> 2400 | AF63: BASE DEL 10% PARA IMPUESTO IVA | AG63: =+AG62*10% -> 0 | AI63: BASE DEL 10% PARA IMPUESTO IVA | AJ63: =+AJ62*10% -> 0 | AL63: BASE DEL 10% PARA IMPUESTO IVA | AM63: =+AM62*10% -> 0 | AO63: BASE DEL 10% PARA IMPUESTO IVA | AP63: =+AP62*10% -> 0 | AR63: BASE DEL 10% PARA IMPUESTO IVA | AS63: =+AS62*10% -> 0 | AU63: BASE DEL 10% PARA IMPUESTO IVA | AV63: =+AV62*10% -> 0 | AX63: BASE DEL 10% PARA IMPUESTO IVA | AY63: =+AY62*10% -> 0 | BA63: BASE DEL 10% PARA IMPUESTO IVA | BB63: =+BB62*10% -> 0 | BD63: BASE DEL 10% PARA IMPUESTO IVA | BE63: =+BE62*10% -> 0 | BG63: BASE DEL 10% PARA IMPUESTO IVA | BH63: =+BH62*10% -> 0 | BJ63: BASE DEL 10% PARA IMPUESTO IVA | BK63: =+BK62*10% -> 0 | BM63: BASE DEL 10% PARA IMPUESTO IVA | BN63: =+BN62*10% -> 0 | BP63: BASE DEL 10% PARA IMPUESTO IVA | BQ63: =+BQ62*10% -> 0 | BS63: BASE DEL 10% PARA IMPUESTO IVA | BT63: =+BT62*10% -> 0 | BV63: BASE DEL 10% PARA IMPUESTO IVA | BW63: =+BW62*10% -> 0 | BY63: BASE DEL 10% PARA IMPUESTO IVA | BZ63: =+BZ62*10% -> 0 | CB63: BASE DEL 10% PARA IMPUESTO IVA | CC63: =+CC62*10% -> 0 | CE63: BASE DEL 10% PARA IMPUESTO IVA | CF63: =+CF62*10% -> 0 | CH63: BASE DEL 10% PARA IMPUESTO IVA | CI63: =+CI62*10% -> 0 | CK63: BASE DEL 10% PARA IMPUESTO IVA | CL63: =+CL62*10% -> 0 | CN63: BASE DEL 10% PARA IMPUESTO IVA | CO63: =+CO62*10% -> 0 | CQ63: BASE DEL 10% PARA IMPUESTO IVA | CR63: =+CR62*10% -> 0
D64: I.V.A. | E64: =+VLOOKUP(D$17,'Vigilancia 091213'!$B$4:$D$38,3,0) -> 0 | F64: =+F63*E64 -> 0 | G64: I.V.A. | H64: =+VLOOKUP(G$17,'Vigilancia 091213'!$B$4:$D$38,3,0) -> 0.16 | I64: =+I63*H64 -> 0 | J64: I.V.A. | K64: =+VLOOKUP(J$17,'Vigilancia 091213'!$B$4:$D$38,3,0) -> 0.16 | L64: =+L63*K64 -> 0 | M64: I.V.A. | N64: =+VLOOKUP(M$17,'Vigilancia 091213'!$B$4:$D$38,3,0) -> 0.16 | O64: =+O63*N64 -> 0 | P64: I.V.A. | Q64: =+VLOOKUP(P$17,'Vigilancia 091213'!$B$4:$D$38,3,0) -> 0.16 | R64: =+R63*Q64 -> 0 | S64: I.V.A. | T64: =+VLOOKUP(S$17,'Vigilancia 091213'!$B$4:$D$38,3,0) -> 0.16 | U64: =+U63*T64 -> 0 | V64: I.V.A. | W64: =+VLOOKUP(V$17,'Vigilancia 091213'!$B$4:$D$38,3,0) -> 0.16 | X64: =+X63*W64 -> 448 | Y64: I.V.A. | Z64: =+VLOOKUP(Y$17,'Vigilancia 091213'!$B$4:$D$38,3,0) -> 0.16 | AA64: =+AA63*Z64 -> 0 | AB64: I.V.A. | AC64: =+VLOOKUP(AB$17,'Vigilancia 091213'!$B$4:$D$38,3,0) -> 0.16 | AD64: =+AD63*AC64 -> 384 | AE64: I.V.A. | AF64: =+VLOOKUP(AE$17,'Vigilancia 091213'!$B$4:$D$38,3,0) -> 0.16 | AG64: =+AG63*AF64 -> 0 | AH64: I.V.A. | AI64: =+VLOOKUP(AH$17,'Vigilancia 091213'!$B$4:$D$38,3,0) -> 0.16 | AJ64: =+AJ63*AI64 -> 0 | AK64: I.V.A. | AL64: =+VLOOKUP(AK$17,'Vigilancia 091213'!$B$4:$D$38,3,0) -> 0.16 | AM64: =+AM63*AL64 -> 0 | AN64: I.V.A. | AO64: =+VLOOKUP(AN$17,'Vigilancia 091213'!$B$4:$D$38,3,0) -> 0.16 | AP64: =+AP63*AO64 -> 0 | AQ64: I.V.A. | AR64: =+VLOOKUP(AQ$17,'Vigilancia 091213'!$B$4:$D$38,3,0) -> 0.16 | AS64: =+AS63*AR64 -> 0 | AT64: I.V.A. | AU64: =+VLOOKUP(AT$17,'Vigilancia 091213'!$B$4:$D$38,3,0) -> 0.16 | AV64: =+AV63*AU64 -> 0 | AW64: I.V.A. | AX64: =+VLOOKUP(AW$17,'Vigilancia 091213'!$B$4:$D$38,3,0) -> 0.16 | AY64: =+AY63*AX64 -> 0 | AZ64: I.V.A. | BA64: =+VLOOKUP(AZ$17,'Vigilancia 091213'!$B$4:$D$38,3,0) -> 0.16 | BB64: =+BB63*BA64 -> 0 | BC64: I.V.A. | BD64: =+VLOOKUP(BC$17,'Vigilancia 091213'!$B$4:$D$38,3,0) -> 0.16 | BE64: =+BE63*BD64 -> 0 | BF64: I.V.A. | BG64: =+VLOOKUP(BF$17,'Vigilancia 091213'!$B$4:$D$38,3,0) -> 0.16 | BH64: =+BH63*BG64 -> 0 | BI64: I.V.A. | BJ64: =+VLOOKUP(BI$17,'Vigilancia 091213'!$B$4:$D$38,3,0) -> 0.16 | BK64: =+BK63*BJ64 -> 0 | BL64: I.V.A. | BM64: =+VLOOKUP(BL$17,'Vigilancia 091213'!$B$4:$D$38,3,0) -> 0.16 | BN64: =+BN63*BM64 -> 0 | BO64: I.V.A. | BP64: =+VLOOKUP(BO$17,'Vigilancia 091213'!$B$4:$D$38,3,0) -> 0.16 | BQ64: =+BQ63*BP64 -> 0 | BR64: I.V.A. | BS64: =+VLOOKUP(BR$17,'Vigilancia 091213'!$B$4:$D$38,3,0) -> 0.16 | BT64: =+BT63*BS64 -> 0 | BU64: I.V.A. | BV64: =+VLOOKUP(BU$17,'Vigilancia 091213'!$B$4:$D$38,3,0) -> 0.16 | BW64: =+BW63*BV64 -> 0 | BX64: I.V.A. | BY64: =+VLOOKUP(BX$17,'Vigilancia 091213'!$B$4:$D$38,3,0) -> 0 | BZ64: =+BZ63*BY64 -> 0 | CA64: I.V.A. | CB64: =+VLOOKUP(CA$17,'Vigilancia 091213'!$B$4:$D$38,3,0) -> 0.16 | CC64: =+CC63*CB64 -> 0 | CD64: I.V.A. | CE64: =+VLOOKUP(CD$17,'Vigilancia 091213'!$B$4:$D$38,3,0) -> 0.16 | CF64: =+CF63*CE64 -> 0 | CG64: I.V.A. | CH64: =+VLOOKUP(CG$17,'Vigilancia 091213'!$B$4:$D$38,3,0) -> 0.16 | CI64: =+CI63*CH64 -> 0 | CJ64: I.V.A. | CK64: =+VLOOKUP(CJ$17,'Vigilancia 091213'!$B$4:$D$38,3,0) -> 0.16 | CL64: =+CL63*CK64 -> 0 | CM64: I.V.A. | CN64: =+VLOOKUP(CM$17,'Vigilancia 091213'!$B$4:$D$38,3,0) -> 0.16 | CO64: =+CO63*CN64 -> 0 | CP64: I.V.A. | CQ64: =+VLOOKUP(CP$17,'Vigilancia 091213'!$B$4:$D$38,3,0) -> 0.16 | CR64: =+CR63*CQ64 -> 0
D65: =+"VALOR MENSUAL MEDIOS TÉCNOLOGICOS Y MONITOREO 2013 REGIONAL "&D50 -> VALOR MENSUAL MEDIOS TÉCNOLOGICOS Y MONITOREO 2013 REGIONAL AMAZONAS | F65: =+ROUND(F62+F64,0) -> 0 | G65: =+"VALOR MENSUAL MEDIOS TÉCNOLOGICOS Y MONITOREO 2013 REGIONAL "&G50 -> VALOR MENSUAL MEDIOS TÉCNOLOGICOS Y MONITOREO 2013 REGIONAL ANTIOQUIA | I65: =+ROUND(I62+I64,0) -> 0 | J65: =+"VALOR MENSUAL MEDIOS TÉCNOLOGICOS Y MONITOREO 2013 REGIONAL "&J50 -> VALOR MENSUAL MEDIOS TÉCNOLOGICOS Y MONITOREO 2013 REGIONAL ARAUCA | L65: =+ROUND(L62+L64,0) -> 0 | M65: =+"VALOR MENSUAL MEDIOS TÉCNOLOGICOS Y MONITOREO 2013 REGIONAL "&M50 -> VALOR MENSUAL MEDIOS TÉCNOLOGICOS Y MONITOREO 2013 REGIONAL ATLANTICO | O65: =+ROUND(O62+O64,0) -> 0 | P65: =+"VALOR MENSUAL MEDIOS TÉCNOLOGICOS Y MONITOREO 2013 REGIONAL "&P50 -> VALOR MENSUAL MEDIOS TÉCNOLOGICOS Y MONITOREO 2013 REGIONAL BOLIVAR | R65: =+ROUND(R62+R64,0) -> 0 | S65: =+"VALOR MENSUAL MEDIOS TÉCNOLOGICOS Y MONITOREO 2013 REGIONAL "&S50 -> VALOR MENSUAL MEDIOS TÉCNOLOGICOS Y MONITOREO 2013 REGIONAL BOYACA | U65: =+ROUND(U62+U64,0) -> 0 | V65: =+"VALOR MENSUAL MEDIOS TÉCNOLOGICOS Y MONITOREO 2013 REGIONAL "&V50 -> VALOR MENSUAL MEDIOS TÉCNOLOGICOS Y MONITOREO 2013 REGIONAL CALDAS | X65: =+ROUND(X62+X64,0) -> 28448 | Y65: =+"VALOR MENSUAL MEDIOS TÉCNOLOGICOS Y MONITOREO 2013 REGIONAL "&Y50 -> VALOR MENSUAL MEDIOS TÉCNOLOGICOS Y MONITOREO 2013 REGIONAL CAQUETA | AA65: =+ROUND(AA62+AA64,0) -> 0 | AB65: =+"VALOR MENSUAL MEDIOS TÉCNOLOGICOS Y MONITOREO 2013 REGIONAL "&AB50 -> VALOR MENSUAL MEDIOS TÉCNOLOGICOS Y MONITOREO 2013 REGIONAL CASANARE | AD65: =+ROUND(AD62+AD64,0) -> 24384 | AE65: =+"VALOR MENSUAL MEDIOS TÉCNOLOGICOS Y MONITOREO 2013 REGIONAL "&AE50 -> VALOR MENSUAL MEDIOS TÉCNOLOGICOS Y MONITOREO 2013 REGIONAL CAUCA | AG65: =+ROUND(AG62+AG64,0) -> 0 | AH65: =+"VALOR MENSUAL MEDIOS TÉCNOLOGICOS Y MONITOREO 2013 REGIONAL "&AH50 -> VALOR MENSUAL MEDIOS TÉCNOLOGICOS Y MONITOREO 2013 REGIONAL CESAR | AJ65: =+ROUND(AJ62+AJ64,0) -> 0 | AK65: =+"VALOR MENSUAL MEDIOS TÉCNOLOGICOS Y MONITOREO 2013 REGIONAL "&AK50 -> VALOR MENSUAL MEDIOS TÉCNOLOGICOS Y MONITOREO 2013 REGIONAL CHOCO | AM65: =+ROUND(AM62+AM64,0) -> 0 | AN65: =+"VALOR MENSUAL MEDIOS TÉCNOLOGICOS Y MONITOREO 2013 REGIONAL "&AN50 -> VALOR MENSUAL MEDIOS TÉCNOLOGICOS Y MONITOREO 2013 REGIONAL CORDOBA | AP65: =+ROUND(AP62+AP64,0) -> 0 | AQ65: =+"VALOR MENSUAL MEDIOS TÉCNOLOGICOS Y MONITOREO 2013 REGIONAL "&AQ50 -> VALOR MENSUAL MEDIOS TÉCNOLOGICOS Y MONITOREO 2013 REGIONAL GUAINIA | AS65: =+ROUND(AS62+AS64,0) -> 0 | AT65: =+"VALOR MENSUAL MEDIOS TÉCNOLOGICOS Y MONITOREO 2013 REGIONAL "&AT50 -> VALOR MENSUAL MEDIOS TÉCNOLOGICOS Y MONITOREO 2013 REGIONAL GUAJIRA | AV65: =+ROUND(AV62+AV64,0) -> 0 | AW65: =+"VALOR MENSUAL MEDIOS TÉCNOLOGICOS Y MONITOREO 2013 REGIONAL "&AW50 -> VALOR MENSUAL MEDIOS TÉCNOLOGICOS Y MONITOREO 2013 REGIONAL GUAVIARE | AY65: =+ROUND(AY62+AY64,0) -> 0 | AZ65: =+"VALOR MENSUAL MEDIOS TÉCNOLOGICOS Y MONITOREO 2013 REGIONAL "&AZ50 -> VALOR MENSUAL MEDIOS TÉCNOLOGICOS Y MONITOREO 2013 REGIONAL HUILA | BB65: =+ROUND(BB62+BB64,0) -> 0 | BC65: =+"VALOR MENSUAL MEDIOS TÉCNOLOGICOS Y MONITOREO 2013 REGIONAL "&BC50 -> VALOR MENSUAL MEDIOS TÉCNOLOGICOS Y MONITOREO 2013 REGIONAL MAGDALENA | BE65: =+ROUND(BE62+BE64,0) -> 0 | BF65: =+"VALOR MENSUAL MEDIOS TÉCNOLOGICOS Y MONITOREO 2013 REGIONAL "&BF50 -> VALOR MENSUAL MEDIOS TÉCNOLOGICOS Y MONITOREO 2013 REGIONAL META | BH65: =+ROUND(BH62+BH64,0) -> 0 | BI65: =+"VALOR MENSUAL MEDIOS TÉCNOLOGICOS Y MONITOREO 2013 REGIONAL "&BI50 -> VALOR MENSUAL MEDIOS TÉCNOLOGICOS Y MONITOREO 2013 REGIONAL NORTE DE SANTANDER | BK65: =+ROUND(BK62+BK64,0) -> 0 | BL65: =+"VALOR MENSUAL MEDIOS TÉCNOLOGICOS Y MONITOREO 2013 REGIONAL "&BL50 -> VALOR MENSUAL MEDIOS TÉCNOLOGICOS Y MONITOREO 2013 REGIONAL NARIÑO | BN65: =+ROUND(BN62+BN64,0) -> 0 | BO65: =+"VALOR MENSUAL MEDIOS TÉCNOLOGICOS Y MONITOREO 2013 REGIONAL "&BO50 -> VALOR MENSUAL MEDIOS TÉCNOLOGICOS Y MONITOREO 2013 REGIONAL PUTUMAYO | BQ65: =+ROUND(BQ62+BQ64,0) -> 0 | BR65: =+"VALOR MENSUAL MEDIOS TÉCNOLOGICOS Y MONITOREO 2013 REGIONAL "&BR50 -> VALOR MENSUAL MEDIOS TÉCNOLOGICOS Y MONITOREO 2013 REGIONAL QUINDIO | BT65: =+ROUND(BT62+BT64,0) -> 0 | BU65: =+"VALOR MENSUAL MEDIOS TÉCNOLOGICOS Y MONITOREO 2013 REGIONAL "&BU50 -> VALOR MENSUAL MEDIOS TÉCNOLOGICOS Y MONITOREO 2013 REGIONAL RISARALDA | BW65: =+ROUND(BW62+BW64,0) -> 0 | BX65: =+"VALOR MENSUAL MEDIOS TÉCNOLOGICOS Y MONITOREO 2013 REGIONAL "&BX50 -> VALOR MENSUAL MEDIOS TÉCNOLOGICOS Y MONITOREO 2013 REGIONAL SAN ANDRES | BZ65: =+ROUND(BZ62+BZ64,0) -> 0 | CA65: =+"VALOR MENSUAL MEDIOS TÉCNOLOGICOS Y MONITOREO 2013 REGIONAL "&CA50 -> VALOR MENSUAL MEDIOS TÉCNOLOGICOS Y MONITOREO 2013 REGIONAL SANTANDER | CC65: =+ROUND(CC62+CC64,0) -> 0 | CD65: =+"VALOR MENSUAL MEDIOS TÉCNOLOGICOS Y MONITOREO 2013 REGIONAL "&CD50 -> VALOR MENSUAL MEDIOS TÉCNOLOGICOS Y MONITOREO 2013 REGIONAL SUCRE | CF65: =+ROUND(CF62+CF64,0) -> 0 | CG65: =+"VALOR MENSUAL MEDIOS TÉCNOLOGICOS Y MONITOREO 2013 REGIONAL "&CG50 -> VALOR MENSUAL MEDIOS TÉCNOLOGICOS Y MONITOREO 2013 REGIONAL TOLIMA | CI65: =+ROUND(CI62+CI64,0) -> 0 | CJ65: =+"VALOR MENSUAL MEDIOS TÉCNOLOGICOS Y MONITOREO 2013 REGIONAL "&CJ50 -> VALOR MENSUAL MEDIOS TÉCNOLOGICOS Y MONITOREO 2013 REGIONAL VALLE | CL65: =+ROUND(CL62+CL64,0) -> 0 | CM65: =+"VALOR MENSUAL MEDIOS TÉCNOLOGICOS Y MONITOREO 2013 REGIONAL "&CM50 -> VALOR MENSUAL MEDIOS TÉCNOLOGICOS Y MONITOREO 2013 REGIONAL VAUPES | CO65: =+ROUND(CO62+CO64,0) -> 0 | CP65: =+"VALOR MENSUAL MEDIOS TÉCNOLOGICOS Y MONITOREO 2013 REGIONAL "&CP50 -> VALOR MENSUAL MEDIOS TÉCNOLOGICOS Y MONITOREO 2013 REGIONAL VICHADA | CR65: =+ROUND(CR62+CR64,0) -> 0
